Cogmind - Beta 17 @@@ ROGUE MODE // 2026.06.30 @ 22:27:58 // Winter2019/RPGLIKE Player: AngelSpirit Result: Establishing 0b11! Performance ------------- Evolutions (9) 4500 Regions Visited (37) 7400 Robots Destroyed (3202) 16010 Value Destroyed (192822) 192822 Prototype IDs (407) 8140 Alien Tech Used (9) 1800 Bonus (238477) 238477 TOTAL SCORE: 469149 Bonus ------- Triggered High Security 5000 High Alert Combat Kills 130240 Follower Combat Kills 4295 Hunted by Unchained 5000 Destroyed Unchained 7000 Entered Garrisons 200 Used RIF Installer 500 Network Hubs Disabled 800 Aligned with FarCom 300 Met Zhirov 300 MAIN.C Attacked Warlord 500 Warlord Defense Kills 27400 Built Enhanced Grunts 300 A7 Reached Mainframe 300 Met R17 at Cetus 500 Hacked Protovariant 1000 Scanned by Researcher 500 Destroyed Superfortress 15000 Recovered Sigix Corpse 2000 Destroyed MAIN.C Guards 500 Met MAIN.C 5000 Destroyed MAIN.C Shell 5000 Destroyed MAIN.C 10000 Met Architect 300 Destroyed A8 300 Destroyed A6 400 Destroyed A5 500 Destroyed A4 700 Destroyed A3 800 Destroyed A2 1000 Destroyed Architect 15000 Win 3000 Friendly Fire -5158 Cogmind --------- Core Integrity 1553/2000 Matter 580/600 Energy 1482/1500 System Corruption 1% Temperature Cool (8) Movement Treading (70) Location 0b11 Command Parts ------- > --- POWER (3) -------- Singularity Reactor > --- PROPULSION (6) --- Advanced Heavy Siege Treads DW-4LL's Griptreads DW-4LL's Griptreads > --- UTILITY (9) ------ Experimental Terrain Scanner Experimental Targeting Computer Experimental Core Analyzer Mini Quantum Capacitor Femtoactuators Experimental Actuator Array Experimental Force Booster Concept Phase Shift Module AEGIS Remote Shield > --- WEAPON (5) ------- Molecular Scythe Sigix Broadsword Plasma Lance Experimental Jetlance > --- INVENTORY (9) ---- Concept Chromion Battery (800) Experimental Weapon Cycler Enhanced Gamma Rifle Concept Plasma Driver Sigix Corpse Peak State ------------ > --- POWER ------------ Singularity Reactor > --- PROPULSION ------- Advanced Heavy Siege Treads DW-4LL's Griptreads DW-4LL's Griptreads > --- UTILITY ---------- Experimental Power Amplifier Coolant Network Experimental Terrain Scanner Experimental Targeting Computer Experimental Core Analyzer Experimental Weapon Cycler Concept Phase Shift Module AEGIS Remote Shield > --- WEAPON ----------- Gatling Beam Gatling Beam Modified Sigix Sheargun Modified Sigix Sheargun Concept Plasma Driver > --- INVENTORY -------- Concept Chromion Battery Mini Quantum Capacitor High-powered Transdimensional Reconstructor Enhanced Gamma Rifle Long-range Gatling Laser Molecular Scythe Plasma Lance Experimental Jetlance [Rating: 242] Favorites ----------- Power Concept Zero-point Core Engine Ion Engine Power Core Concept Zero-point Core Reactor Vortex Chain Reactor Propulsion DW-4LL's Griptreads Treads DW-4LL's Griptreads Leg Enhanced Biometal Leg Wheel Compact Wheel Hover Unit Antigrav Array Flight Unit Improved VTOL Module Utility Experimental Core Analyzer Device Experimental Terrain Scanner Storage V4-D3R's Forcewell Processor Experimental Core Analyzer Hackware Relay Coupler [NC] Protection Improved Light Armor Plating Weapon Longsword +1 Energy Gun KN-7UR's Autopenetrator Energy Cannon EMDS Ballistic Gun DW-4LL's Slamshotty Ballistic Cannon Graviton Cannon Launcher Advanced EMP Blaster Special Weapon Advanced Remote Datajack Impact Weapon Shock Maul Slashing Weapon Longsword +1 Piercing Weapon Experimental Jetlance Special Melee Weapon Improved Datajack Build | -11 -10 -10 -10 -9 -8 -8 -8 -8 -6 -6 -6 -6 -6 -5 -5 -5 -5 -5 -5 -5 -5 -4 -4 -4 -4 -4 -4 -4 -3 -3 -3 -2 -2 -2 -1 -1 -1 ------- Run | Yrd Mat Min Exi Min Mat Sto Rec Scr Fac Ext Cet Arc Hub Fac Was Fac Gar Fac Upp Upp Zhi Pro Fac Was Fac Upp Upp War Pro Res Tes Res Qua Frg Acc Com Ac0 Slots Evolved 19 | 1 2 . . 3 2 . . . 3 1 . . . . . 1 . . . . . . . . . . . . 1 . 1 2 . . . 1 1 Power 2 | . . . . . . . . . 1 . . . . . . . . . . . . . . . . . . . . . . 1 . . . . . Propulsion 5 | . . . . 2 . . . . 1 1 . . . . . . . . . . . . . . . . . . 1 . . . . . . . . Utility 8 | . . . . 1 2 . . . 1 . . . . . . 1 . . . . . . . . . . . . . . 1 1 . . . 1 . Weapon 4 | 1 2 . . . . . . . . . . . . . . . . . . . . . . . . . . . . . . . . . . . 1 Parts Attached 400 | 4 5 1 5 4 22 17 3 38 14 4 8 4 18 2 4 5 6 24 11 2 6 1 9 . 25 . 3 16 . 16 20 26 10 31 10 12 14 Power 28 | 1 . . . . 3 2 . 2 1 1 1 . 2 . 1 . 1 2 1 . 1 . . . 2 . 1 1 . . . 1 . 3 . 1 . Engine 7 | 1 . . . . 1 1 . 1 . 1 . . 1 . . . . . . . . . . . . . 1 . . . . . . . . . . Core 6 | . . . . . 2 1 . . . . . . . . . . . 1 . . . . . . . . . . . . . . . 2 . . . Reactor 15 | . . . . . . . . 1 1 . 1 . 1 . 1 . 1 1 1 . 1 . . . 2 . . 1 . . . 1 . 1 . 1 . Propulsion 52 | 1 1 . 2 . 5 . 1 5 4 . 2 . 6 . . 3 . . 2 . 4 . . . . . . 2 . 3 4 5 1 1 . . . Treads 7 | . . . . . . . . . . . . . . . . . . . . . . . . . . . . . . . 2 3 1 1 . . . Leg 7 | . . . 1 . . . . 1 . . . . 2 . . . . . 2 . . . . . . . . . . . . 1 . . . . . Wheel 2 | 1 1 . . . . . . . . . . . . . . . . . . . . . . . . . . . . . . . . . . . . Hover 33 | . . . 1 . 2 . 1 4 4 . 2 . 4 . . 3 . . . . 4 . . . . . . 2 . 3 2 1 . . . . . Flight 3 | . . . . . 3 . . . . . . . . . . . . . . . . . . . . . . . . . . . . . . . . Utility 190 | 1 . . 1 1 8 5 . 22 6 . 4 2 8 . 2 2 5 11 7 1 1 1 6 . 15 . 2 5 . 7 7 14 4 18 9 9 6 Device 132 | 1 . . . . 3 2 . 14 3 . 1 2 8 . . 1 2 9 4 1 . 1 4 . 14 . 2 2 . 6 3 13 3 15 7 6 5 Storage 8 | . . . . . . . . 2 . . 1 . . . . . . 1 1 . . . . . . . . 1 . . 2 . . . . . . Processor 30 | . . . 1 . 2 2 . 4 . . . . . . 2 . 3 1 . . . . 2 . . . . 2 . . 1 1 . 3 2 3 1 Hackware 10 | . . . . 1 2 1 . . 2 . . . . . . 1 . . . . . . . . . . . . . 1 1 . 1 . . . . Protection 10 | . . . . . 1 . . 2 1 . 2 . . . . . . . 2 . 1 . . . 1 . . . . . . . . . . . . Artifact . | . . . . . . . . . . . . . . . . . . . . . . . . . . . . . . . . . . . . . . Weapon 130 | 1 4 1 2 3 6 10 2 9 3 3 1 2 2 2 1 . . 11 1 1 . . 3 . 8 . . 8 . 6 9 6 5 9 1 2 8 Energy Gun 33 | 1 1 1 . . 2 4 2 . 1 1 1 . . . . . . 3 . 1 . . . . 2 . . 1 . . 2 . . 2 . 1 7 Energy Cannon 15 | . . . . . . 1 . 1 1 1 . . 1 . . . . 1 . . . . . . 1 . . 1 . . 4 1 1 1 . . . Ballistic Gun 22 | . 2 . 1 2 . 1 . 5 . . . 2 1 . . . . 2 . . . . . . 1 . . 1 . . 1 2 . 1 . . . Ballistic Cannon 5 | . . . . . . . . . . . . . . . . . . 1 . . . . . . 3 . . . . 1 . . . . . . . Launcher 18 | . 1 . . . 1 2 . 1 1 . . . . 1 1 . . 3 . . . . . . 1 . . . . 2 . 2 . 2 . . . Special Weapon 17 | . . . . . . . . 1 . 1 . . . 1 . . . 1 . . . . 3 . . . . 5 . 2 1 . 2 . . . . Impact Weapon 4 | . . . . . 1 1 . . . . . . . . . . . . . . . . . . . . . . . . 1 . 1 . . . . Slashing Weapon 10 | . . . 1 1 2 . . . . . . . . . . . . . 1 . . . . . . . . . . . . 1 1 1 1 . 1 Piercing Weapon 4 | . . . . . . . . . . . . . . . . . . . . . . . . . . . . . . 1 . . . 2 . 1 . Special Melee Weapon 2 | . . . . . . 1 . 1 . . . . . . . . . . . . . . . . . . . . . . . . . . . . . Unidentified Prototypes 139 | . . . 3 . 5 8 1 6 4 . 5 1 6 1 1 1 5 9 6 . 5 . . . 10 . . 7 . 6 10 7 6 16 3 2 5 Corrupted Parts 12 | . . . . . . . . 6 . . . 2 1 . . . . . . . . . . . 1 . . . . . . . . 1 . 1 . System Corruption 68 | . . . . . . . . 33 . . . 13 4 . . . . . . . . . . . 6 . . . . . . . . 9 . 3 . Parts Lost 24 | . . . 2 . 1 . . 5 . . . . 7 . . . . 1 . . . . . . 2 1 . 1 . 2 2 . . . . . . Power 2 | . . . . . . . . . . . . . 2 . . . . . . . . . . . . . . . . . . . . . . . . Propulsion 2 | . . . . . . . . 1 . . . . 1 . . . . . . . . . . . . . . . . . . . . . . . . Utility 6 | . . . . . . . . 2 . . . . 1 . . . . 1 . . . . . . 1 . . . . . 1 . . . . . . Weapon 14 | . . . 2 . 1 . . 2 . . . . 3 . . . . . . . . . . . 1 1 . 1 . 2 1 . . . . . . Highest Loss Streak 4 | . . . 1 . 1 . . 2 . . . . 4 . . . . 1 . . . . . . 2 1 . 1 . 1 1 . . . . . . To Critical Strikes 2 | . . . 2 . . . . . . . . . . . . . . . . . . . . . . . . . . . . . . . . . . Average Backups 7 | . 1 2 2 2 3 3 2 4 5 6 7 7 7 6 7 8 7 7 7 8 8 7 7 7 7 8 9 8 9 8 8 8 8 8 8 7 6 Power . | . . . . 1 . . . . 1 1 1 1 1 1 1 1 1 1 . . . . . . . . . . . . . . . . . . . Propulsion . | . . . . . . . . . . . . . . . . . . . . . . . . . . . . . . . . . . . . . . Utility 3 | . . 1 . . 1 1 1 2 2 2 2 2 2 3 4 4 3 4 3 5 5 4 5 5 5 4 5 5 6 6 4 4 4 4 6 5 2 Weapon 1 | . . 1 . . 1 1 1 . 1 2 2 2 1 1 . 2 2 1 2 2 2 2 1 1 1 2 2 1 2 1 1 1 1 2 1 1 2 Tool/Special . | . . . . . . . . . . . . . . . . . . . . . . . . . . . . . . . . . . . . . . Unused Backups 42 | . 1 . 7 1 1 1 1 3 3 . 1 1 1 . . . 1 2 2 . . . 2 . 1 . 1 . . 2 . 2 . 4 . . 4 Power 5 | . . . 3 . 1 . . . . . . 1 . . . . . . . . . . . . . . . . . . . . . . . . . Propulsion 3 | . . . 1 . . . . . . . . . . . . . . . 2 . . . . . . . . . . . . . . . . . . Utility 20 | . 1 . 3 . . . 1 1 1 . 1 . . . . . 1 2 . . . . 1 . 1 . 1 . . 1 . 1 . 1 . . 3 Weapon 8 | . . . . . . . . 2 . . . . . . . . . . . . . . . . . . . . . 1 . 1 . 3 . . 1 Tool/Special 6 | . . . . 1 . 1 . . 2 . . . 1 . . . . . . . . . 1 . . . . . . . . . . . . . . Average Slot Usage (%) 83 | . 87 93 84 66 81 89 95 86 94 95 90 85 83 92 91 87 88 87 87 88 86 88 87 88 87 87 88 82 74 80 79 74 75 77 84 84 74 Engine 1 | . 16 14 14 1 . . . 1 . 5 4 . 3 5 3 . . . . . . . . . . . . . . . . . . . . . . Core 2 | . . . . . 7 7 8 1 . . . . . . . . . . . . . . . . . . . . . . . . . 4 9 8 . Reactor 6 | . . . . . . . . 4 6 6 7 12 7 6 8 11 11 11 11 11 10 11 11 11 11 11 11 7 5 5 5 9 9 6 4 4 4 Treads 4 | . . . . . . . . . . . . . . . . . . . . . . . . . . . . . . . . 13 14 13 14 13 13 Hover 13 | . . . 1 10 12 16 20 24 24 25 22 18 15 25 25 23 23 23 22 23 23 23 23 23 23 22 23 23 22 26 22 . . . . . . Device 19 | . 16 14 7 . 2 7 8 8 15 18 17 17 17 17 13 11 14 15 18 23 22 23 22 23 22 23 23 22 22 21 21 25 27 27 26 29 27 Processor 11 | . . . 6 10 10 12 16 18 14 12 12 12 12 12 16 17 16 17 14 11 11 11 11 11 11 11 11 11 11 11 10 9 5 4 10 9 8 Hackware 1 | . . . . 9 7 9 8 . . . . . . . . 4 2 . . . . . . . . . . . . . 2 . 2 3 . . . Energy Gun 2 | . 16 22 8 . . 6 10 8 7 7 6 6 3 . . . . . . . . . . . . 4 5 1 . . . . . . . . 11 Energy Cannon 3 | . . . . . . . . . . . . . 1 . . 5 5 4 4 5 4 5 5 5 5 5 5 4 5 4 9 9 6 3 4 3 1 Ballistic Gun 3 | . 18 28 20 20 6 . . 2 11 . . 9 7 17 11 4 5 1 . . . . . . . . . . . . . 1 2 . 4 2 . Launcher 1 | . . . . . . 2 5 4 3 12 12 . 3 . 4 . . 1 . . . . . . . . . 1 1 . . . 1 . 3 2 . Slashing Weapon 4 | . . . 12 12 19 14 8 7 7 4 6 6 5 5 6 5 5 5 7 11 11 10 10 11 6 . . . . . . . 2 3 . 1 2 Peak Build Rating 242 | 4 8 8 36 42 56 53 55 88 100 96 118 125 130 116 122 130 146 144 154 150 157 156 159 160 160 156 155 164 158 172 187 204 204 238 232 236 242 Average Rating 146 | 2 5 7 21 38 46 47 49 63 91 94 103 121 115 114 113 126 138 138 142 149 149 155 155 159 155 154 154 156 157 167 170 194 198 216 225 226 229 On Entrance 122 | . 4 7 8 34 42 43 48 55 88 91 96 118 125 115 115 122 130 144 140 150 150 156 156 158 160 156 155 155 154 158 171 160 204 200 236 223 218 Avg Prop Armor Cover (%) 7 | . . . . . 3 . . . . . . . 5 . . . . . . . 3 . . . . . . 4 . . . 6 5 4 8 9 8 Naked Turns . | . . . . . . . . . . . . . . . . . . . . . . . . . . . . . . . . . . . . . . Heaviest Build 126 | 8 11 13 18 18 21 24 22 44 46 52 49 49 66 56 66 60 60 66 64 56 59 66 58 57 72 72 72 75 74 86 92 112 114 114 111 118 126 Greatest Support 230 | 10 16 16 30 16 28 28 36 40 55 55 78 78 78 63 63 65 65 65 65 77 73 73 89 73 89 89 73 95 77 88 150 150 150 230 230 230 230 Greatest Overweight (x) 2 | 2 . . 1 1 1 . . 1 1 . . . 1 . 1 . . 1 . . . . . . . . . . . 1 1 . . 1 . . . Average Overweight (x) . | . . . . . . . . . . . . . . . . . . . . . . . . . . . . . . . . . . . . . . Largest Inventory Capacity 9 | 4 4 4 4 4 5 5 5 5 8 8 8 8 8 8 8 8 8 8 8 8 8 8 8 8 9 9 9 9 9 9 9 9 9 9 9 9 9 Average Capacity 7 | 2 4 4 4 4 4 5 5 5 6 8 8 8 8 8 8 8 8 8 8 8 8 8 8 8 8 9 9 9 9 9 9 9 9 9 9 9 9 Most Carried 9 | . 4 3 4 4 5 5 5 5 7 8 8 8 8 8 8 8 8 8 8 8 8 8 8 8 9 9 9 9 9 9 9 9 9 9 9 9 9 Average Carried 7 | . 2 2 2 3 4 4 4 4 6 7 7 7 7 7 7 8 7 7 7 8 7 7 7 7 8 8 8 8 9 8 8 8 8 8 8 8 7 Final Capacity 9 | 4 4 4 4 4 5 5 5 5 8 8 8 8 8 8 8 8 8 8 8 8 8 8 8 8 9 9 9 9 9 9 9 9 9 9 9 9 9 Final Carried 9 | . 2 3 4 4 5 5 5 5 7 7 8 8 7 8 8 8 8 8 8 8 8 8 7 8 9 9 9 9 9 9 9 9 9 9 8 8 5 Class Distribution -------------------- 33% | Scavenger-Scout 15% | Hacker-Scout 11% | Scavenger-Assassin 8% | Hauler-Gladiator 5% | Scavenger-Gladiator 4% | Scavenger-Skirmisher 3% | Scavenger-Tank 3% | Scavenger-Gunner 3% | Mutant Dominant Class ---------------- Mutant | -10/Materials Scavenger-Gunner | -10/Mines Mutant | -10/Exiles Mutant | -9/Mines Hacker-Gladiator | -8/Materials Hacker-Scout | -8/Storage Hacker-Scout | -8/Recycling Hacker-Scout | -8/Scraptown Scavenger-Scout | -6/Factory Commander-Scout | -6/Extension Hacker-Scout | -6/Cetus Scavenger-Scout | -6/Archives Scavenger-Scout | -6/Hub_04(d) Scavenger-Scout | -5/Factory Scavenger-Scout | -5/Waste Hacker-Scout | -5/Factory Scavenger-Scout | -5/Garrison Scavenger-Scout | -5/Factory Scavenger-Scout | -5/Upper Caves Hacker-Scout | -5/Upper Caves Scavenger-Scout | -5/Zhirov Hacker-Scout | -4/Proximity Caves Hacker-Scout | -4/Factory Scavenger-Scout | -4/Waste Scavenger-Scout | -4/Factory Scavenger-Scout | -4/Upper Caves Scavenger-Scout | -4/Upper Caves Scavenger-Scout | -4/Warlord Scavenger-Scout | -3/Proximity Caves Scavenger-Scout | -3/Research Scavenger-Scout | -3/Testing Scavenger-Skirmisher | -2/Research Hauler-Gladiator | -2/Quarantine Hauler-Gladiator | -2/Protoforge Scavenger-Assassin | -1/Access Scavenger-Assassin | -1/Command Scavenger-Gladiator | -1/Access_0 Resources | -11 -10 -10 -10 -9 -8 -8 -8 -8 -6 -6 -6 -6 -6 -5 -5 -5 -5 -5 -5 -5 -5 -4 -4 -4 -4 -4 -4 -4 -3 -3 -3 -2 -2 -2 -1 -1 -1 ----------- Run | Yrd Mat Min Exi Min Mat Sto Rec Scr Fac Ext Cet Arc Hub Fac Was Fac Gar Fac Upp Upp Zhi Pro Fac Was Fac Upp Upp War Pro Res Tes Res Qua Frg Acc Com Ac0 Matter Collected 58319 | 230 203 18 386 267 1272 363 38 12647 541 265 160 80 2114 135 472 458 228 4421 1236 448 212 673 1183 20 4178 618 331 4366 794 1242 2164 614 1101 3271 6139 4884 547 Remotely 6109 | . . . . . . . . . . . . . . . . . . . . . . . . . . . . . . . . . . 357 3145 2607 . Salvage Created 169007 | 139 1065 56 440 358 2833 1249 401 6003 3343 7575 766 545 8439 196 1973 1347 132 13797 1814 880 346 2026 2676 109 9852 902 1131 14126 1507 2450 10263 8588 8307 15591 13383 19815 4584 Parts 7116 | 10 68 2 55 35 175 86 17 365 146 272 41 32 380 11 24 81 23 474 74 29 7 66 109 7 316 45 24 711 51 81 425 290 333 597 623 797 234 Haulers Intercepted 49 | . 2 . . . 5 6 . . 3 . . . 3 . . 3 . 9 . . . . 2 . 4 . 1 . . 4 2 2 . . 3 . . Recyclers Shooed 13 | . . . . . 1 . . . . . . . . . . . . 6 . . . . . . 1 . . . . 1 . 1 . . 2 1 . Parts Field Recycled . | . . . . . . . . . . . . . . . . . . . . . . . . . . . . . . . . . . . . . . Retrieved Matter . | . . . . . . . . . . . . . . . . . . . . . . . . . . . . . . . . . . . . . . Parts Self-Destructed 77 | . . . . . . . . . . . . . . . . . . . 14 7 2 24 . . . 12 8 . 10 . . . . . . . . Prevented 168 | . . . . . . . . . . . . . . . . . . . 22 21 . 41 . . . 21 16 . 47 . . . . . . . . Parts Restored 6 | . . . . . . . . . 2 . . . . . . . . . . . . . . . . . . . . . . . . 4 . . . Broken 2 | . . . . . . . . . 2 . . . . . . . . . . . . . . . . . . . . . . . . . . . . Faulty 4 | . . . . . . . . . . . . . . . . . . . . . . . . . . . . . . . . . . 4 . . . Kills | -11 -10 -10 -10 -9 -8 -8 -8 -8 -6 -6 -6 -6 -6 -5 -5 -5 -5 -5 -5 -5 -5 -4 -4 -4 -4 -4 -4 -4 -3 -3 -3 -2 -2 -2 -1 -1 -1 ------- Run | Yrd Mat Min Exi Min Mat Sto Rec Scr Fac Ext Cet Arc Hub Fac Was Fac Gar Fac Upp Upp Zhi Pro Fac Was Fac Upp Upp War Pro Res Tes Res Qua Frg Acc Com Ac0 Combat Hostiles Destroyed 2972 | . 23 3 7 14 50 24 3 99 47 142 8 2 139 . 6 22 1 197 36 16 . 32 23 . 151 20 10 258 27 23 149 155 127 266 330 517 45 Melee 155 | . . . 1 . 14 19 3 1 3 5 . . 2 . . 5 1 13 2 . . 3 11 . 10 . . 1 . . 1 1 8 31 2 3 15 Guns 209 | . 20 3 2 11 30 . . 21 7 54 1 1 39 . 2 2 . 1 . . . . . . . . . 2 . . . . . 1 . . 12 Cannons 835 | . . . . . . . . . . . . . 17 . . 8 . 82 26 12 . 17 5 . 57 14 4 61 11 12 59 76 14 79 110 167 4 AOE 1105 | . 3 . 4 3 6 3 . 67 20 63 . . 47 . 4 . . 48 . . . 1 . . 31 . . 67 2 . 49 72 48 76 184 307 . Classes Destroyed 49 | 2 7 . 3 1 4 2 . 7 4 2 . . . . 1 . 2 . . 1 . 1 . . 1 2 . 3 . . 2 . 1 2 1 . . Worker 93 | . 1 . . . 3 7 . . 5 . . . 6 2 . 5 . 12 . . . . 4 . 13 . . . . 1 15 . . 4 12 3 . Builder 55 | . 1 . . . 4 4 1 . . . . . 1 1 . . . 4 . . . . . . 5 . . . . 1 11 1 . 6 15 . . Tunneler 11 | 3 . . . 2 1 . . . . . . . . . . 1 . 1 . . . . . . 3 . . . . . . . . . . . . Hauler 49 | . 2 . . . 5 6 . . 3 . . . 3 . . 3 . 9 . . . . 2 . 4 . 1 . . 4 2 2 . . 3 . . Recycler 39 | 1 3 . . . 1 4 2 . . . . . 1 1 . . . 8 . . . . 1 . 2 . . . . . 4 1 . . 8 2 . Carrier 8 | . . . . . . . . . . . . . . . . . . . . . . . . . 2 . . . . . . . . 1 3 2 . Minesweeper 5 | . . . . . . . . . . . . . . . . . . . . 1 . 2 . . . 1 1 . . . . . . . . . . Mechanic 87 | . . . . . . 1 . . 2 7 . . 7 . . 1 . 2 . . . . . . 3 . . 3 . . 4 9 5 14 21 8 . Operator 36 | . 2 . . . 1 2 . . 3 . . 9 1 . . . . 3 . . . . 3 . 4 . . . . 3 1 . 2 . . 2 . Drone 17 | . . . . . . . . . . . . . . . . . . . . . . 1 . . 10 . . . . . . . . 6 . . . Turret 19 | . . . 1 . . . . 1 . . . . . . . . . . . . . . 17 . . . . . . . . . . . . . . Watcher 82 | . 3 . . . 4 . . . 6 2 2 . 3 1 . 3 . 7 . . . . 7 . 9 . . . . 3 2 4 2 1 10 13 . Swarmer 171 | . 6 3 . 9 3 4 . . 1 2 . . . . . 8 . 14 1 5 . 7 . . 8 1 . 22 7 . 7 . 5 . 22 36 . Cutter 21 | . . . . . 7 . . . . . . . . . . . 1 . . . . . . . 1 . . . . . . . . . . 12 . Saboteur 117 | . . . . . . . . . 3 3 . . 7 . . . . 6 . . . 1 . . 3 . . 14 . . 7 10 9 12 21 21 . Grunt 1082 | . 17 . . 3 27 13 . . 22 33 . . 41 . . 6 . 114 25 10 . 12 4 . 53 10 9 93 13 14 69 60 70 121 96 147 . Brawler 160 | . . . . . 1 . . . 4 1 . . 9 . . 1 . 5 2 . . 3 . . 11 2 . 9 2 . 17 13 12 18 16 34 . Duelist 159 | . . . . 2 2 . . . 6 5 . . 6 . . . . 13 2 . . 3 1 . 7 . . 5 2 . 10 6 14 30 17 28 . Protector 121 | . . . . . . . . . 2 7 . . 11 . . . . 9 . . . . . . 9 . . 12 1 . 4 5 8 11 15 27 . Researcher 14 | . . . . . . . . . . . . . . . . . . . . . . . . . . . . . . . 8 . . 6 . . . Sentry 136 | . . . . . 9 6 3 . 1 15 . 2 8 . . 4 . 9 2 1 . 2 9 . 16 1 1 . 2 4 . 9 . 10 19 3 . Demolisher 31 | . . . . . . 1 . . . 13 . . . . . . . . . . . . . . . . . 4 . . . . . . 1 12 . Specialist 75 | . . . . . . . . . . 18 . . . . . . . . . . . . . . 6 . . 6 . . 3 . . 6 4 32 . Hunter 208 | . . . . . 1 . . 1 7 29 . . 31 . . 3 . 12 . . . 2 . . 12 . . 16 . 3 6 16 . 8 11 50 . Programmer 266 | . . . . . . . . . 1 15 . . 18 . . . . 15 2 . . . 8 . 14 2 . 7 . . 23 26 6 22 39 68 . Heavy 6 | . . . . . . . . . . . . . . . . . . . . . . . . . . . . . . . . . . . 3 3 . Q-Series 2 | . . . . . . . . . . . . . . . . . . . . . . . . . . . . . . . . . . 2 . . . Behemoth 16 | . . . . . . . . . . 1 . . 1 . . . . . 1 . . 1 . . . . . 1 . . . 2 . . 6 3 . Compactor 6 | . . . . . . . . . . . . . . . 6 . . . . . . . . . . . . . . . . . . . . . . Cetus Guard 8 | . . . . . . . . . . . 8 . . . . . . . . . . . . . . . . . . . . . . . . . . S7 Guard 1 | . . . . . . . . . . . . . . . . . . . . . . . . . . . . . . . . . 1 . . . . M Guard 2 | . . . . . . . . . . . . . . . . . . . . . . . . . . . . . . . . . . . . 2 . Enhanced Grunt 28 | . . . . . . . . . . . . . . . . . . . . . . . . . . . . . . . . . . . . . 28 Enhanced Sentry 2 | . . . . . . . . . . . . . . . . . . . . . . . . . . . . . . . . . . . . . 2 Enhanced Hunter 8 | . . . . . . . . . . . . . . . . . . . . . . . . . . . . . . . . . . . . . 8 Lightning 7 | . . . . . . . . . . . . . 7 . . . . . . . . . . . . . . . . . . . . . . . . Hotshot 2 | . . . . . . . . . . . . . . . . . . . . . . . . . . . . . . . . . . 2 . . . Decapitator 9 | . . . . . . . . . . . . . . . . . . . . . . . . . . . . . . . . . . 9 . . . Immortal 3 | . . . . . . . . . . . . . . . . . . . . . . . . . . . . . . . . . . 3 . . . Combat Programmer 2 | . . . . . . . . . . . . . . . . . . . . . . . . . . . . . . . . . . . . 2 . Investigator 7 | . . . . . . . . . . . . . . . . . . . . . . . . . . . . . . . 1 2 . . 2 2 . Striker 59 | . . . . . . . . . . . . . . . . . 1 . . . . . . . . . . 11 . 1 . 4 . . 28 14 . Executioner 66 | . . . . . . . . . . . . . . . . . 1 . . . . . . . . . . 9 . 1 . 3 . 1 32 19 . Alpha 7 5 | . . . . . . . . . . . . . . . . . . . . . . . . . . . . . . . 1 . . 2 . 2 . Fortress 1 | . . . . . . . . . . . . . . . . . . . . . . . . . . . . . . . . . 1 . . . . V-Series 3 | . . . . . . . . . . . . . . . . . . . . . . . . . . . . . . . . . . 3 . . . Bolteater 6 | . . . . . . . . 6 . . . . . . . . . . . . . . . . . . . . . . . . . . . . . Federalist 13 | . . . . . . . . 13 . . . . . . . . . . . . . . . . . . . . . . . . . . . . . Explorer 8 | . . . . . . . . 8 . . . . . . . . . . . . . . . . . . . . . . . . . . . . . Ranger 8 | . . . . . . . . 8 . . . . . . . . . . . . . . . . . . . . . . . . . . . . . Guru 9 | . . . . . . . . 9 . . . . . . . . . . . . . . . . . . . . . . . . . . . . . Scrapper 32 | . . . . . . . . 32 . . . . . . . . . . . . . . . . . . . . . . . . . . . . . Elite 19 | . . . . . . . . 19 . . . . . . . . . . . . . . . . . . . . . . . . . . . . . Scrapoid 3 | . . . . . . . . . 2 1 . . . . . . . . . . . . . . . . . . . . . . . . . . . Zionite 9 | . . . 8 . . . . 1 . . . . . . . . . . . . . . . . . . . . . . . . . . . . . Decomposer 7 | . . . . . . . . . . . . . . . . . . . 2 2 . . . . . 3 . . . . . . . . . . . Tinkerer 1 | . . . . . . . . . . . . . . . . . . . . . . . . . . . . 1 . . . . . . . . . Master Thief 1 | . . . . . . . . . . . . . . . . . . . . . . . . . . 1 . . . . . . . . . . . Assembled 6 | . . . 6 . . . . . . . . . . . . . . . . . . . . . . . . . . . . . . . . . . Surgeon 2 | . . . . . . . . . . . . . . . . . . . . . . . . . . . . 2 . . . . . . . . . Wasp 2 | . . . . . . . . . . . . . . . . . . . . . . . . . . . . 2 . . . . . . . . . Thug 18 | . . . . . . . . 1 . . . . . . . . . . . . . . . . 1 1 . 15 . . . . . . . . . Savage 4 | . . . . . . . . . . 1 . . . . 2 . . . . . . . . . . . . 1 . . . . . . . . . Butcher 9 | . . . . . . . . . . . . . . . . . . . . . . . . . . . . 9 . . . . . . . . . Bouncer 7 | . . . . . . . . . . . . . . . . . . . . . . . . . . . . 7 . . . . . . . . . Martyr 4 | . . . . . . . . . . . . . . . 2 . . . . . . . . 2 . . . . . . . . . . . . . Marauder 2 | . . . . . . . . . . . . . . . . . . . . . . . . . . . . 2 . . . . . . . . . Fireman 2 | . . . . . . . . . . . . . . . . . . . . . . . . . . 2 . . . . . . . . . . . Mutant 8 | . . . . . . . . . . . . . . . . . . . . . . . . . . . . 8 . . . . . . . . . Commander 2 | . . . . . . . . . . . . . . . . . . . . . . . . . . . . 2 . . . . . . . . . Knight 2 | . . . . . . . . . . . . . . . . . . . . . . . . . . . . 2 . . . . . . . . . Best Kill Streak 116 | 3 4 3 5 3 11 8 2 30 15 55 60 7 31 2 5 10 1 51 10 12 2 9 11 . 24 7 7 89 22 11 22 28 42 32 116 58 6 Combat Bots Only 87 | . 4 3 5 3 8 4 2 30 14 52 56 2 29 . 5 9 1 50 10 12 . 9 7 . 17 7 5 87 22 9 15 27 40 28 59 58 6 Max Kills in Single Turn 21 | 1 2 1 2 2 2 3 1 5 3 19 1 1 4 1 1 2 1 6 2 1 1 1 2 1 4 2 2 6 1 1 6 5 6 7 7 21 1 Gunslinging 1 | . . . . 1 . . . . . . . . 1 . . . . . . . . . . . . . . . . . . . . . . . . Exploded 21 | . 1 . 2 2 2 3 . 5 3 15 . . 4 . 1 . . 6 . . . 1 . . 3 . . 6 1 . 5 5 4 6 7 21 . Melee 1 | . . . 1 . 1 1 1 1 1 1 . . 1 . . 1 1 1 1 . . 1 1 . 1 . . 1 . . 1 1 1 1 1 1 1 Uniques/NPCs Destroyed 28 | . . . 4 . . . . 2 . . 1 . . . . . . . 1 . 3 . 1 . 1 . . 1 . . 2 1 1 1 . 2 7 8R-AWN (-10/Exiles) EX-DEC (-10/Exiles) EX-BIN (-10/Exiles) EX-HEX (-10/Exiles) Triborg (-8/Scraptown) Optimus (-8/Scraptown) A7 (-6/Cetus) V4-D3R (-5/Upper Caves) Svarog (-5/Zhirov) Zhirov (-5/Zhirov) Perun (-5/Zhirov) GL-D0S (-4/Factory) QV-33N (-4/Factory) Warlord (-4/Warlord) 1B-0RG (-3/Testing) DW-4LL (-3/Testing) 6S-H0T (-2/Research) BL-1NK (-2/Quarantine) Superfortress (-2/Protoforge) MAIN.C Shell (-1/Command) MAIN.C (-1/Command) A8 (-1/Access_0) A6 (-1/Access_0) A5 (-1/Access_0) A2 (-1/Access_0) Architect (-1/Access_0) A4 (-1/Access_0) A3 (-1/Access_0) Combat | -11 -10 -10 -10 -9 -8 -8 -8 -8 -6 -6 -6 -6 -6 -5 -5 -5 -5 -5 -5 -5 -5 -4 -4 -4 -4 -4 -4 -4 -3 -3 -3 -2 -2 -2 -1 -1 -1 -------- Run | Yrd Mat Min Exi Min Mat Sto Rec Scr Fac Ext Cet Arc Hub Fac Was Fac Gar Fac Upp Upp Zhi Pro Fac Was Fac Upp Upp War Pro Res Tes Res Qua Frg Acc Com Ac0 Hostile Shots Fired 8105 | . 77 7 77 19 175 60 7 306 77 312 17 5 492 8 . 35 . 367 65 32 23 47 72 1 416 45 16 922 40 37 598 357 249 1083 720 734 607 Missed 4645 | . 19 4 21 5 65 16 4 151 41 175 9 4 260 2 . 24 . 224 52 25 4 31 57 . 306 24 11 725 30 26 419 169 82 542 403 405 310 Intercepted 12 | . . . . . . . . . . . . . . . . . . . . . . . . . . . . . . . . . . . . 12 . Deflected 11 | . . . . . . . . . . . . . . . . . . . . . . 2 . . 9 . . . . . . . . . . . . Hits 3460 | . 58 3 56 14 110 44 3 155 36 137 8 1 232 6 . 11 . 143 13 7 19 16 15 1 110 21 5 197 10 11 179 188 167 541 317 329 297 Melee 99 | . . . 4 3 9 . . 18 . . . . 5 . . . . 11 2 . . . . 1 1 2 . 2 . . 7 2 . 19 1 9 3 Projectile 3361 | . 58 3 52 11 101 44 3 137 36 137 8 1 227 6 . 11 . 132 11 7 19 16 15 . 109 19 5 195 10 11 172 186 167 522 316 320 294 AOE 31 | . . . . . 2 2 . . . 6 . . 1 . . . 1 . . . . . . . 3 . . 2 . . . 1 . 2 . 11 . Critical Strikes 245 | . 1 . 17 1 12 1 . 6 1 6 1 . 14 1 . . . 7 . . . 1 4 1 11 2 . 15 . 1 10 7 6 72 15 15 17 Actively Blocked 18 | . . . . . . . . . . . . . . . . . . . . . . . . . 2 2 . 14 . . . . . . . . . Part Disruptions 28 | . . . . . . . . 1 . 2 . . 1 . . . . . . . 1 . . . 1 1 . 6 . . . 1 1 4 1 5 3 Damage Taken 53163 | . 612 21 1114 210 1834 527 59 2469 678 1754 113 17 5052 153 . 163 27 2974 368 125 880 229 364 30 2324 427 94 4127 211 216 2928 2866 2609 5565 3420 3938 4665 Core 42167 | . 513 15 915 171 1523 409 52 2014 521 1410 86 13 4057 127 . 129 21 2442 295 97 692 183 293 24 1784 337 74 3303 164 168 2288 2228 2041 4248 2679 3090 3761 Absorbed by Shields 18311 | . . . . . 117 196 20 155 . 426 85 . . . . . . . . . . . . . . . . . . . . 434 997 4450 3577 3547 4307 Reduced by Siege Mode 156 | . . . . . . . . . . . . . . . . . . . . . . . . . . . . . . . . 16 18 43 3 59 17 Redirected to Core 36620 | . 317 15 578 128 1073 293 23 1484 505 1155 86 13 3467 97 . 107 21 1870 267 97 657 152 251 24 1586 317 74 2917 164 168 2168 2133 1920 4145 2345 2822 3181 Ignored by Resistances 17582 | . . . . . 91 44 11 297 77 202 36 4 476 22 . 29 . 689 18 26 129 45 134 6 273 28 17 697 37 46 1232 1143 1029 4652 2143 3076 873 Regen/Repaired (Parts) 880 | . . . . . . . . . . . 1 . . . 150 . . . . . . . . . . . . . . . . . 180 549 . . . Core Remaining (%) 80 | 100 . . . 50 . . . 54 . . . . 76 . . . . . . . . 100 . . . . . . 100 . 94 . . 72 . . 77 Volleys Fired 5211 | 14 107 4 40 22 137 5 3 129 58 120 14 7 232 14 18 37 23 371 74 35 2 60 90 . 297 54 23 405 66 96 419 261 168 396 506 765 139 Largest 5 | 1 3 3 3 3 2 1 2 3 3 2 2 2 3 3 2 1 1 3 1 1 1 1 1 . 1 2 1 4 1 1 2 1 2 1 1 2 5 Hottest 540 | 50 105 105 105 73 53 45 95 156 196 156 240 120 192 105 80 80 70 160 70 70 70 80 70 . 80 128 70 298 80 70 200 200 200 140 140 200 540 Shots Fired 5858 | 14 198 12 51 42 151 6 5 179 86 140 19 8 390 18 22 37 24 408 74 36 2 61 93 . 301 55 23 430 66 96 426 262 172 379 508 768 296 Gun 1389 | 14 194 12 36 40 144 5 5 40 54 101 10 6 219 17 8 5 20 38 . . . . . . . . . 14 . . . 1 15 19 5 118 249 Cannon 3486 | . . . . . . . . . . 2 . . 50 . . 31 4 329 74 36 2 60 91 . 267 55 23 319 62 96 399 261 96 275 365 542 47 Launcher 939 | . 4 . 15 2 7 1 . 138 32 36 9 2 121 . 14 1 . 40 . . . 1 . . 34 . . 80 4 . 19 . 58 75 138 108 . Special 44 | . . . . . . . . 1 . 1 . . . 1 . . . 1 . . . . 2 . . . . 17 . . 8 . 3 10 . . . Kinetic 736 | . 93 8 26 40 144 . . . 26 . . . 119 17 8 5 20 141 8 . . . . . 13 10 . 30 1 24 3 . . . . . . Thermal 2429 | 14 101 4 10 . . . . 40 28 97 10 6 100 . . . . . . . . . . . . . . 14 . . 279 261 96 275 365 542 187 Explosive 362 | . 4 . 15 2 7 1 . . . . . . . . 14 . . . . . . . . . 24 . . 19 . . . . . 30 138 108 . Electromagnetic 2176 | . . . . . . 5 5 138 32 42 9 2 171 . . 32 4 266 66 36 2 61 91 . 264 45 23 366 65 72 136 . 58 45 . 106 34 Impact 52 | . . . . . . . . . . . . . . . . . . . . . . . . . . . . . . . . 1 15 19 5 12 . Slashing 75 | . . . . . . . . . . . . . . . . . . . . . . . . . . . . . . . . . . . . . 75 Robot Hit Streak 98 | 3 16 4 10 5 19 16 5 17 20 43 29 12 24 7 16 11 5 48 21 11 6 18 16 . 32 17 13 39 26 32 42 79 43 52 98 46 36 Robot Miss Streak 7 | 3 6 1 2 2 3 3 1 3 6 3 1 2 7 . . 2 1 3 2 2 . 5 1 . 5 1 1 3 2 2 2 3 4 2 2 3 2 Penetration Max 2 | . . . 1 2 2 . . 2 1 2 . . 2 . . 1 1 1 1 1 . 1 1 . 1 1 1 1 1 1 1 . . 1 1 1 1 Secondary Targets 19 | . 2 1 . 2 . . . . 1 . . . 8 . . . . . . . . . . . . . . . . . . . . . . . 5 Max Gunslinging Chain 2 | . 1 1 . 1 . . . . 1 . . . 2 . . . . . . . . . . . . . . . . . . . . . . . 1 Capacitor 1296 | . . . . . . . . . . . . . . . . . . . . . . . . . . . . . . . . . . 216 360 643 77 Shots Hit Robots 5254 | 7 120 5 77 28 150 102 15 133 78 122 13 23 286 10 20 49 23 344 87 26 13 49 88 2 324 37 21 299 53 52 313 199 132 467 451 641 395 Core Hits 6770 | 5 60 3 38 20 89 37 5 212 132 491 28 21 416 4 13 25 12 449 50 18 8 30 47 2 321 28 13 660 28 33 343 194 447 662 621 967 238 Critical Kills 168 | . 2 . 4 2 25 . . . 1 . . . 4 . 1 1 2 16 2 . . . . . . . . . . . 6 3 1 24 33 38 3 Critical Parts Destroyed 106 | . 1 . 7 5 39 1 . . . . . . 11 1 . 1 2 30 4 . . . . . . . . . . . . . 2 . . 2 . Critical Strikes 722 | 1 8 . 15 7 66 9 2 . 2 3 . 1 27 1 3 9 5 98 17 8 1 13 20 . 57 5 2 51 10 14 23 3 3 71 43 51 73 Burn 13 | 1 5 . 1 . . . . . . . . . . . . . . . . . . . . . . . . . . . . . . . . . 6 Meltdown 107 | . . . . . . . . . . . . . . . . . . . . . . . . . . . . . . . 6 3 1 23 33 38 3 Destroy 169 | . 3 . 11 7 63 . . . 1 . . . 15 1 2 2 5 48 6 . . . . . . . . . . . . . 2 1 . 2 . Blast 2 | . . . . . . . . . . . . . . . . . . . . . . . . . . . . 2 . . . . . . . . . Corrupt 248 | . . . . . . . . . . . . . 12 . . 6 . 39 9 8 1 12 16 . 48 5 2 49 10 14 17 . . . . . . Smash 2 | . . . . . 1 1 . . . . . . . . . . . . . . . . . . . . . . . . . . . . . . . Sever 60 | . . . 3 . 2 8 2 . 1 3 . 1 . . 1 1 . 11 2 . . . 4 . 8 . . . . . . . . 5 . . 8 Impale 119 | . . . . . . . . . . . . . . . . . . . . . . . . . . . . . . . . . . 42 10 11 56 Intensify 2 | . . . . . . . . . . . . . . . . . . . . . . 1 . . 1 . . . . . . . . . . . . Melee Attacks 1321 | . . . 49 . 57 113 10 46 30 14 5 15 11 14 11 31 12 106 31 3 13 11 67 4 159 . . . . . . . 17 175 22 68 227 Kinetic 3 | . . . . . . . . . . . . . . . . . . . . . . . . . . . . . . . . . 3 . . . . Impact 14 | . . . . . 5 9 . . . . . . . . . . . . . . . . . . . . . . . . . . . . . . . Slashing 979 | . . . 49 . 52 104 10 44 30 14 5 15 11 14 11 31 12 106 31 3 13 11 67 4 159 . . . . . . . 14 95 4 15 55 Piercing 323 | . . . . . . . . . . . . . . . . . . . . . . . . . . . . . . . . . . 80 18 53 172 Sneak Attacks 145 | . . . 1 . 10 26 6 2 10 1 5 10 3 4 11 7 . 7 2 2 . 4 5 2 12 . . . . . . . 2 11 2 . . Combat Hostiles 10 | . . . . . 1 . . . 1 . . . . . . 2 . 1 . . . . 2 . 1 . . . . . . . 2 . . . . Follow-up Attacks 157 | . . . . . 7 12 . . . . . . . . . . . . 1 1 3 . 2 . 7 . . . . . . . . 6 4 23 91 Damage Inflicted 649194 | 100 1622 83 3646 637 5408 5929 760 9417 8064 20793 1728 1770 20094 651 3928 3678 1371 27377 3602 1625 1254 3198 6038 189 30590 2545 1257 38045 2826 3632 34955 43414 26092 72036 101223 140969 18648 Guns 32637 | 100 1349 83 538 453 2247 68 31 1500 1581 7800 368 283 6289 72 184 134 673 687 . . . . . . . . . 363 . . . . 678 1323 268 694 4871 Cannons 212197 | . . . . . . . . . . . . . 3080 . . 1839 40 12489 2947 1376 84 2651 3838 . 13636 2545 1257 14390 2631 3632 20351 21272 4917 23093 31004 42566 2559 Explosions 337809 | . 273 . 604 184 853 213 23 7868 4842 12336 993 105 10374 111 2794 356 . 11524 . . . 64 27 . 11633 . . 22483 195 . 14604 21943 19394 33284 68596 92133 . Melee 65543 | . . . 2504 . 2308 5648 706 49 1641 657 367 1382 351 468 950 1349 658 2677 655 249 1170 483 2173 189 5321 . . . . . . . 1103 14336 1355 5576 11218 Ramming 199 | . . . . . . . . . . . . . . . . . . . . . . . . . . . . . . . . 199 . . . . . Kinetic 12110 | . 453 21 428 453 2247 . . . 376 . . . 2199 72 184 134 673 2399 146 . . . . . 511 383 . 1097 . 122 62 . 150 . . . . Thermal 221391 | 100 896 62 110 . . . 23 2929 1761 12861 368 283 6819 . . 324 . 2945 . . . . . . 950 . . 6061 . . 24693 43215 13050 24296 31004 42566 6075 Explosive 201011 | . 273 . 604 184 853 213 . . 280 . . . . 111 2794 . . 1122 . . . . . . 9222 . . 2013 . . 76 . . 22537 68596 92133 . Electromagnetic 144765 | . . . . . . 68 31 6439 4006 7275 993 105 10725 . . 1871 40 18234 2801 1376 84 2715 3865 . 14586 2162 1257 28065 2826 3510 10124 . 11261 9544 . 96 706 Impact 3066 | . . . . . 29 170 . . . . . . . . . . . . . . . . . . . . . . . . . . 678 1323 268 598 . Slashing 48282 | . . . 2504 . 2279 5478 706 49 1641 657 367 1382 351 468 950 1349 658 2677 655 249 1170 483 2173 189 5321 . . 809 . . . . 953 9639 268 1377 3480 Piercing 18370 | . . . . . . . . . . . . . . . . . . . . . . . . . . . . . . . . . . 4697 1087 4199 8387 Highest Corruption 48 | . . . . . 4 4 4 16 3 3 3 12 27 . . 1 1 7 8 8 8 8 4 8 14 4 4 4 4 1 8 7 8 48 3 11 1 Average Corruption 6 | . . . . . 2 3 4 5 2 1 3 2 17 . . 1 1 3 7 8 8 8 3 6 4 3 4 1 4 1 3 1 7 23 2 5 1 Corruption Purged 67 | . . . . . . 4 . . 3 . . 14 . . . . . 7 . . . . . . 14 . . . . 1 8 2 . . . 14 . Corruption Blocked . | . . . . . . . . . . . . . . . . . . . . . . . . . . . . . . . . . . . . . . Effects 1009 | . . . . . 16 29 13 29 . 5 5 10 105 . . 8 3 79 30 16 11 15 21 5 48 19 6 15 16 5 27 29 54 197 54 129 10 Message Errors 228 | . . . . . 4 7 2 7 . . 1 5 27 . . 1 1 18 7 2 4 4 3 1 15 5 3 5 5 1 7 8 11 34 15 24 1 Matter Fused 220 | . . . . . 7 7 5 5 . 3 1 2 19 . . 3 1 17 8 6 3 3 1 1 11 7 1 1 2 2 6 9 12 38 13 23 3 Heat Flow Errors 130 | . . . . . 1 3 2 4 . . . 1 9 . . 1 . 7 3 2 . 3 6 1 4 . 1 1 2 1 4 4 11 25 6 26 2 Energy Discharges 117 | . . . . . 2 4 1 4 . . 1 . 9 . . . . 11 6 2 1 . 1 . 5 3 . 4 5 1 2 1 8 20 7 18 1 Parts Rejected 13 | . . . . . . . . . . . . . 1 . . . . 4 1 . 2 . . . . 1 . 1 . . 1 . . 1 1 . . Parts Fused 13 | . . . . . . . 1 1 . . . 1 1 . . 1 . 2 . . . . . . 1 . . . . . . 1 . 2 2 . . Data Loss (minor) 105 | . . . . . 1 5 1 4 . 1 1 1 13 . . 2 . 10 3 1 . 1 3 . 3 2 1 1 . . 5 2 4 21 4 15 . Data Loss (major) 40 | . . . . . 1 1 . 2 . . . . 4 . . . . 2 1 2 1 . . 2 1 . . 1 2 . 1 1 3 7 1 6 1 Misfires 46 | . . . . . . 1 . 1 . 1 1 . 3 . . . 1 3 . 1 . 2 4 . 5 . . . . . 1 1 2 9 2 7 1 Alerts 20 | . . . . . . 1 1 1 . . . . 1 . . . . 2 1 . . 1 2 . 1 . . . . . . 2 . 1 3 2 1 Misdirections 17 | . . . . . . . . . . . . . 2 . . . . . . . . . . . 1 . . . . . . . . 13 . 1 . Weapon Failures 60 | . . . . . . . . . . . . . 16 . . . . 3 . . . 1 1 . 1 1 . 1 . . . . 3 26 . 7 . Overload Shots 168 | . . . . . . . . . . . 1 . . . . . . . . . . . . . . . . 9 . . 69 68 19 1 . . 1 Effects 8 | . . . . . . . . . . . . . . . . . . . . . . . . . . . . . . . 3 3 2 . . . . Energy Bleed 3 | . . . . . . . . . . . . . . . . . . . . . . . . . . . . . . . 3 . . . . . . Heat Surge 3 | . . . . . . . . . . . . . . . . . . . . . . . . . . . . . . . . 2 1 . . . . Short Circuit 2 | . . . . . . . . . . . . . . . . . . . . . . . . . . . . . . . . 1 1 . . . . Overflow Damage 33853 | . . . 192 8 272 908 67 139 370 370 22 360 201 136 82 381 . 1073 23 88 79 174 515 . 1195 64 18 429 81 231 2646 4346 1966 5025 4514 7262 616 Projectiles 16205 | . . . . . . . . . . . . . 56 . . 185 . 400 23 17 . 68 184 . 358 64 18 186 81 231 1957 2313 1039 2221 2169 4538 97 Explosions 11061 | . . . 11 8 137 . 7 139 32 326 19 . 95 . . 38 . 452 . . . . . . 493 . . 243 . . 689 1981 773 734 2345 2539 . Melee 6587 | . . . 181 . 135 908 60 . 338 44 3 360 50 136 82 158 . 221 . 71 79 106 331 . 344 . . . . . . 52 154 2070 . 185 519 Knockbacks 49 | . . . . . . . . . . . . . . . . . . 11 2 . . . . . . 4 . 5 . 1 . 2 . 17 1 6 . Impact 26 | . . . . . . . . . . . . . . . . . . . . . . . . . . . . . . . . 2 . 17 1 6 . Kinetic 23 | . . . . . . . . . . . . . . . . . . 11 2 . . . . . . 4 . 5 . 1 . . . . . . . Secondary . | . . . . . . . . . . . . . . . . . . . . . . . . . . . . . . . . . . . . . . Self-Inflicted Damage 2605 | . . . 126 12 . . 39 152 51 7 23 . 441 31 . . . 76 . . . . 111 . 211 . . 42 35 . 242 74 63 253 433 183 . Shots 130 | . . . 3 1 . . 1 8 3 1 1 . 15 1 . . . 3 . . . . 1 . 5 . . 4 4 . 26 1 22 21 7 2 . Rammed 8 | . . . . . . . . . . . . . . . . . . . . . . . . . . . . . . . . 8 . . . . . Targets Rammed 8 | . . . . . . . . . . . . . . . . . . . . . . . . . . . . . . . . 8 . . . . . Kicked . | . . . . . . . . . . . . . . . . . . . . . . . . . . . . . . . . . . . . . . Crushed . | . . . . . . . . . . . . . . . . . . . . . . . . . . . . . . . . . . . . . . Highest Temperature 1224 | 130 332 196 148 . 235 237 107 168 178 246 168 140 267 . 22 127 . 232 157 178 . 122 124 98 192 187 143 177 72 308 341 405 221 1224 354 332 308 Average Temperature 83 | 65 85 102 65 . 122 96 70 35 67 83 58 69 83 . 13 64 . 97 76 107 . 70 63 51 90 136 94 56 53 139 72 124 81 40 89 89 37 Received Heat Transfer 8666 | . 315 . 40 24 681 210 12 525 78 173 . . 418 18 . 36 . 345 45 9 . 27 36 . 626 78 21 474 18 88 660 340 663 2388 124 101 93 Effects 15 | . 3 . . . . . . . . . . . 1 . . . . . . . . . . . . . . . . 1 . 2 . 8 . . . Shutdowns 3 | . . . . . . . . . . . . . . . . . . . . . . . . . . . . . . . . 1 . 2 . . . Energy Bleed 3 | . . . . . . . . . . . . . 1 . . . . . . . . . . . . . . . . . . 1 . 1 . . . Interference 3 | . 3 . . . . . . . . . . . . . . . . . . . . . . . . . . . . . . . . . . . . Matter Decay 2 | . . . . . . . . . . . . . . . . . . . . . . . . . . . . . . . . . . 2 . . . Damage (minor) 2 | . . . . . . . . . . . . . . . . . . . . . . . . . . . . . . 1 . . . 1 . . . Damage (major) 2 | . . . . . . . . . . . . . . . . . . . . . . . . . . . . . . . . . . 2 . . . Siege Activations 12 | . . . . . . . . . . . . . . . . . . . . . . . . . . . . . . . . 1 1 1 2 6 1 Total Turns 608 | . . . . . . . . . . . . . . . . . . . . . . . . . . . . . . . . 14 27 12 330 213 12 Longest Duration 315 | . . . . . . . . . . . . . . . . . . . . . . . . . . . . . . . . 14 27 12 315 113 12 Martial Activations . | . . . . . . . . . . . . . . . . . . . . . . . . . . . . . . . . . . . . . . Shielding Activations . | . . . . . . . . . . . . . . . . . . . . . . . . . . . . . . . . . . . . . . Robots Disrupted 27 | . . . . . . . . . . 3 . . . . . . . 5 . 1 . . . . 2 . . 2 2 . 3 . 5 3 . . 1 Combat Hostiles 26 | . . . . . . . . . . 3 . . . . . . . 5 . 1 . . . . 1 . . 2 2 . 3 . 5 3 . . 1 Robots Corrupted 584 | . . . . . . 2 . 10 16 14 7 . 36 . . 9 . 57 8 4 1 11 16 . 57 6 6 129 14 12 42 1 58 59 . 3 6 Combat Hostiles 540 | . . . . . . 2 . 10 16 13 6 . 34 . . 7 . 53 8 4 . 11 7 . 53 6 6 127 14 11 32 . 54 57 . 3 6 Parts Fried 1344 | . . . . . . 1 . 53 30 44 5 . 82 . . 11 . 155 11 10 2 19 26 . 125 15 9 262 28 45 105 3 132 146 . 4 21 Impact Corruptions 24 | . . . . . 1 4 . . . . . . . . . . . . . . . . . . . . . . . . . 2 6 7 . 4 . Robots Melted 135 | . . . . . . . . . 1 7 1 1 . . . . . . . . . . . . . . . . . . 8 6 2 23 39 39 8 Combat Hostiles 127 | . . . . . . . . . 1 7 1 1 . . . . . . . . . . . . . . . . . . 8 6 2 22 34 37 8 Parts Melted 485 | 1 2 1 . . . . . 23 13 81 2 3 23 . . . . . . . . . . . 1 . . 2 . . 18 32 5 56 99 78 45 Heat Transferred 165024 | 370 2812 148 333 . . . 50 4714 3210 21300 825 625 9705 . . 300 . 1976 . . . . . . 475 . . 4402 . . 14964 28047 8028 13769 16733 22970 9268 Parts Sabotaged 13 | . . . . . . . . . . . . . 6 . . . . 2 . . . . . . 1 . . 1 . . 2 1 . . . . . Parts Stolen 4 | . . . . . . . . 2 . . . . . . . . . . . . . . . . . 2 . . . . . . . . . . . Parts Stripped 18 | . . . . . . . . . . . . . . . . . . . . . . . . . . . . . . . . . 18 . . . . Power Chain Reactions 231 | . . . . . . . 1 40 10 30 . . 45 . . 2 . 14 . . . . 1 . 7 . . 41 . . 11 . 17 12 . . . Alert | -11 -10 -10 -10 -9 -8 -8 -8 -8 -6 -6 -6 -6 -6 -5 -5 -5 -5 -5 -5 -5 -5 -4 -4 -4 -4 -4 -4 -4 -3 -3 -3 -2 -2 -2 -1 -1 -1 ------- Run | Yrd Mat Min Exi Min Mat Sto Rec Scr Fac Ext Cet Arc Hub Fac Was Fac Gar Fac Upp Upp Zhi Pro Fac Was Fac Upp Upp War Pro Res Tes Res Qua Frg Acc Com Ac0 Maximum Alert Level 5 | . 2 . . 1 3 2 . . 5 5 5 5 5 5 3 4 4 5 . . . . 2 1 5 . . . . 3 5 5 5 5 5 5 . Low Security (%) 9 | 100 33 100 . 96 9 23 100 . 6 . . . . . . . . . . . . . 50 81 1 . . . . . . . . . . . . Level 1 7 | . 34 . . 3 36 60 . . 15 . . . . . . 19 . 8 . . . . 10 18 18 . . . . 4 . . . . . . . Level 2 9 | . 32 . . . 30 15 . . 9 . . . . . . 22 . 15 . . . . 38 . 19 . . . . 45 10 . . . . . . Level 3 6 | . . . . . 23 . . . 5 . . . 1 . 100 34 19 9 . . . . . . 4 . . . . 50 13 . . . . . . Level 4 4 | . . . . . . . . . 11 . . . 2 . . 23 80 14 . . . . . . 8 . . . . . 7 . . . . . . Level 5 27 | . . . . . . . . . 5 10 100 100 17 100 . . . 24 . . . . . . . . . . . . 67 26 90 87 6 27 . High Security 35 | . . . . . . . . . 45 89 . . 78 . . . . 27 . . . . . . 45 . . . . . . 73 9 12 93 72 . Max Security . | . . . . . . . . . . . . . . . . . . . . . . . . . . . . . . . . . . . . . . Sterilizations 10 | . . . . . 1 . . . 1 1 . . 1 . . . . 1 . . . . . . 1 . . . . . 1 1 1 . 1 . . Peak Influence 23815 | 10 459 164 . 210 981 425 169 . 5765 9267 5329 2311 5226 2646 863 1301 1394 5427 . . . . 593 209 4494 . . . . 962 4026 6848 6698 10293 16063 23815 . Initial 10280 | . 3 154 . . 63 287 154 . . 2824 5188 2115 727 2560 771 499 900 731 . . . . 425 205 67 . . . . 327 540 2262 3852 3767 6175 10280 . Average 4797 | 2 279 61 . 131 484 265 129 . 2225 4834 5278 2207 3573 2388 787 817 1202 2164 . . . . 236 153 2016 . . . . 694 2128 5080 4627 6292 11849 16923 . Influence Increases 93317 | 20 870 70 . 472 1788 935 184 . 6571 6783 231 266 4835 385 112 1776 554 6140 400 487 10 700 1316 62 5701 480 257 4690 876 1331 4873 4942 3538 7248 9998 13921 495 Destroy 0b10 Robot/C 54440 | . 460 60 . 280 1000 480 60 . 2440 3140 160 80 2720 . . 700 40 3180 340 320 . 620 440 . 2780 320 200 3940 560 460 2880 3020 2340 5160 6400 9860 . Destroy 0b10 Robot/NC 2970 | 20 60 . . 10 95 120 15 . 150 80 10 45 175 25 . 70 10 280 . 5 10 15 85 . 260 5 10 75 5 60 135 110 85 220 420 305 . Destroy Leader 6494 | . 120 10 . 50 268 152 . . 390 274 . . 452 2 . 142 . 522 30 10 . 50 158 . 486 20 10 . 40 114 386 482 284 542 974 526 . Allied During Kill 7263 | . . . . . . . . . 2590 2996 16 125 397 . . 438 20 71 . 62 . . . . 384 . 22 . 16 . . . . 126 . . . Trap Triggered on 0b10 90 | . . . . . . . . . . . . . . . . . . 30 . . . . 10 . 50 . . . . . . . . . . . . Successful Hack 1426 | . 38 . . . . 9 . . 30 26 . . 21 92 . 134 34 91 . . . . 267 . 90 . . . . 188 202 . 33 60 60 51 . Select Force Hacks 380 | . 60 . . . 60 60 90 . . . . . 50 . . . . . . . . . . . . . . . . 60 . . . . . . . Disable Machine 3375 | . . . . 15 135 60 15 . 465 90 45 15 285 60 . 30 . 495 . . . . 75 . 255 . . . . 105 225 105 150 315 75 195 165 Anti-Garrison Action 1000 | . . . . . . . . . 150 . . . 150 . . . 350 . . . . . . . 150 . . . . 150 . . . . . 50 . Destroy Structure 9599 | . 27 . . 27 110 9 4 . 311 57 . 1 390 86 112 52 100 506 . . . . 86 62 546 . . . . 44 590 945 441 660 1979 2124 330 Advance Influence 150 | . . . . . . . . . . . . . . . . . . . . . . . 150 . . . . . . . . . . . . . . Partial Spotted 270 | . 15 . . . 15 15 . . . . . . 15 45 . 30 . 15 . . . . 30 . 15 . . . . 15 15 15 . 15 15 . . Lose Combat Pursuer 5160 | . 90 . . 90 105 30 . . 45 120 . . 180 75 . 180 . 750 30 90 . 15 15 . 585 135 15 675 255 135 240 165 105 150 75 810 . Miscellaneous 700 | . . . . . . . . . . . . . . . . . . 200 . . . . . . 100 . . . . . 200 100 100 . . . . Influence Decreases 92822 | 15 477 468 . 310 1268 1221 496 84 806 3281 4209 3476 1688 3406 1604 1202 447 2107 2463 894 2967 262 1167 552 1304 2036 797 2622 4856 855 1812 2117 3688 3653 4228 5953 24031 Entered New Map 75445 | . 2 244 . . 99 395 242 84 . 2941 4079 3174 1352 2666 1434 214 387 663 2009 640 2957 . 163 382 30 1664 559 2398 4466 159 422 1761 2996 2931 4118 5783 24031 Time Decay 10921 | 15 475 224 . 310 559 526 254 . 316 40 130 302 206 140 170 278 . 694 434 254 10 262 418 70 534 362 238 214 350 526 730 356 542 702 110 170 . Lost Part 170 | . . . . . 10 . . . . . . . 70 . . . . 10 . . . . . . 20 10 . 10 . 20 20 . . . . . . Lost Ally 1500 | . . . . . . . . . 340 300 . . 60 . . 260 60 140 20 . . . . 100 120 . . . 40 . 40 . . 20 . . . Purge Threat 4786 | . . . . . 600 300 . . 150 . . . . 600 . 450 . 600 . . . . 586 . 600 . . . . 150 600 . 150 . . . . Squads Dispatched 522 | . 7 . . . 12 6 . . 28 32 . . 42 2 . 9 . 43 . . . 1 12 . 47 . . . 1 15 36 34 27 62 66 40 . Investigation 55 | . 5 . . . 3 3 . . 4 . . . 2 . . 4 . 9 . . . . 3 . 5 . . . . 10 2 1 . . 2 2 . Extermination 40 | . . . . . . . . . 2 . . . 1 1 . 2 . 5 . . . . 5 . 3 . . . . . 8 3 3 6 1 . . Reinforcement 57 | . 2 . . . 8 2 . . 5 . . . . 1 . 2 . 4 . . . . 2 . 10 . . . . 5 8 3 . 2 1 2 . Assault 355 | . . . . . . . . . 17 32 . . 35 . . 1 . 22 . . . 1 1 . 29 . . . 1 . 18 26 24 54 58 36 . Garrison 15 | . . . . . 1 1 . . . . . . 4 . . . . 3 . . . . 1 . . . . . . . . 1 . . 4 . . Intercept . | . . . . . . . . . . . . . . . . . . . . . . . . . . . . . . . . . . . . . . Searches Triggered . | . . . . . . . . . . . . . . . . . . . . . . . . . . . . . . . . . . . . . . Unchained Authorized 11 | . . . . . . . . . 1 . . . . . . . . 1 1 . . . 2 . 1 . . . . . 2 1 2 . . . . Construction Impeded 10 | . . . . . 2 . . . 1 . . . . 1 . 1 . . . . . . . . . . . . . . 2 2 . 1 . . . Haulers Reinforced 9 | . . . . . . . . . 1 . . . . . . 1 . 3 . . . . 1 . 1 . . . . 1 1 . . . . . . Active Scanning Responses . | . . . . . . . . . . . . . . . . . . . . . . . . . . . . . . . . . . . . . . Cargo Convoy Interrupts 2 | . . . . . . . . . 1 . . . . . . . . . . . . . . . 1 . . . . . . . . . . . . Stealth | -11 -10 -10 -10 -9 -8 -8 -8 -8 -6 -6 -6 -6 -6 -5 -5 -5 -5 -5 -5 -5 -5 -4 -4 -4 -4 -4 -4 -4 -3 -3 -3 -2 -2 -2 -1 -1 -1 --------- Run | Yrd Mat Min Exi Min Mat Sto Rec Scr Fac Ext Cet Arc Hub Fac Was Fac Gar Fac Upp Upp Zhi Pro Fac Was Fac Upp Upp War Pro Res Tes Res Qua Frg Acc Com Ac0 Distress Signals 56 | . 1 . . . 2 3 . . 4 1 2 . . 1 . 3 . 2 . . . . 5 . 5 . . 1 . . 3 1 1 1 7 13 . Communications Jammed . | . . . . . . . . . . . . . . . . . . . . . . . . . . . . . . . . . . . . . . Distress Signals . | . . . . . . . . . . . . . . . . . . . . . . . . . . . . . . . . . . . . . . Times Spotted 3654 | . 34 3 19 18 60 39 3 109 100 219 10 9 191 9 4 32 1 233 36 19 3 26 58 4 216 25 8 329 38 32 192 186 165 400 367 398 59 Peak Tracking Total 64 | . 6 2 9 4 6 5 1 23 16 64 5 2 11 5 3 6 1 14 9 11 3 6 17 4 12 8 5 25 9 9 15 15 21 30 12 38 7 Tactical Retreats 229 | . 3 . 4 4 4 2 . 13 3 5 . . 8 2 . 5 . 31 3 2 . 1 13 . 23 5 1 20 9 5 12 10 4 7 4 26 . ID Masks Used 1 | . . . . . . . . . . . . . . . . . . . . . . . 1 . . . . . . . . . . . . . . IFF Responses 24 | . . . . . . . . . . . . . . . . . . . . . . . 24 . . . . . . . . . . . . . . Traps | -11 -10 -10 -10 -9 -8 -8 -8 -8 -6 -6 -6 -6 -6 -5 -5 -5 -5 -5 -5 -5 -5 -4 -4 -4 -4 -4 -4 -4 -3 -3 -3 -2 -2 -2 -1 -1 -1 ------- Run | Yrd Mat Min Exi Min Mat Sto Rec Scr Fac Ext Cet Arc Hub Fac Was Fac Gar Fac Upp Upp Zhi Pro Fac Was Fac Upp Upp War Pro Res Tes Res Qua Frg Acc Com Ac0 Traps Triggered 68 | . 3 . . . 3 1 . . 8 1 . . 5 3 . 3 . 5 . . . . 1 . 4 1 . 2 . . . 12 1 10 4 1 . Indirectly 14 | . . . . . . . . . 4 . . . 5 . . 2 . . . . . . . . . . . . . . . . . 3 . . . Trap Hack Attempts . | . . . . . . . . . . . . . . . . . . . . . . . . . . . . . . . . . . . . . . Triggered . | . . . . . . . . . . . . . . . . . . . . . . . . . . . . . . . . . . . . . . Disarmed 10 | . . . . . . . . . . . . . . . . . . . . . . . . . . . . . . . . . 4 . . 6 . Reprogrammed 37 | . . . . . . . . . . . . . . . . 6 . 11 . . . . 8 . 12 . . . . . . . . . . . . Reused 11 | . . . . . . . . . . . . . . . . . . 3 . . . . 3 . 5 . . . . . . . . . . . . Traps Extracted . | . . . . . . . . . . . . . . . . . . . . . . . . . . . . . . . . . . . . . . Installed . | . . . . . . . . . . . . . . . . . . . . . . . . . . . . . . . . . . . . . . Triggered 9 | . . . . . . . . . . . . . . . . . . 3 . . . . 1 . 5 . . . . . . . . . . . . Machines | -11 -10 -10 -10 -9 -8 -8 -8 -8 -6 -6 -6 -6 -6 -5 -5 -5 -5 -5 -5 -5 -5 -4 -4 -4 -4 -4 -4 -4 -3 -3 -3 -2 -2 -2 -1 -1 -1 ---------- Run | Yrd Mat Min Exi Min Mat Sto Rec Scr Fac Ext Cet Arc Hub Fac Was Fac Gar Fac Upp Upp Zhi Pro Fac Was Fac Upp Upp War Pro Res Tes Res Qua Frg Acc Com Ac0 Machines Disabled 372 | . . . 10 1 9 4 1 38 32 9 6 1 27 4 . 2 5 39 . 2 2 . 5 . 32 1 . 10 . 8 23 10 10 34 21 15 11 Max in Single Turn 6 | . . . 3 1 2 1 1 4 6 1 5 1 5 2 . 1 1 5 . 1 1 . 1 . 6 1 . 2 . 1 2 1 1 2 2 2 1 Garrison Access 26 | . . . . . . 1 . . 1 . . . 2 1 . . . 3 . . . . 2 . 3 . . . . 4 1 4 1 1 2 . . Garrison Relay 4 | . . . . . . . . . . . . . . . . . 4 . . . . . . . . . . . . . . . . . . . . Phase Generator 2 | . . . . . . . . . . . . . . . . . 1 . . . . . . . . . . . . . . . . . . 1 . Network Hub 4 | . . . . . . . . . . . . . 4 . . . . . . . . . . . . . . . . . . . . . . . . Energy Cycler 1 | . . . . . . . . . . . . . . . . . . . . . . . . . . . . . . . . . . . 1 . . Machines Repaired . | . . . . . . . . . . . . . . . . . . . . . . . . . . . . . . . . . . . . . . Machines Dismantled . | . . . . . . . . . . . . . . . . . . . . . . . . . . . . . . . . . . . . . . Machines Sabotaged 1 | . . . . . . . . . . . . . 1 . . . . . . . . . . . . . . . . . . . . . . . . Overloaded Fab Kills . | . . . . . . . . . . . . . . . . . . . . . . . . . . . . . . . . . . . . . . Hacking | -11 -10 -10 -10 -9 -8 -8 -8 -8 -6 -6 -6 -6 -6 -5 -5 -5 -5 -5 -5 -5 -5 -4 -4 -4 -4 -4 -4 -4 -3 -3 -3 -2 -2 -2 -1 -1 -1 --------- Run | Yrd Mat Min Exi Min Mat Sto Rec Scr Fac Ext Cet Arc Hub Fac Was Fac Gar Fac Upp Upp Zhi Pro Fac Was Fac Upp Upp War Pro Res Tes Res Qua Frg Acc Com Ac0 Machines Accessed 214 | . 7 . 2 1 11 11 9 1 15 6 . . 3 4 . 13 2 26 . 2 4 . 21 . 15 1 2 4 . 17 13 4 10 3 3 4 . Terminals 127 | . 5 . . . 8 8 6 . 10 6 . . 3 3 . 6 2 15 . 1 . . 15 . 6 . 1 . . 5 10 2 7 2 2 4 . Fabricators 16 | . . . . . . . . . 3 . . . . . . . . 5 . . . . 1 . 3 . . . . 3 1 . . . . . . Repair Stations 3 | . . . . . . . . . . . . . . . . 1 . 1 . . . . . . 1 . . . . . . . . . . . . Recycling Units 20 | . 2 . . . 2 2 3 . 1 . . . . . . 3 . . . . . . 2 . 1 . . . . 3 . 1 . . . . . Scanalyzers 14 | . . . . . 1 . . . 1 . . . . . . 2 . 1 . . . . 1 . 2 . . . . 2 1 . 2 . 1 . . Garrison Access 19 | . . . . . . 1 . . . . . . . 1 . 1 . 4 . . . . 2 . 2 . . . . 4 1 1 1 1 . . . Total Hacks 1007 | . 25 . 2 1 37 33 25 5 59 11 . . 12 26 . 72 8 132 . 9 17 . 158 . 88 1 2 10 . 80 75 13 50 23 10 23 . Successful 595 | . 16 . 2 1 31 29 20 5 33 6 . . 3 13 . 44 4 84 . 9 17 . 95 . 54 1 2 10 . 37 33 4 18 10 4 10 . Failed 406 | . 9 . . . 6 4 4 . 26 5 . . 9 13 . 28 4 47 . . . . 62 . 34 . . . . 42 41 9 31 13 6 13 . Catastrophic 75 | . . . . . 1 . . . 4 2 . . 2 . . 1 1 9 . . . . 11 . 5 . . . . 9 13 3 5 3 2 4 . Database Lockouts 6 | . . . . . . . 1 . . . . . . . . . . 1 . . . . 1 . . . . . . 1 1 . 1 . . . . Manual 480 | . 17 . 1 . 21 19 19 . 17 4 1 . 4 4 . 25 5 76 . . . . 94 . 42 . . . . 31 33 5 37 14 4 7 . Terminals 748 | . 19 . . . 29 28 19 . 32 11 . . 12 24 . 47 8 107 . 8 . . 140 . 54 . 1 . . 37 66 9 46 21 7 23 . Fabricators 60 | . . . . . . . . . 12 . . . . . . . . 17 . . . . 7 . 6 . . . . 16 2 . . . . . . Repair Stations 5 | . . . . . . . . . . . . . . . . 1 . 2 . . . . . . 2 . . . . . . . . . . . . Recycling Units 58 | . 6 . . . 5 4 6 . 2 . . . . . . 9 . . . . . . 6 . 7 . . . . 11 . 2 . . . . . Scanalyzers 67 | . . . . . 3 . . . 13 . . . . . . 14 . 1 . . . . 1 . 17 . . . . 8 5 . 2 . 3 . . Garrison Access 31 | . . . . . . 1 . . . . . . . 2 . 1 . 5 . . . . 4 . 2 . . . . 8 2 2 2 2 . . . Terminal Hacks 284 | . 4 . 2 1 12 12 7 5 10 5 . . 1 11 . 21 4 37 . 9 17 . 43 . 22 1 2 10 . 6 16 1 11 4 2 8 . Record 17 | . . . 1 . . . . . . . . . . . . . . . . 8 5 . . . . . 1 2 . . . . . . . . . Part Schematic 11 | . . . . . . 2 . . 1 . . . . . . 1 . . . . 4 . 2 . 1 . . . . . . . . . . . . Robot Analysis 26 | . . . . . 1 . 3 5 . 1 . . . . . . . . . . 4 . 6 . . . . . . . 2 . 3 . 1 . . Prototype ID Bank 16 | . . . . . . 1 2 . . . . . . . . . . . . . 4 . 1 . . . . 6 . . 1 . . . . 1 . Open Door 12 | . . . . 1 . 2 . . . 3 . . . . . . 1 . . 1 . . . . . 1 1 2 . . . . . . . . . Level Access Points 1 | . . . . . . 1 . . . . . . . . . . . . . . . . . . . . . . . . . . . . . . . Branch Access Points 6 | . . . . . . . . . . . . . . . . 1 . 1 . . . . 1 . 1 . . . . 1 . . . . 1 . . Emergency Access Points 6 | . . . . . . . . . . . . . . . . 1 1 1 . . . . 1 . . . . . . . . . . 1 . 1 . Machine Index 1 | . . . . . . . . . . . . . . . . . . . . . . . 1 . . . . . . . . . . . . . . Terminal Index 7 | . . . . . . . 1 . 1 . . . . 1 . 1 . . . . . . 1 . 1 . . . . . . . . . . 1 . Fabricator Index 2 | . . . . . . . . . . . . . . . . 1 . . . . . . 1 . . . . . . . . . . . . . . Garrison Index 3 | . . . . . . . . . 1 . . . . . . 1 . . . . . . 1 . . . . . . . . . . . . . . Alert Level 25 | . . . . . 2 2 1 . 2 1 . . 1 2 . 3 . 4 . . . . . . 4 . . . . . . . 2 1 . . . Unreport Threat 40 | . . . . . 4 2 . . 1 . . . . 4 . 3 . 6 . . . . 5 . 5 . . . . 1 6 1 2 . . . . Locate Traps 37 | . 4 . . . 2 2 . . 2 . . . . 1 . 1 . 7 . . . . 5 . 5 . . . . 1 1 . 3 1 . 2 . Disarm Traps 2 | . . . . . . . . . . . . . . . . . . . . . . . . . . . . . . . . . 1 . . 1 . Reprogram Traps 10 | . . . . . . . . . . . . . . . . 1 . 4 . . . . 3 . 2 . . . . . . . . . . . . Dispatch Records 1 | . . . . . . . . . 1 . . . . . . . . . . . . . . . . . . . . . . . . . . . . Recall Investigation 9 | . . . . . . . . . . . . . . . . 2 . 1 . . . . 4 . 2 . . . . . . . . . . . . Recall Extermination 6 | . . . . . . . . . . . . . . . . 1 . 1 . . . . 2 . 1 . . . . . 1 . . . . . . Recall Reinforcements 9 | . . . . . . . . . . . . . . . . 1 . 4 . . . . 2 . . . . . . 1 1 . . . . . . Recall Assault 1 | . . . . . . . . . . . . . . . . 1 . . . . . . . . . . . . . . . . . . . . . Hauler Manifests 9 | . . . . . 1 . . . 1 . . . . . . . . 3 . . . . 2 . . . . . . 1 1 . . . . . . Registered Components 5 | . . . . . 1 . . . . . . . . 1 . 1 . 1 . . . . 1 . . . . . . . . . . . . . . Registered Prototypes 4 | . . . . . . . . . . . . . . 1 . . . 1 . . . . 1 . . . . . . 1 . . . . . . . Zone Layout 9 | . . . . . 1 . . . . . . . . 1 . 1 . 3 . . . . 3 . . . . . . . . . . . . . . Garrison Registry 1 | . . . . . . . . . . . . . . . . . 1 . . . . . . . . . . . . . . . . . . . . Security Stations 1 | . . . . . . . . . . . . . . . . . 1 . . . . . . . . . . . . . . . . . . . . Proto ID Catalog 2 | . . . 1 . . . . . . . . . . . . . . . . . . . . . . . . . . . . . . 1 . . . Protovariant Controls 3 | . . . . . . . . . . . . . . . . . . . . . . . . . . . . . . . 3 . . . . . . Disengage Seal 2 | . . . . . . . . . . . . . . . . . . . . . . . . . . . . . . . . . . . . 2 . Fabricator Hacks 28 | . . . . . . . . . 6 . . . . . . . . 9 . . . . 2 . 4 . . . . 5 2 . . . . . . Network Status 3 | . . . . . . . . . 1 . . . . . . . . 1 . . . . . . . . . . . 1 . . . . . . . Load Schematic 16 | . . . . . . . . . 3 . . . . . . . . 5 . . . . 1 . 3 . . . . 3 1 . . . . . . Build 9 | . . . . . . . . . 2 . . . . . . . . 3 . . . . 1 . 1 . . . . 1 1 . . . . . . Repair Station Hacks 5 | . . . . . . . . . . . . . . . . 1 . 2 . . . . . . 2 . . . . . . . . . . . . Scan Component 3 | . . . . . . . . . . . . . . . . 1 . 1 . . . . . . 1 . . . . . . . . . . . . Repair 2 | . . . . . . . . . . . . . . . . . . 1 . . . . . . 1 . . . . . . . . . . . . Recycling Unit Hacks 19 | . 2 . . . 2 2 3 . . . . . . . . 3 . . . . . . 2 . 1 . . . . 3 . 1 . . . . . Retrieve Components 19 | . 2 . . . 2 2 3 . . . . . . . . 3 . . . . . . 2 . 1 . . . . 3 . 1 . . . . . Scanalyzer 43 | . . . . . 3 . . . 12 . . . . . . 9 . 1 . . . . 1 . 10 . . . . 4 1 . 1 . 1 . . Insert Component 14 | . . . . . . . . . 4 . . . . . . 3 . . . . . . 1 . 4 . . . . 1 . . 1 . . . . Analyze 17 | . . . . . . . . . 7 . . . . . . 3 . . . . . . . . 5 . . . . 2 . . . . . . . Retrieve Study 12 | . . . . . 3 . . . 1 . . . . . . 3 . 1 . . . . . . 1 . . . . 1 1 . . . 1 . . Garrison Access Hacks 29 | . . . . . . 1 . . . . . . . 1 . 1 . 5 . . . . 4 . 2 . . . . 7 2 2 2 2 . . . Unlock Access 2 | . . . . . . . . . . . . . . . . 1 . 1 . . . . . . . . . . . . . . . . . . . Seal Access 16 | . . . . . . 1 . . . . . . . 1 . . . 3 . . . . 2 . 2 . . . . 3 1 1 1 1 . . . Coupler Status 11 | . . . . . . . . . . . . . . . . . . 1 . . . . 2 . . . . . . 4 1 1 1 1 . . . Unauthorized Hacks 185 | . 10 . . . 13 14 10 . 5 1 . . 2 1 . 9 . 30 . . . . 43 . 13 . . . . 12 12 . 4 3 1 2 . Terminals 147 | . 8 . . . 11 12 7 . 1 1 . . 2 1 . 5 . 23 . . . . 37 . 9 . . . . 9 11 . 4 3 1 2 . Track 23 | . . . . . . 1 . . . . . . . . . . . 4 . . . . 12 . 2 . . . . . . . 2 1 . 1 . Assimilate 5 | . . . . . . 1 . . . . . . . . . . . 3 . . . . 1 . . . . . . . . . . . . . . Botnet 63 | . 4 . . . 4 4 2 . 1 1 . . . . . 5 . 9 . . . . 13 . 5 . . . . 4 6 . 2 1 1 1 . Disrupt 1 | . . . . . . . . . . . . . 1 . . . . . . . . . . . . . . . . . . . . . . . . Operators 7 | . . . . . . 1 . . . . . . . 1 . . . 1 . . . . 3 . . . . . . . . . . 1 . . . Skim 47 | . 4 . . . 7 5 5 . . . . . . . . . . 6 . . . . 8 . 2 . . . . 5 5 . . . . . . Sabotage 1 | . . . . . . . . . . . . . 1 . . . . . . . . . . . . . . . . . . . . . . . . Fabricators 14 | . . . . . . . . . 3 . . . . . . . . 7 . . . . 2 . 2 . . . . . . . . . . . . Report 1 | . . . . . . . . . . . . . . . . . . 1 . . . . . . . . . . . . . . . . . . . Prioritize 7 | . . . . . . . . . 1 . . . . . . . . 4 . . . . 1 . 1 . . . . . . . . . . . . Haulers 4 | . . . . . . . . . 1 . . . . . . . . 1 . . . . 1 . 1 . . . . . . . . . . . . Recompile 2 | . . . . . . . . . 1 . . . . . . . . 1 . . . . . . . . . . . . . . . . . . . Repair Stations . | . . . . . . . . . . . . . . . . . . . . . . . . . . . . . . . . . . . . . . Recycling Units 21 | . 2 . . . 2 2 3 . 1 . . . . . . 4 . . . . . . 4 . 2 . . . . 1 . . . . . . . Monitor 5 | . . . . . . . . . . . . . . . . 2 . . . . . . 2 . 1 . . . . . . . . . . . . Recyclers 6 | . . . . . . . . . 1 . . . . . . 1 . . . . . . 2 . 1 . . . . 1 . . . . . . . Mask 1 | . . . . . . . . . . . . . . . . 1 . . . . . . . . . . . . . . . . . . . . . Tunnel 9 | . 2 . . . 2 2 3 . . . . . . . . . . . . . . . . . . . . . . . . . . . . . . Scanalyzers 2 | . . . . . . . . . . . . . . . . . . . . . . . . . . . . . . 1 1 . . . . . . Researchers 1 | . . . . . . . . . . . . . . . . . . . . . . . . . . . . . . . 1 . . . . . . Extract 1 | . . . . . . . . . . . . . . . . . . . . . . . . . . . . . . 1 . . . . . . . Garrison Access 1 | . . . . . . . . . . . . . . . . . . . . . . . . . . . . . . 1 . . . . . . . Eject 1 | . . . . . . . . . . . . . . . . . . . . . . . . . . . . . . 1 . . . . . . . Data Cores Recovered 10 | . . . . . . . . . 1 . . . . . . . . . . . . . 2 . 3 . . . . 2 1 . 1 . . . . Used 6 | . . . . . . . . . 1 . . . . . . . . . . . . . 2 . 1 . . . . 2 . . . . . . . Hacking Detections 129 | . 4 . . . 9 5 2 . 15 5 1 . 3 2 . 6 . 16 . . . . 13 . 8 . . . . 12 11 3 7 2 3 2 . Full Trace Events 18 | . 1 . . . . . . . 3 . . . 1 . . 1 . 4 . . . . 1 . 1 . . . . 4 1 1 . . . . . Feedback Events 2 | . . . . . . . . . . . . . . . . 1 . . . . . . . . . . . . . 1 . . . . . . . Corruption 2 | . . . . . . . . . . . . . . . . 1 . . . . . . . . . . . . . 1 . . . . . . . Feedback Blocked . | . . . . . . . . . . . . . . . . . . . . . . . . . . . . . . . . . . . . . . Robot Schematics Acquired 7 | . . . . . . . . . . . . . . . . . . . . . . . . . . . . . . . 5 . . 2 . . . Robots Built . | . . . . . . . . . . . . . . . . . . . . . . . . . . . . . . . . . . . . . . Authchips . | . . . . . . . . . . . . . . . . . . . . . . . . . . . . . . . . . . . . . . Time . | . . . . . . . . . . . . . . . . . . . . . . . . . . . . . . . . . . . . . . Total Robot Build Rating . | . . . . . . . . . . . . . . . . . . . . . . . . . . . . . . . . . . . . . . Part Schematics Acquired 60 | . . . . . . 2 . . 5 . . . . . . 4 . . . . 4 . 2 . 3 . . . . 6 21 . . 13 . . . Parts Built 11 | . . . . . . . . . 1 . . . . . . . . 4 . . . . 1 . 2 . . . . 1 2 . . . . . . Authchips 1 | . . . . . . . . . 1 . . . . . . . . . . . . . . . . . . . . . . . . . . . . Time 485 | . . . . . . . . . 232 . . . . . . . . 138 . . . . 18 . 26 . . . . 36 35 . . . . . . Total Part Build Rating 57 | . . . . . . . . . 3 . . . . . . . . 24 . . . . 3 . 12 . . . . 3 12 . . . . . . Part Studies Acquired 12 | . . . . . 3 . . . 1 . . . . . . 3 . 1 . . . . . . 1 . . . . 1 1 . . . 1 . . Parts Repaired 1 | . . . . . . . . . . . . . . . . . . . . . . . . . 1 . . . . . . . . . . . . Time 151 | . . . . . . . . . . . . . . . . . . 95 . . . . . . 56 . . . . . . . . . . . . Parts Recycled . | . . . . . . . . . . . . . . . . . . . . . . . . . . . . . . . . . . . . . . Recycled Matter . | . . . . . . . . . . . . . . . . . . . . . . . . . . . . . . . . . . . . . . Retrieved Matter . | . . . . . . . . . . . . . . . . . . . . . . . . . . . . . . . . . . . . . . Retrieved Components 77 | . 19 . . . 9 10 6 . . . . . . . . 9 . . . . . . . . . . . . . 23 . 1 . . . . . Parts Scanalyzed 10 | . . . . . . . . . 4 . . . . . . 3 . . . . . . . . 2 . . . . 1 . . . . . . . Part Schematics Acquired 10 | . . . . . . . . . 4 . . . . . . 3 . . . . . . . . 2 . . . . 1 . . . . . . . Parts Damaged 5 | . . . . . . . . . 3 . . . . . . 1 . . . . . . . . 1 . . . . . . . . . . . . Bothacking | -11 -10 -10 -10 -9 -8 -8 -8 -8 -6 -6 -6 -6 -6 -5 -5 -5 -5 -5 -5 -5 -5 -4 -4 -4 -4 -4 -4 -4 -3 -3 -3 -2 -2 -2 -1 -1 -1 ------------ Run | Yrd Mat Min Exi Min Mat Sto Rec Scr Fac Ext Cet Arc Hub Fac Was Fac Gar Fac Upp Upp Zhi Pro Fac Was Fac Upp Upp War Pro Res Tes Res Qua Frg Acc Com Ac0 Used RIF Installer 1 | . . . . . . . . . . . . . . . . . 1 . . . . . . . . . . . . . . . . . . . . Robots Hacked 16 | . . . . . . . . 2 . . . . . 1 . . . . . . . . 1 . . . . . . . 6 . . 6 . . . Non-combat 8 | . . . . . . . . . . . . . . 1 . . . . . . . . 1 . . . . . . . 3 . . 3 . . . Combat 8 | . . . . . . . . 2 . . . . . . . . . . . . . . . . . . . . . . 3 . . 3 . . . Robot Hacks Applied 18 | . . . . . . . . 2 . . . . . 1 . . . . . . . . 1 . . . . . . . 6 . . 8 . . . parse_system 6 | . . . . . . . . 2 . . . . . . . . . . . . . . . . . . . . . . 3 . . 1 . . . find_chute 2 | . . . . . . . . . . . . . . 1 . . . . . . . . 1 . . . . . . . . . . . . . . block_reporting 1 | . . . . . . . . . . . . . . . . . . . . . . . . . . . . . . . . . . 1 . . . map_route 1 | . . . . . . . . . . . . . . . . . . . . . . . . . . . . . . . . . . 1 . . . disable_scanner 3 | . . . . . . . . . . . . . . . . . . . . . . . . . . . . . . . . . . 3 . . . report_analyses 1 | . . . . . . . . . . . . . . . . . . . . . . . . . . . . . . . . . . 1 . . . amplify_resonance 4 | . . . . . . . . . . . . . . . . . . . . . . . . . . . . . . . 3 . . 1 . . . Relay Couplers Released 18 | . . . . . . . . . 1 . . . 1 . . . 5 . . . . . 3 . . . . . . 2 1 2 1 . 2 . . Ejected 2 | . . . . . . . . . . . . . . . . . . . . . . . . . . . . . . 2 . . . . . . . Machine Destruction 16 | . . . . . . . . . 1 . . . 1 . . . 5 . . . . . 3 . . . . . . . 1 2 1 . 2 . . Attached 2 | . . . . . . . . . . . . . . . . . . . . . . . . . . . . . . . 1 . 1 . . . . Fabnet Peak Effective % . | . . . . . . . . . . . . . . . . . . . . . . . . . . . . . . . . . . . . . . Robots Rewired 37 | . . . . . . . . . 3 15 . . . . . . 9 . 2 1 . . . . 1 2 . . 2 . . . 1 1 . . . Allies Hacked 6 | . . . . . . . . . . . . . . . . 6 . . . . . . . . . . . . . . . . . . . . . Hacks Repelled . | . . . . . . . . . . . . . . . . . . . . . . . . . . . . . . . . . . . . . . Allies | -11 -10 -10 -10 -9 -8 -8 -8 -8 -6 -6 -6 -6 -6 -5 -5 -5 -5 -5 -5 -5 -5 -4 -4 -4 -4 -4 -4 -4 -3 -3 -3 -2 -2 -2 -1 -1 -1 -------- Run | Yrd Mat Min Exi Min Mat Sto Rec Scr Fac Ext Cet Arc Hub Fac Was Fac Gar Fac Upp Upp Zhi Pro Fac Was Fac Upp Upp War Pro Res Tes Res Qua Frg Acc Com Ac0 Total Allies 139 | . . . . . . 1 . 50 3 20 5 . . . 18 . 11 2 2 1 . . . 19 1 2 . . 2 . . . 1 1 . . . Largest Group 51 | . . . . . . 1 1 51 41 20 5 5 5 . 18 14 7 7 2 3 3 . . 19 9 2 2 1 2 . . . 1 1 . . . Highest-Rated Group 2372 | . . . . . . 10 10 2372 1845 783 480 480 480 . 638 480 416 290 79 143 143 . . 684 361 97 97 49 111 . . . 64 120 . . . Highest-Rated Ally 159 | . . . . . . 10 10 50 50 159 140 96 96 . 50 46 119 87 49 64 64 . . 50 53 49 49 49 64 . . . 64 120 . . . Total Orders 33 | . . . . . . . 2 4 . 1 . 2 1 . . . 2 . 5 . 9 . . . . 2 2 . . . 1 . . 2 . . . STAY 15 | . . . . . . . 1 2 . 1 . 1 1 . . . 1 . 1 . 4 . . . . 1 1 . . . . . . 1 . . . FOLLOW 13 | . . . . . . . 1 2 . . . 1 . . . . 1 . 1 . 4 . . . . 1 1 . . . . . . 1 . . . RETURN 5 | . . . . . . . . . . . . . . . . . . . 3 . 1 . . . . . . . . . 1 . . . . . . Ally Attacks 1333 | . . . . . . . . 8 565 198 6 5 76 . . 95 17 37 30 51 19 . . 106 71 . 1 . 11 . 3 . . 34 . . . Total Damage 33179 | . . . . . . . . 428 12527 3620 207 230 3769 . . 1746 141 860 64 1089 300 . . 4767 1432 . 23 . 377 . 48 . . 1551 . . . Kills 177 | . . . . . . . . 1 98 26 . 2 11 . . 14 1 4 . 3 . . . 7 6 . . . 2 . . . . 2 . . . Allies Corrupted 13 | . . . . . . . . . . . . . 1 . . 4 . 1 . . 1 . . . 1 . 1 1 . . 2 . . 1 . . . Allies Melted . | . . . . . . . . . . . . . . . . . . . . . . . . . . . . . . . . . . . . . . Turrets Deployed 1 | . . . . . . . . 1 . . . . . . . . . . . . . . . . . . . . . . . . . . . . . Intel | -11 -10 -10 -10 -9 -8 -8 -8 -8 -6 -6 -6 -6 -6 -5 -5 -5 -5 -5 -5 -5 -5 -4 -4 -4 -4 -4 -4 -4 -3 -3 -3 -2 -2 -2 -1 -1 -1 ------- Run | Yrd Mat Min Exi Min Mat Sto Rec Scr Fac Ext Cet Arc Hub Fac Was Fac Gar Fac Upp Upp Zhi Pro Fac Was Fac Upp Upp War Pro Res Tes Res Qua Frg Acc Com Ac0 Active Infowar (turns) 35080 | 1 1254 708 694 . 303 . . 1020 1332 916 265 667 2007 299 351 606 482 2742 809 557 101 572 1254 5 2128 837 503 68 750 1478 826 2391 495 1871 2007 2409 2372 Optics 2 | . . . . . . . . . . . . . . . . . 2 . . . . . . . . . . . . . . . . . . . . Sensors 2 | . . . . . . . . . . . . . . . . . . . . . . . . . . . . . . . . . . . 2 . . Zeronet 181 | . . . . . . . . . . . . . . . . . . . . . . . . . . . . . . . 181 . . . . . . Terrain 31585 | . . . . . . . . 1020 1332 916 265 667 2007 299 351 606 482 2742 809 557 101 572 1254 5 2128 837 503 67 750 1478 645 2391 495 1520 2005 2409 2372 Traps 1 | . . . . . . . . . . . . . . . . . . . . . . . . . . . . 1 . . . . . . . . . Seismic 2657 | 1 1254 708 694 . . . . . . . . . . . . . . . . . . . . . . . . . . . . . . . . . . T.N.C. 303 | . . . . . 303 . . . . . . . . . . . . . . . . . . . . . . . . . . . . . . . . Cloaking 1881 | . . . . . . . . . . . . . . . . . . . . . . . . . . . . . . . . . . 547 1334 . . Jamming 6 | . . . . . . . . . . . . . . . . . . 2 . . . . . . 2 . . . . . . 2 . . . . . ECM 9 | . . . . . . . . . . . . . . . . . . . . . . . . . . . . . . . . . . 9 . . . ID Mask 65 | . . . . . . . . . . . . . . . . . . . . . . . 65 . . . . . . . . . . . . . . Robot Analysis Total 22 | . . . . . 1 . 3 5 . 1 . . . . . . . . . . 4 . 2 . . . . . . . 2 . 3 . 1 . . Derelict Logs Recovered 12 | . . 2 . 1 . . . . . . . . . . . . . . 1 2 . 2 . . . 2 2 . . . . . . . . . . Drone Launches 18 | . . . . . . . . . . . . . . . . . . . 13 . 3 . . . . . . . . . 2 . . . . . . Drone Recoveries 15 | . . . . . . . . . . . . . . . . . . . 12 . 3 . . . . . . . . . . . . . . . . Exploration | -11 -10 -10 -10 -9 -8 -8 -8 -8 -6 -6 -6 -6 -6 -5 -5 -5 -5 -5 -5 -5 -5 -4 -4 -4 -4 -4 -4 -4 -3 -3 -3 -2 -2 -2 -1 -1 -1 ------------- Run | Yrd Mat Min Exi Min Mat Sto Rec Scr Fac Ext Cet Arc Hub Fac Was Fac Gar Fac Upp Upp Zhi Pro Fac Was Fac Upp Upp War Pro Res Tes Res Qua Frg Acc Com Ac0 Turns Passed 59595 | 73 1254 708 1273 787 1650 1466 558 5397 1332 916 265 667 2007 299 354 609 482 3941 1071 557 284 572 1337 157 2797 837 503 1744 797 1478 3593 3038 1717 3477 3734 5383 2481 Spaces Moved 63171 | 38 942 695 959 849 1253 1281 722 6561 1627 731 292 407 1789 499 402 793 669 5655 1438 1144 247 904 2279 231 3581 1388 836 1541 1225 2976 3118 3092 1523 2060 2869 4258 2297 Core 14 | 14 . . . . . . . . . . . . . . . . . . . . . . . . . . . . . . . . . . . . . Treads 16281 | . . . . . . . . . . . . . . . . . . . . . . . . . . . . . . . 182 3092 1523 2060 2869 4258 2297 Legs 296 | . . . 126 . . . . . . . . . 170 . . . . . . . . . . . . . . . . . . . . . . . . Wheels 2298 | 24 942 695 637 . . . . . . . . . . . . . . . . . . . . . . . . . . . . . . . . . . Hover 44278 | . . . 196 849 1249 1281 722 6561 1627 731 292 407 1619 499 402 793 669 5655 1438 1144 247 904 2279 231 3581 1388 836 1541 1225 2976 2936 . . . . . . Flight 4 | . . . . . 4 . . . . . . . . . . . . . . . . . . . . . . . . . . . . . . . . Fastest Speed 27 | 50 80 100 80 80 66 66 58 58 50 50 50 58 45 45 45 40 40 40 40 27 40 40 27 40 27 27 40 27 40 34 34 70 70 70 70 70 70 Average Speed 55 | 86 90 100 100 80 73 66 61 58 54 50 53 58 57 45 45 43 40 40 40 37 40 40 39 40 39 37 40 39 40 34 40 70 70 73 70 73 70 Slowest Speed 150 | 150 100 100 120 150 105 66 66 131 115 50 58 58 110 52 102 45 40 90 45 40 45 40 40 40 40 40 40 45 40 90 150 70 70 150 100 100 115 Overloaded Moves 778 | . . . . . . . . . . . . . . . . . . . . 213 . . 36 . 126 266 . 120 . . 17 . . . . . . Propulsion Burnouts . | . . . . . . . . . . . . . . . . . . . . . . . . . . . . . . . . . . . . . . Robots Hopped 2 | . . . . . . . . . . . . . . . . . . . . . . . . . . . . . . 2 . . . . . . . Potential Cave-ins 18 | . . . . . . . . . . . . . 6 . . . . . . . . . . . . . . . . . 4 . 2 . . . 6 Cave-ins Triggered 1 | . . . . . . . . . . . . . . . . . . . . . . . . . . . . . . . . . 1 . . . . Teleports 8 | . . . . . . . . . . . . . . . . . . . . . . . . . . . . . . . . . . 6 . 1 1 Exploration Rate (%) 82 | 3 97 99 88 99 87 96 98 96 48 86 82 92 88 21 90 24 94 93 91 96 89 96 64 88 91 96 96 95 96 85 99 91 87 38 72 76 91 Regions Visited 37 Branch Regions 23 Pre-discovered Areas 25 | . 2 1 1 . 2 5 4 . . . . . . . . . . 3 . 1 3 1 1 . . 1 . . . . . . . . . . . Known Exits Taken 26 | . . . . . 1 1 1 1 1 1 1 1 1 . . 1 . 1 1 1 1 1 . . 1 1 1 1 1 1 1 1 1 1 1 . . Unknown Exits Taken 6 | 1 1 1 1 1 . . . . . . . . . . . . . . . . . . . . . . . . . . . . . . . 1 . Scrap Searched 33 | . . 2 . 3 . . . 6 . . . . . . . . . . 5 6 . 2 . . . 3 5 . 1 . . . . . . . . Spaces Dug 791 | . 15 . 1 13 21 8 . 26 4 3 . . 16 51 . 9 . 162 7 . . 3 26 1 70 2 . 24 1 17 29 75 76 16 41 56 18 Terrain Destroyed 6225 | . 24 . 28 30 127 8 2 123 159 61 . 1 532 51 87 26 70 300 8 . . 5 56 1 363 5 . 190 1 22 364 408 217 221 1215 1423 97 Melee 187 | . . . 1 . 2 1 . 24 4 2 . . 4 8 . 9 . 56 5 . . 3 26 1 31 . . . . . . . 3 6 . 1 . Projectile 902 | . . . 2 5 29 . . . 14 . . . 42 9 . 4 1 22 3 . . 1 1 . 14 4 . 14 1 21 51 45 24 99 128 271 97 AOE 5092 | . 24 . 25 25 95 7 2 97 139 51 . . 469 34 87 13 69 217 . . . . 29 . 318 . . 172 . . 312 363 190 116 1087 1151 . Terrain Rammed . | . . . . . . . . . . . . . . . . . . . . . . . . . . . . . . . . . . . . . . Walls Destroyed . | . . . . . . . . . . . . . . . . . . . . . . . . . . . . . . . . . . . . . . Machines Disabled . | . . . . . . . . . . . . . . . . . . . . . . . . . . . . . . . . . . . . . . Actions | -11 -10 -10 -10 -9 -8 -8 -8 -8 -6 -6 -6 -6 -6 -5 -5 -5 -5 -5 -5 -5 -5 -4 -4 -4 -4 -4 -4 -4 -3 -3 -3 -2 -2 -2 -1 -1 -1 --------- Run | Yrd Mat Min Exi Min Mat Sto Rec Scr Fac Ext Cet Arc Hub Fac Was Fac Gar Fac Upp Upp Zhi Pro Fac Was Fac Upp Upp War Pro Res Tes Res Qua Frg Acc Com Ac0 Total 83081 | 62 1166 700 1177 916 1773 1798 817 7906 1996 1193 389 821 2539 547 548 985 848 6817 1837 1234 423 1050 2611 294 4647 1645 981 2245 1464 3326 5023 3822 2092 3764 4370 6270 2985 Wait 8894 | 7 76 . 79 19 217 296 77 919 127 172 16 360 260 7 81 68 86 372 146 35 136 26 102 52 379 159 106 107 99 155 1249 242 217 723 697 880 145 Move 63130 | 37 941 694 958 848 1252 1280 721 6560 1626 729 291 406 1788 499 401 793 668 5654 1437 1143 246 903 2279 230 3580 1387 835 1540 1224 2971 3117 3091 1521 2059 2868 4257 2296 Hop 2 | . . . . . . . . . . . . . . . . . . . . . . . . . . . . . . 2 . . . . . . . Pick Up 281 | . 6 1 11 2 6 4 . 43 11 4 8 8 9 2 5 . 2 14 15 . 1 2 8 2 10 4 1 2 . 7 6 8 7 23 3 17 29 Fast Attach 556 | 4 4 1 5 4 24 24 3 43 15 2 9 4 24 7 3 7 6 43 19 4 12 2 9 1 40 2 6 25 . 26 30 36 12 41 19 16 24 Attach 89 | . 2 . 3 2 3 1 . 6 3 2 . 2 8 . 2 . . 9 2 . . . 1 . 4 1 . 3 . 1 5 3 5 7 4 5 5 Detach 48 | . 2 . 2 1 3 1 1 2 1 . . . 5 . . . . 3 2 . . . . . 5 . . 2 . 1 2 4 1 5 . 4 1 Swap 378 | . . . 1 2 4 . . 11 3 2 2 . 8 2 3 4 1 13 8 . 5 2 16 1 24 . . 19 2 4 32 16 12 64 50 44 23 Drop 698 | . 6 . 15 3 21 27 2 69 20 5 17 10 20 2 7 6 8 49 35 4 11 4 17 1 41 3 7 22 . 29 33 35 18 51 17 30 53 Fire 5211 | 14 107 4 40 22 137 5 3 129 58 120 14 7 232 14 18 37 23 371 74 35 2 60 90 . 297 54 23 405 66 96 419 261 168 396 506 765 139 Melee 1127 | . . . 49 . 45 92 10 46 30 14 5 15 11 14 11 31 12 106 30 2 10 8 60 3 150 . . . . . . . 17 168 18 40 130 Ram . | . . . . . . . . . . . . . . . . . . . . . . . . . . . . . . . . . . . . . . Kick . | . . . . . . . . . . . . . . . . . . . . . . . . . . . . . . . . . . . . . . Crush 8 | . . . . . . . . . . . . . . . . . . . . . . . . . . . . . . . . 8 . . . . . Escape Stasis 94 | . . . . . . . . . 13 20 . . . . . . . 52 . . . . . . . . . . . . . 5 1 3 . . . Rewire 161 | . . . . . . . . . 16 83 . . . . . . 34 . 15 1 . . . . 1 6 . . 5 . . . . . . . . Trap . | . . . . . . . . . . . . . . . . . . . . . . . . . . . . . . . . . . . . . . Miscellaneous 2404 | . 22 . 14 13 61 68 . 78 73 40 27 9 174 . 17 39 8 131 54 10 . 43 29 4 116 29 3 120 68 34 130 113 113 224 188 212 140 Route ------- -11/Scrapyard -10/Materials (discovered 5 exits: [*Mat x3] / [*Min] / [*Sub]) -10/Mines (discovered 4 exits: [*Mat x2] / *Exi / [*Sub]) -10/Exiles -9/Mines (discovered 2 exits: *Mat x2) -8/Materials (discovered 5 exits: *Fac x3 / *Sto x2) -8/Storage (discovered 2 exits: *Fac / *Rec) -8/Recycling (discovered 2 exits: *Fac / *Scr) -8/Scraptown -6/Factory (discovered 6 exits: *Fac x3 / *Low / *Ext x2) -6/Extension (discovered 3 exits: *Fac x2 / *Cet) -6/Cetus (discovered 2 exits: *Fac / *Arc) -6/Archives (discovered 3 exits: *Fac / *Hub x2) -6/Hub_04(d) (discovered 4 exits: *Fac x4) -5/Factory (discovered 2 exits: Fac / Upp) -5/Waste -5/Factory (discovered 4 exits: *Fac / *Upp x2 / Gar) -5/Garrison (discovered 3 exits: *Fac x3) -5/Factory (discovered 7 exits: *Fac x4 / *Upp x2 / Gar) -5/Upper Caves -5/Upper Caves (discovered 2 exits: *Fac / *Zhi) -5/Zhirov -4/Proximity Caves -4/Factory (discovered 6 exits: *Res x4 / *Upp x2) -4/Waste -4/Factory (discovered 6 exits: *Res x4 / *Upp x2) -4/Upper Caves -4/Upper Caves (discovered 2 exits: *Res / *War) -4/Warlord -3/Proximity Caves -3/Research (discovered 6 exits: *Res x3 / *Arm / *Tes x2) -3/Testing -2/Research (discovered 5 exits: *Acc x3 / *Qua x2) -2/Quarantine (discovered 3 exits: *Acc / [*Sec] / *Frg) -2/Protoforge -1/Access (discovered 2 exits: *Sur / *Com) -1/Command (discovered 3 exits: *Sur x2 / *Ac0) -1/Access_0 0b11 Command History --------- Turn | Location | Event 5 | -11/Scrapyard | Discovered new exit (range 15) 21 | -11/Scrapyard | Upgraded with Weapon slot (x1) 74 | -11/Scrapyard | Entered Materials 335 | -10/Materials | Build established: Mutant 342 | -10/Materials | Discovered new exit (range 10) 456 | -10/Materials | Discovered new exit (range 6) 493 | -10/Materials | Reached level 2 495 | -10/Materials | Upgraded with Weapon slot (x1) 638 | -10/Materials | Discovered new exit (range 16) 748 | -10/Materials | Discovered new exit (range 9) 839 | -10/Materials | Discovered new exit (range 10) 936 | -10/Materials | Reached level 3 938 | -10/Materials | Build established: Scavenger-Mutant 939 | -10/Materials | Upgraded with Weapon slot (x1) 1307 | -10/Materials | Build established: Scavenger-Gunner 1328 | -10/Materials | Entered Mines 1342 | -10/Mines | Learned location of Zion (-7) 1421 | -10/Mines | Learned 8 Materials zone layouts 1511 | -10/Mines | Discovered new exit (range 4) 1572 | -10/Mines | Deemed a non-threat by the Exiles lab entrance 1572 | -10/Mines | Discovered new exit (range 5) 1635 | -10/Mines | Discovered new exit (range 9) 1763 | -10/Mines | Discovered new exit (range 10) 2036 | -10/Mines | Entered Exiles 2061 | -10/Exiles | Met 8R-AWN 2075 | -10/Exiles | Met EX-HEX 2107 | -10/Exiles | Met EX-BIN 2161 | -10/Exiles | Aligned with FarCom system 2162 | -10/Exiles | Given EX-Vault access code 2185 | -10/Exiles | Opened EX-Vault 2196 | -10/Exiles | Found Longsword +1 2217 | -10/Exiles | Warned to stay clear of 0b10 Research branches 2246 | -10/Exiles | Met EX-DEC 2399 | -10/Exiles | Build established: Scavenger-Mutant 2532 | -10/Exiles | Attacked by the Exiles 2654 | -10/Exiles | Core integrity fell below 50% 2687 | -10/Exiles | Core integrity fell below 20% 2708 | -10/Exiles | Destroyed 8R-AWN 2724 | -10/Exiles | Found Prototype Ballistic Gun 2724 | -10/Exiles | Identified 8R-AWN's Boregun 2731 | -10/Exiles | Found Prototype Processor 2731 | -10/Exiles | Identified Exp. Targeting Computer 2973 | -10/Exiles | Destroyed EX-DEC 3010 | -10/Exiles | Destroyed EX-BIN 3043 | -10/Exiles | Destroyed EX-HEX 3126 | -10/Exiles | Build established: Mutant 3149 | -10/Exiles | Found Deploy-a-Sentry 3300 | -10/Exiles | Discovered new exit (range 10) 3309 | -10/Exiles | Stole two prototypes: Longsword +1, Deploy-a-Sentry 3309 | -10/Exiles | Entered Mines 3311 | -9/Mines | Reached level 4 3319 | -9/Mines | Upgraded with Propulsion slot (x1) 3319 | -9/Mines | Upgraded with Utility slot (x1) 3353 | -9/Mines | Received a Rocket Launcher from a helpful Derelict 3437 | -9/Mines | Discovered new exit (range 13) 3757 | -9/Mines | Learned 2 Materials zone layouts 3880 | -9/Mines | Found the Drone Emporium 3885 | -9/Mines | Found Prototype Device 3905 | -9/Mines | Discovered new exit (range 7) 3911 | -9/Mines | Reached level 5 3927 | -9/Mines | Upgraded with Propulsion slot (x1) 4096 | -9/Mines | Entered Materials 4097 | -8/Materials | Identified exit to Factory 4097 | -8/Materials | Identified exit to Storage 4098 | -8/Materials | Reached level 6 4119 | -8/Materials | Core integrity fell below 50% 4190 | -8/Materials | Reached level 7 4196 | -8/Materials | Upgraded with Utility slot (x1) 4196 | -8/Materials | Identified Thief Drone Bay 4500 | -8/Materials | Build established: Hacker-Gladiator 4565 | -8/Materials | Reached level 8 4845 | -8/Materials | Garrison activated, responded to threat 4873 | -8/Materials | Reached level 9 5119 | -8/Materials | Core integrity fell below 20% 5123 | -8/Materials | Reached level 10 5171 | -8/Materials | Upgraded with Utility slot (x1) 5222 | -8/Materials | Discovered exit to Storage (range 17) 5292 | -8/Materials | Reached level 11 5322 | -8/Materials | Destroyed 8 combat bots 5529 | -8/Materials | Sterilization system engaged 5529 | -8/Materials | Non-combat units ordered to evacuate 5551 | -8/Materials | Learned Storage emergency access door positions 5627 | -8/Materials | Learned Factory emergency access door positions 5629 | -8/Materials | Combat units ordered to evacuate 5746 | -8/Materials | Entered Storage 5820 | -8/Storage | Reached level 12 5990 | -8/Storage | Met 01-MTF 6044 | -8/Storage | Learned location of Lower Caves (-7) 6113 | -8/Storage | Identified exit to Recycling 6174 | -8/Storage | Learned Factory security intel 6226 | -8/Storage | Learned location of Lower Caves (-6) 6268 | -8/Storage | Learned Storage emergency access door positions 6301 | -8/Storage | Learned location of 1 exit from Lower Caves 6458 | -8/Storage | Learned location of 1 exit from Lower Caves 6480 | -8/Storage | Build established: Hacker-Scout 6521 | -8/Storage | Learned 8 Factory zone layouts 6766 | -8/Storage | Garrison activated, responded to threat 7212 | -8/Storage | Entered Recycling 7212 | -8/Recycling | Accompanied by 2 allies (01-MTF) 7214 | -8/Recycling | Reached level 13 7387 | -8/Recycling | Discovered new exit (range 18) 7421 | -8/Recycling | Learned Factory recycling unit intel 7466 | -8/Recycling | Learned 4 Lower Caves zone layouts 7497 | -8/Recycling | Watched by a mysterious "MATRIX" hacker 7499 | -8/Recycling | Learned 2 Storage zone layouts 7521 | -8/Recycling | Learned Factory emergency access door positions 7532 | -8/Recycling | Loaded intel: 3 recycling unit locations 7533 | -8/Recycling | Learned location of 1 exit from Lower Caves 7559 | -8/Recycling | Identified exit to Scraptown 7689 | -8/Recycling | Scanned before Scraplab entrance 7737 | -8/Recycling | Found Prototype Energy Gun 7737 | -8/Recycling | Identified KN-7UR's Autopenetrator 7757 | -8/Recycling | Entered Scraplab 7770 | -8/Recycling | Entered Scraptown 7770 | -8/Scraptown | Accompanied by 1 ally 7770 | -8/Scraptown | System corruption cleaned by C-Scrubber 7852 | -8/Scraptown | Heard Great Nut preacher, LISTEN AND RECITE! 7855 | -8/Scraptown | Discovered new exit (range 11) 7907 | -8/Scraptown | Visited Red Mages 7929 | -8/Scraptown | Visited Bundlers 7935 | -8/Scraptown | Visited Symbiants 7940 | -8/Scraptown | Visited Awakened 7948 | -8/Scraptown | Visited Cave Peace 7962 | -8/Scraptown | Turned away by UFD registrar 7970 | -8/Scraptown | Visited The Evicted 7974 | -8/Scraptown | Visited Fellowship of the Rings 8436 | -8/Scraptown | Attacked by Scraptown defenders 8571 | -8/Scraptown | DAS Turret deployed 8573 | -8/Scraptown | Destroyed 30 combat bots 8599 | -8/Scraptown | Build established: Hacker-Gunner 8659 | -8/Scraptown | Destroyed Triborg 8897 | -8/Scraptown | Destroyed 22 combat bots 9005 | -8/Scraptown | Attached CPS modules to Optimus 9054 | -8/Scraptown | Destroyed Optimus 9192 | -8/Scraptown | Build established: Hacker-Scout 9318 | -8/Scraptown | Visited Chapter 10 9339 | -8/Scraptown | Visited Junk Repository 9436 | -8/Scraptown | Destroyed 10 combat bots 9441 | -8/Scraptown | Visited Supply Room 9450 | -8/Scraptown | Visited Supply Room 9505 | -8/Scraptown | Visited Curators Association 9513 | -8/Scraptown | Visited Infowarlord's Domain 9627 | -8/Scraptown | Visited Scrapoid Pod Storage 9649 | -8/Scraptown | Visited Analyses Database 9659 | -8/Scraptown | Visited Modified Component R&D 9750 | -8/Scraptown | Visited Derelict Rescue Squad 9849 | -8/Scraptown | Destroyed 8 combat bots 9871 | -8/Scraptown | Identified exit to Factory 9872 | -8/Scraptown | System corruption cleaned by C-Scrubber 10001 | -8/Scraptown | System corruption reached 10% 10001 | -8/Scraptown | System corruption cleaned by C-Scrubber 10093 | -8/Scraptown | Found Exp. Terrain Scanner 10301 | -8/Scraptown | System corruption cleaned by C-Scrubber 10320 | -8/Scraptown | Build established: Scavenger-Scout 10611 | -8/Scraptown | Found Scrapoid Pod 10753 | -8/Scraptown | System corruption cleaned by C-Scrubber 10794 | -8/Scraptown | Scrapoid Pod released 08S05-D (x5) 10855 | -8/Scraptown | Found Scrapoid Pod 10989 | -8/Scraptown | System corruption cleaned by C-Scrubber 11024 | -8/Scraptown | Scrapoid Pod released 08S10-D (x5) 11060 | -8/Scraptown | Found Scrapoid Pod 11232 | -8/Scraptown | Scrapoid Pod released 08S15-D (x5) 11240 | -8/Scraptown | Found Scrapoid Pod 11261 | -8/Scraptown | Build established: Hacker-Scout 11437 | -8/Scraptown | Scrapoid Pod released 08S20-D (x5) 11462 | -8/Scraptown | Found Scrapoid Pod 11635 | -8/Scraptown | Scrapoid Pod released 08S25-D (x5) 11669 | -8/Scraptown | Found Scrapoid Pod 11835 | -8/Scraptown | Scrapoid Pod released 08S30-D (x5) 11862 | -8/Scraptown | Found Scrapoid Pod 12032 | -8/Scraptown | Scrapoid Pod released 08S35-D (x5) 12042 | -8/Scraptown | Found Scrapoid Pod 12203 | -8/Scraptown | Scrapoid Pod released 08S40-D (x5) 12218 | -8/Scraptown | Found Scrapoid Pod 12379 | -8/Scraptown | Scrapoid Pod released 08S45-D (x5) 12385 | -8/Scraptown | Found Scrapoid Pod 12593 | -8/Scraptown | Scrapoid Pod released 08S50-D (x5) 12905 | -8/Scraptown | Build established: Scavenger-Scout 13167 | -8/Scraptown | Entered Factory 13167 | -6/Factory | Accompanied by 39 allies 13169 | -6/Factory | Reached level 14 13171 | -6/Factory | Loaded intel: 8 recycling unit locations 13190 | -6/Factory | Discovered new exit (range 13) 13198 | -6/Factory | Reached level 15 13212 | -6/Factory | Identified exit to Extension 13277 | -6/Factory | Discovered new exit (range 7) 13281 | -6/Factory | Identified exit to Lower Caves 13347 | -6/Factory | Reached level 16 13347 | -6/Factory | Unchained authorized (GL-D0S) 13419 | -6/Factory | Spotted B-75 Beast 13420 | -6/Factory | Allies destroyed B-75 Beast 13463 | -6/Factory | Discovered new exit (range 13) 13537 | -6/Factory | Reached level 17 13538 | -6/Factory | Upgraded with Propulsion slot (x1) 13573 | -6/Factory | Discovered new exit (range 17) 13617 | -6/Factory | Identified exit to Factory 13627 | -6/Factory | Reached level 18 13633 | -6/Factory | Upgraded with Utility slot (x1) 13742 | -6/Factory | Fabricated Adv. EMP Blaster (x1) 13772 | -6/Factory | Discovered exit to Factory (range 10) 13805 | -6/Factory | Reached level 19 13891 | -6/Factory | High security lockdown imminent 13960 | -6/Factory | Reached level 20 13971 | -6/Factory | High security lockdown engaged 13992 | -6/Factory | Allied Derelicts emerged from ambush trap array 13996 | -6/Factory | Discovered exit to Extension (range 26) 14171 | -6/Factory | Upgraded with Power slot (x1) 14174 | -6/Factory | Reached level 21 14239 | -6/Factory | Lost 11 allies 14243 | -6/Factory | Build established: Hacker-Scout 14286 | -6/Factory | Destroyed 8 combat bots 14295 | -6/Factory | Lost 3 allies 14331 | -6/Factory | Destroyed 7 combat bots 14347 | -6/Factory | Reached level 22 14360 | -6/Factory | Sterilization system engaged 14360 | -6/Factory | Non-combat units ordered to evacuate 14372 | -6/Factory | Destroyed 14 combat bots 14460 | -6/Factory | Combat units ordered to evacuate 14465 | -6/Factory | Cargo convoy interrupted 14499 | -6/Factory | Entered Extension 14499 | -6/Extension | Accompanied by 6 allies 14545 | -6/Extension | Rescued a captive Derelict 14546 | -6/Extension | Rescued a captive Derelict 14566 | -6/Extension | Rescued a captive Derelict 14567 | -6/Extension | Rescued a captive Derelict 14582 | -6/Extension | Rescued A7 14592 | -6/Extension | High security lockdown imminent 14672 | -6/Extension | High security lockdown engaged 14853 | -6/Extension | Spotted B-75 Beast 14854 | -6/Extension | Destroyed 9 combat bots 14863 | -6/Extension | Destroyed B-75 Beast 14880 | -6/Extension | Discovered exit to Factory (range 20) 14881 | -6/Extension | Spotted B-75 Beast 14883 | -6/Extension | Allies destroyed B-75 Beast 14902 | -6/Extension | Reached level 23 14904 | -6/Extension | Upgraded with Propulsion slot (x1) 14916 | -6/Extension | Destroyed 18 combat bots 14929 | -6/Extension | Attached CPS modules to A7 15005 | -6/Extension | Build established: Commander-Scout 15080 | -6/Extension | Lost 3 allies 15114 | -6/Extension | Discovered new exit (range 27) 15169 | -6/Extension | Discovered exit to Factory (range 22) 15219 | -6/Extension | Destroyed 26 combat bots 15291 | -6/Extension | Destroyed 18 combat bots 15394 | -6/Extension | Sterilization system engaged 15394 | -6/Extension | Non-combat units ordered to evacuate 15400 | -6/Extension | Reached level 24 15401 | -6/Extension | P-60 Hacker assimilated allied OJ-C70(h) 15410 | -6/Extension | Core integrity fell below 50% 15415 | -6/Extension | Identified exit to Cetus 15415 | -6/Extension | Entered Cetus 15415 | -6/Cetus | Accompanied by 1 ally (A7) 15420 | -6/Cetus | Acquired a Cetus Manufacturing Module code from A7 15422 | -6/Cetus | Spotted Cetus Guard 15422 | -6/Cetus | Spotted Cetus Guard 15422 | -6/Cetus | Spotted Cetus Guard 15422 | -6/Cetus | Spotted Cetus Guard 15426 | -6/Cetus | Destroyed Cetus Guard 15427 | -6/Cetus | Destroyed Cetus Guard 15430 | -6/Cetus | Destroyed Cetus Guard 15432 | -6/Cetus | Destroyed Cetus Guard 15433 | -6/Cetus | Lost 17 allies 15453 | -6/Cetus | Destroyed 56 combat bots 15507 | -6/Cetus | Started Cetus Manufacturing Module 15514 | -6/Cetus | Discovered new exit (range 27) 15516 | -6/Cetus | Escorted A7 to Cetus Mainframe 15531 | -6/Cetus | Spotted Cetus Guard 15531 | -6/Cetus | Spotted Cetus Guard 15531 | -6/Cetus | Spotted Cetus Guard 15531 | -6/Cetus | Spotted Cetus Guard 15532 | -6/Cetus | Manufactured an Enhanced Grunt 15535 | -6/Cetus | Destroyed Cetus Guard 15539 | -6/Cetus | Destroyed Cetus Guard 15540 | -6/Cetus | Destroyed Cetus Guard 15540 | -6/Cetus | Discovered exit to Factory (range 19) 15543 | -6/Cetus | Destroyed Cetus Guard 15549 | -6/Cetus | Met Revision 17 15557 | -6/Cetus | Manufactured an Enhanced Grunt 15582 | -6/Cetus | Manufactured an Enhanced Grunt 15582 | -6/Cetus | Murdered A7 15585 | -6/Cetus | Extracted ID and sensor layout for unrecognized location from A7's data core 15597 | -6/Cetus | Found Prototype Protection 15597 | -6/Cetus | Identified Med. Regenerative Plating 15607 | -6/Cetus | Manufactured an Enhanced Grunt 15632 | -6/Cetus | Manufactured an Enhanced Grunt 15659 | -6/Cetus | Identified exit to Archives 15680 | -6/Cetus | Entered Archives 15680 | -6/Archives | Accompanied by 5 allies 15685 | -6/Archives | Discovered new exit (range 24) 15688 | -6/Archives | Discovered new exit (range 30) 15724 | -6/Archives | Discovered exit to Factory (range 20) 15801 | -6/Archives | System corruption reached 10% 15878 | -6/Archives | Build established: Scavenger-Scout 15983 | -6/Archives | Identified exit to Hub_04(d) 16347 | -6/Archives | Entered Hub_04(d) 16347 | -6/Hub_04(d) | Accompanied by 5 allies 16350 | -6/Hub_04(d) | Discovered exit to Factory (range 22) 16361 | -6/Hub_04(d) | Network Hub disabled 16362 | -6/Hub_04(d) | Spotted Lightning 16364 | -6/Hub_04(d) | Spotted Lightning 16371 | -6/Hub_04(d) | Discovered exit to Factory (range 26) 16371 | -6/Hub_04(d) | Spotted Lightning 16374 | -6/Hub_04(d) | Garrison activated, responded to threat 16379 | -6/Hub_04(d) | Allies destroyed Lightning 16384 | -6/Hub_04(d) | Destroyed Lightning 16392 | -6/Hub_04(d) | Destroyed Lightning 16397 | -6/Hub_04(d) | Found Prototype Device 16397 | -6/Hub_04(d) | Identified Exp. Phase Shifter 16531 | -6/Hub_04(d) | Spotted Lightning 16532 | -6/Hub_04(d) | Spotted Lightning 16532 | -6/Hub_04(d) | Spotted Lightning 16545 | -6/Hub_04(d) | Allies destroyed Lightning 16547 | -6/Hub_04(d) | Destroyed Lightning 16549 | -6/Hub_04(d) | Destroyed Lightning 16576 | -6/Hub_04(d) | Found Prototype Device 16576 | -6/Hub_04(d) | Identified Exp. Thermal Shield 16581 | -6/Hub_04(d) | Found Exp. Phase Shifter 16644 | -6/Hub_04(d) | Discovered exit to Factory (range 21) 16655 | -6/Hub_04(d) | Network Hub disabled 16671 | -6/Hub_04(d) | Spotted B-75 Beast 16677 | -6/Hub_04(d) | Destroyed B-75 Beast 16697 | -6/Hub_04(d) | First assault squad dispatched 16734 | -6/Hub_04(d) | Spotted Lightning 16734 | -6/Hub_04(d) | Spotted Lightning 16753 | -6/Hub_04(d) | Spotted Lightning 16766 | -6/Hub_04(d) | Destroyed Lightning 16784 | -6/Hub_04(d) | Destroyed Lightning 16786 | -6/Hub_04(d) | High security lockdown imminent 16824 | -6/Hub_04(d) | Destroyed 8 combat bots 16825 | -6/Hub_04(d) | Destroyed Lightning 16843 | -6/Hub_04(d) | Found Prototype Device 16843 | -6/Hub_04(d) | Identified Exp. EM Shield 16850 | -6/Hub_04(d) | Found Exp. Phase Shifter 16865 | -6/Hub_04(d) | Garrison activated, responded to threat 16866 | -6/Hub_04(d) | High security lockdown engaged 16930 | -6/Hub_04(d) | Destroyed 10 combat bots 17149 | -6/Hub_04(d) | Destroyed 29 combat bots 17294 | -6/Hub_04(d) | Destroyed 21 combat bots 17469 | -6/Hub_04(d) | Destroyed 13 combat bots 17474 | -6/Hub_04(d) | Lost 4 parts (1p1n1u1w) 17489 | -6/Hub_04(d) | Found Prototype Energy Cannon 17489 | -6/Hub_04(d) | Identified EMDS 17509 | -6/Hub_04(d) | Found Exp. Phase Shifter 17566 | -6/Hub_04(d) | Destroyed 7 combat bots 17679 | -6/Hub_04(d) | Sterilization system engaged 17679 | -6/Hub_04(d) | Non-combat units ordered to evacuate 17779 | -6/Hub_04(d) | Combat units ordered to evacuate 17780 | -6/Hub_04(d) | Destroyed 20 combat bots 17979 | -6/Hub_04(d) | Ambient heat levels rising (+10) 18003 | -6/Hub_04(d) | Network Hub disabled 18051 | -6/Hub_04(d) | Discovered exit to Factory (range 4) 18056 | -6/Hub_04(d) | Network Hub disabled 18129 | -6/Hub_04(d) | Ambient heat levels rising (+10) 18279 | -6/Hub_04(d) | Ambient heat levels rising (+10) 18354 | -6/Hub_04(d) | Entered Factory 18438 | -5/Factory | Discovered new exit (range 19) 18557 | -5/Factory | Discovered new exit (range 28) 18563 | -5/Factory | Spotted B-75 Beast 18617 | -5/Factory | Found Prototype Launcher 18617 | -5/Factory | Identified Mni. Smartbomb Launcher 18653 | -5/Factory | Manually triggered Chute Trap 18653 | -5/Factory | Sucked down chute 18653 | -5/Factory | Entered Waste 18672 | -5/Waste | Spotted C-40 Crusher 18675 | -5/Waste | Destroyed C-40 Crusher 18684 | -5/Waste | Spotted C-40 Crusher 18687 | -5/Waste | Destroyed C-40 Crusher 18689 | -5/Waste | Destroyed C-40 Crusher 18700 | -5/Waste | Spotted C-40 Crusher 18700 | -5/Waste | Destroyed C-40 Crusher 18706 | -5/Waste | Spotted C-40 Crusher 18709 | -5/Waste | Destroyed C-40 Crusher 18728 | -5/Waste | Discovered new exit (range 29) 18730 | -5/Waste | Spotted C-40 Crusher 18735 | -5/Waste | Destroyed C-40 Crusher 18782 | -5/Waste | Found Gamma Bomb Array 18850 | -5/Waste | Warlord forces began an assault 18877 | -5/Waste | Found Prototype Processor 18877 | -5/Waste | Identified Exp. Melee Analysis Suite 18983 | -5/Waste | Identified exit to Factory 18984 | -5/Waste | Murdered 4 allies 19007 | -5/Waste | Entered Factory 19007 | -5/Factory | Accompanied by 14 allies 19021 | -5/Factory | Discovered new exit (range 30) 19055 | -5/Factory | Discovered new exit (range 13) 19063 | -5/Factory | Reached level 25 19065 | -5/Factory | Upgraded with Utility slot (x1) 19134 | -5/Factory | Identified exit to Upper Caves 19146 | -5/Factory | Targeted by mysterious "MATRIX" hacker 19260 | -5/Factory | Lost 3 allies 19307 | -5/Factory | First assault squad dispatched 19383 | -5/Factory | Noticed a derelict Sapper rigging charges 19388 | -5/Factory | Build established: Hacker-Scout 19432 | -5/Factory | Allied Derelicts emerged from ambush trap array 19600 | -5/Factory | Destroyed 9 combat bots 19616 | -5/Factory | Identified exit to Garrison 19616 | -5/Factory | Entered Garrison 19616 | -5/Garrison | Discovered recently destroyed garrison 19642 | -5/Garrison | Found embedded Infiltrators 19669 | -5/Garrison | Garrison Relay disabled 19710 | -5/Garrison | Garrison Relay disabled 19726 | -5/Garrison | Discovered new exit (range 11) 19731 | -5/Garrison | Rewired Striker 19734 | -5/Garrison | Rewired Executioner 19740 | -5/Garrison | Identified exit to Factory 19788 | -5/Garrison | Destroyed Striker 19790 | -5/Garrison | Destroyed Executioner 19799 | -5/Garrison | Found Prototype Processor 19799 | -5/Garrison | Identified Exp. Core Analyzer 19809 | -5/Garrison | Found Prototype Device 19809 | -5/Garrison | Identified Adv. Kinecellerator 19819 | -5/Garrison | Found Exp. Targeting Computer 19855 | -5/Garrison | Phase Generator disabled 19915 | -5/Garrison | Discovered exit to Factory (range 57) 19915 | -5/Garrison | Discovered exit to Factory (range 23) 19915 | -5/Garrison | Discovered exit to Factory (range 46) 19915 | -5/Garrison | Learned Factory security intel 19918 | -5/Garrison | Garrison Relay disabled 19964 | -5/Garrison | Lost 3 allies 19992 | -5/Garrison | Garrison Relay disabled 20005 | -5/Garrison | Installed Relay Interface Framework 20090 | -5/Garrison | Build established: Scavenger-Scout 20098 | -5/Garrison | Entered Factory 20098 | -5/Factory | Accompanied by 6 allies 20308 | -5/Factory | Unchained authorized (V4-D3R) 20354 | -5/Factory | Discovered new exit (range 5) 20356 | -5/Factory | Identified exit to Factory 20469 | -5/Factory | Spotted V4-D3R 20492 | -5/Factory | Core integrity fell below 50% 20503 | -5/Factory | Lost 3 allies 20509 | -5/Factory | Attached CPS modules to V4-D3R 20698 | -5/Factory | Destroyed 12 combat bots 20822 | -5/Factory | Destroyed 10 combat bots 21086 | -5/Factory | Fabricated Gamma Bomb Array (x1) 21353 | -5/Factory | Fabricated System Restoration Module? 21419 | -5/Factory | Reached level 26 21459 | -5/Factory | Destroyed 10 combat bots 21552 | -5/Factory | Discovered exit to Factory (range 29) 21559 | -5/Factory | Discovered exit to Factory (range 26) 21598 | -5/Factory | First assault squad dispatched 21855 | -5/Factory | Discovered exit to Factory (range 13) 22104 | -5/Factory | Central database locked down 22295 | -5/Factory | Learned location of 1 exit from Research 22375 | -5/Factory | Learned 2 Proximity Caves zone layouts 22422 | -5/Factory | Learned location of Upper Caves (-5) 22452 | -5/Factory | Learned location of 1 exit from Armory 22456 | -5/Factory | Fabricated Gamma Bomb Array (x1) 22493 | -5/Factory | Learned location of 1 exit from Testing 22778 | -5/Factory | Destroyed 8 combat bots 22973 | -5/Factory | High security lockdown imminent 22999 | -5/Factory | Identified exit to Garrison 23018 | -5/Factory | Garrison activated, responded to threat 23053 | -5/Factory | High security lockdown engaged 23442 | -5/Factory | Sterilization system engaged 23442 | -5/Factory | Non-combat units ordered to evacuate 23527 | -5/Factory | Destroyed 50 combat bots 23542 | -5/Factory | Combat units ordered to evacuate 23575 | -5/Factory | Destroyed 13 combat bots 23742 | -5/Factory | Ambient heat levels rising (+10) 23892 | -5/Factory | Ambient heat levels rising (+10) 24039 | -5/Factory | Entered Upper Caves 24144 | -5/Upper Caves | Attracted the attention of an 0b10 checkpoint 24261 | -5/Upper Caves | Unchained authorized (V4-D3R) 24435 | -5/Upper Caves | Spotted V4-D3R 24450 | -5/Upper Caves | Destroyed 10 combat bots 24629 | -5/Upper Caves | Found Prototype Protection 24653 | -5/Upper Caves | Destroyed V4-D3R 24656 | -5/Upper Caves | Found ID Mask 24667 | -5/Upper Caves | Found Prototype Storage 24668 | -5/Upper Caves | Identified V4-D3R's Forcewell 24672 | -5/Upper Caves | Identified V4-D3R's Cape 24682 | -5/Upper Caves | Found Prototype Slashing Weapon 24682 | -5/Upper Caves | Identified V4-D3R's Sabre 24687 | -5/Upper Caves | Found Prototype Device 24687 | -5/Upper Caves | Identified Femtoactuators 24808 | -5/Upper Caves | Spotted B-75 Beast 24812 | -5/Upper Caves | Destroyed B-75 Beast 24853 | -5/Upper Caves | Destroyed 7 combat bots 24932 | -5/Upper Caves | Discovered new exit (range 20) 24962 | -5/Upper Caves | Build established: Hacker-Scout 25005 | -5/Upper Caves | Destroyed 7 combat bots 25073 | -5/Upper Caves | Identified exit to Upper Caves 25110 | -5/Upper Caves | Entered another Upper Caves area 25110 | -5/Upper Caves | Accompanied by 2 allies 25133 | -5/Upper Caves | Found DCF Scrap (12 items) 25164 | -5/Upper Caves | Discovered exit to Factory (range 24) 25231 | -5/Upper Caves | Attracted the attention of an 0b10 base 25319 | -5/Upper Caves | Learned Armory garrison access intel 25319 | -5/Upper Caves | Learned Extension security intel 25319 | -5/Upper Caves | Learned Factory emergency access door positions 25319 | -5/Upper Caves | Learned Extension trap positions 25319 | -5/Upper Caves | Learned 8 Factory zone layouts 25319 | -5/Upper Caves | Learned location of 2 exits from Lower Caves 25330 | -5/Upper Caves | Destroyed 12 combat bots 25407 | -5/Upper Caves | Discovered new exit (range 20) 25445 | -5/Upper Caves | Reached level 27 25493 | -5/Upper Caves | Encountered a Master Thief 25496 | -5/Upper Caves | Encountered a Master Thief 25500 | -5/Upper Caves | Encountered a Master Thief 25609 | -5/Upper Caves | Identified exit to Zhirov 25617 | -5/Upper Caves | Encountered a Warlord checkpoint 25667 | -5/Upper Caves | Entered Zhirov 25667 | -5/Zhirov | Accompanied by 3 allies 25667 | -5/Zhirov | Discovered new exit (range 3) 25675 | -5/Zhirov | Met Zhirov 25684 | -5/Zhirov | Learned location of Quarantine (-2) 25684 | -5/Zhirov | Learned location of Command (-1) 25686 | -5/Zhirov | Zhirov requested help retrieving the SGEMP Prototype 25693 | -5/Zhirov | Found Alien Artifact 25693 | -5/Zhirov | Identified Integrated Dissipator 25693 | -5/Zhirov | Installed Integrated Dissipator, increased core heat dissipation (+20) 25744 | -5/Zhirov | Found Alien Artifact 25854 | -5/Zhirov | Attacked by Zhirov 25857 | -5/Zhirov | Destroyed Svarog 25892 | -5/Zhirov | Lost 3 allies 25906 | -5/Zhirov | Destroyed Zhirov 25909 | -5/Zhirov | Destroyed Perun 25917 | -5/Zhirov | Zhirov detonated his lab 25917 | -5/Zhirov | Cloak Generator disabled 25927 | -5/Zhirov | Enhanced Grunts warped into view 25938 | -5/Zhirov | Identified exit to Proximity Caves 25951 | -5/Zhirov | Entered Proximity Caves 25960 | -4/Proximity Caves | Attracted the attention of an 0b10 checkpoint 26026 | -4/Proximity Caves | Spotted B-86 Titan 26032 | -4/Proximity Caves | Destroyed B-86 Titan 26057 | -4/Proximity Caves | Spotter reported a threat 26171 | -4/Proximity Caves | Learned 4 Research zone layouts 26263 | -4/Proximity Caves | Discovered exit to Factory (range 13) 26332 | -4/Proximity Caves | Attracted the attention of an 0b10 outpost 26391 | -4/Proximity Caves | Destroyed 9 combat bots 26523 | -4/Proximity Caves | Entered Factory 26524 | -4/Factory | Identified exit to Research 26548 | -4/Factory | Identified exit to Upper Caves 26655 | -4/Factory | Identified Transdimensional Reconstructor 26710 | -4/Factory | Unchained authorized (GL-D0S) 26916 | -4/Factory | Central database locked down 26958 | -4/Factory | Fabricated CPS Tube (x1) 26961 | -4/Factory | Learned 4 Factory zone layouts 26996 | -4/Factory | Learned location of 2 exits from Proximity Caves 26999 | -4/Factory | Discovered exit to Research (range 29) 27021 | -4/Factory | Learned Armory repair station intel 27036 | -4/Factory | Learned Testing trap positions 27046 | -4/Factory | Learned Factory emergency access door positions 27066 | -4/Factory | Learned 8 Research zone layouts 27170 | -4/Factory | Garrison activated, responded to threat 27307 | -4/Factory | Destroyed 7 combat bots 27364 | -4/Factory | Reached level 28 27442 | -4/Factory | Discovered exit to Research (range 19) 27468 | -4/Factory | Spotted GL-D0S 27664 | -4/Factory | Attached CPS modules to GL-D0S 27671 | -4/Factory | Destroyed GL-D0S 27673 | -4/Factory | Found Exp. Signal Interpreter 27676 | -4/Factory | ID Mask engaged 27680 | -4/Factory | Found Prototype Device 27741 | -4/Factory | ID Mask no longer valid 27768 | -4/Factory | Unchained authorized (QV-33N) 27773 | -4/Factory | First assault squad dispatched 27858 | -4/Factory | Spotted B-86 Titan 27860 | -4/Factory | Manually triggered Chute Trap 27860 | -4/Factory | Sucked down chute 27860 | -4/Factory | Entered Waste 27875 | -4/Waste | EMP discharged 27885 | -4/Waste | Spotted C-40 Crusher 27887 | -4/Waste | Spotted C-40 Crusher 27891 | -4/Waste | Crushed by Compactor (0 parts destroyed, 1 dropped) 27893 | -4/Waste | Spotted C-40 Crusher 27893 | -4/Waste | Spotted C-40 Crusher 27909 | -4/Waste | Met Warlord forces unprepared to attack 27911 | -4/Waste | Found Corrupted Prototype Device 27911 | -4/Waste | Allies destroyed C-40 Crusher 27928 | -4/Waste | Allies destroyed C-40 Crusher 27934 | -4/Waste | Allies destroyed C-40 Crusher 27943 | -4/Waste | Allies destroyed C-40 Crusher 27957 | -4/Waste | Discovered new exit (range 12) 27966 | -4/Waste | Spotted C-40 Crusher 27972 | -4/Waste | Lost 8 allies 27975 | -4/Waste | EMP discharged 27981 | -4/Waste | Identified exit to Factory 28017 | -4/Waste | Entered Factory 28017 | -4/Factory | Accompanied by 9 allies 28059 | -4/Factory | System corruption reached 10% 28082 | -4/Factory | Build established: Scavenger-Scout 28233 | -4/Factory | Destroyed 7 combat bots 28267 | -4/Factory | First assault squad dispatched 28284 | -4/Factory | Unchained authorized (QV-33N) 28312 | -4/Factory | Spotted B-86 Titan 28390 | -4/Factory | Fabricated Adv. System Restoration Module (x2) 28645 | -4/Factory | Spotted QV-33N 28816 | -4/Factory | Core integrity fell below 50% 28829 | -4/Factory | Destroyed QV-33N 28844 | -4/Factory | Identified Exp. Thermal Defense Suite 28972 | -4/Factory | Repaired Broken Prc. Energy Filter 29106 | -4/Factory | Discovered exit to Research (range 19) 29113 | -4/Factory | Discovered exit to Research (range 20) 29152 | -4/Factory | Cargo convoy interrupted 29193 | -4/Factory | Destroyed 15 combat bots 29208 | -4/Factory | Discovered exit to Research (range 28) 29237 | -4/Factory | Found Prototype Launcher 29237 | -4/Factory | Identified Hellfire Missile Launcher 29530 | -4/Factory | High security lockdown imminent 29610 | -4/Factory | High security lockdown engaged 29616 | -4/Factory | Discovered exit to Research (range 30) 29630 | -4/Factory | Reached level 29 29758 | -4/Factory | Destroyed 17 combat bots 29881 | -4/Factory | Destroyed 14 combat bots 29929 | -4/Factory | Destroyed 9 combat bots 30021 | -4/Factory | Destroyed 13 combat bots 30080 | -4/Factory | Sterilization system engaged 30080 | -4/Factory | Non-combat units ordered to evacuate 30100 | -4/Factory | Destroyed 10 combat bots 30180 | -4/Factory | Combat units ordered to evacuate 30189 | -4/Factory | Destroyed 12 combat bots 30380 | -4/Factory | Ambient heat levels rising (+10) 30530 | -4/Factory | Ambient heat levels rising (+10) 30680 | -4/Factory | Ambient heat levels rising (+10) 30814 | -4/Factory | Entered Upper Caves 30816 | -4/Upper Caves | Encountered a Master Thief 30817 | -4/Upper Caves | Encountered a Master Thief 30903 | -4/Upper Caves | Cld. Gravmag System stolen by Master Thief 30965 | -4/Upper Caves | Encountered a Warlord checkpoint 30973 | -4/Upper Caves | Learned Research security intel 31015 | -4/Upper Caves | Ambushed by wild Derelicts 31243 | -4/Upper Caves | Attracted the attention of an 0b10 outpost 31314 | -4/Upper Caves | Destroyed 7 combat bots 31405 | -4/Upper Caves | Discovered new exit (range 23) 31640 | -4/Upper Caves | Identified exit to Upper Caves 31651 | -4/Upper Caves | Entered another Upper Caves area 31651 | -4/Upper Caves | Accompanied by 2 allies 31667 | -4/Upper Caves | Discovered exit to Research (range 23) 31785 | -4/Upper Caves | Attracted the attention of an 0b10 checkpoint 31910 | -4/Upper Caves | Discovered new exit (range 23) 31922 | -4/Upper Caves | Identified exit to Warlord 32089 | -4/Upper Caves | Learned Research trap positions 32154 | -4/Upper Caves | Entered Warlord 32154 | -4/Warlord | Accompanied by 1 ally 32179 | -4/Warlord | System corruption cleaned by Quarantine Array 32187 | -4/Warlord | Discovered new exit (range 15) 32195 | -4/Warlord | Opened side exit 32201 | -4/Warlord | RIF detected upon attempting to enter Warlord's base 32201 | -4/Warlord | Attacked by Warlord forces 32247 | -4/Warlord | Found Prototype Special Weapon 32247 | -4/Warlord | Identified RU-N14's Throwing Claymores v3 32309 | -4/Warlord | Destroyed DG-8BB(B) 32310 | -4/Warlord | Spotted LC-JY8(g) 32313 | -4/Warlord | Destroyed LC-JY8(g) 32321 | -4/Warlord | Spotted A5-8T1(B) 32325 | -4/Warlord | Destroyed A5-8T1(B) 32387 | -4/Warlord | Spotted MB-4WD(K) 32387 | -4/Warlord | Spotted SJ-9I4(K) 32405 | -4/Warlord | Warlord's base attacked by MAIN.C 32444 | -4/Warlord | Spotted Y5-UAK(g) 32452 | -4/Warlord | Destroyed Y5-UAK(g) 32461 | -4/Warlord | Destroyed MB-4WD(K) 32489 | -4/Warlord | Destroyed SJ-9I4(K) 32549 | -4/Warlord | Destroyed 10 combat bots 32566 | -4/Warlord | Found RU-N14's Throwing Claymores v3 32568 | -4/Warlord | Found RU-N14's Throwing Claymores v3 32570 | -4/Warlord | Found RU-N14's Throwing Claymores v3 32598 | -4/Warlord | Attached CPS modules to Warlord 32601 | -4/Warlord | Destroyed Warlord 32606 | -4/Warlord | Found Prototype Processor 32606 | -4/Warlord | Identified Exp. Targeting Computer 32692 | -4/Warlord | Found Prototype Energy Gun 32692 | -4/Warlord | Identified Vortex Shotgun 32732 | -4/Warlord | Found Prototype Device 32732 | -4/Warlord | Identified Thermal Barrier 32734 | -4/Warlord | Found Prototype Processor 32734 | -4/Warlord | Identified Exp. Target Analyzer 32739 | -4/Warlord | Found Prototype Reactor 32739 | -4/Warlord | Identified Vortex Chain Reactor 32745 | -4/Warlord | Found Prototype Hackware 32755 | -4/Warlord | Warlord forces counterattacked 32916 | -4/Warlord | Destroyed 9 combat bots 32995 | -4/Warlord | Destroyed 7 combat bots 33080 | -4/Warlord | Warlord base infiltrated, sounded retreat 33124 | -4/Warlord | Destroyed 18 combat bots 33184 | -4/Warlord | Spotted Executioner 33187 | -4/Warlord | Destroyed Executioner 33206 | -4/Warlord | Spotted Striker 33218 | -4/Warlord | Destroyed Striker 33240 | -4/Warlord | Spotted Striker 33243 | -4/Warlord | Spotted Executioner 33253 | -4/Warlord | Reached level 30 33255 | -4/Warlord | Destroyed Executioner 33259 | -4/Warlord | Destroyed Striker 33293 | -4/Warlord | Destroyed 33 combat bots 33298 | -4/Warlord | Spotted Striker 33312 | -4/Warlord | Spotted Striker 33318 | -4/Warlord | Destroyed Striker 33352 | -4/Warlord | Spotted Executioner 33353 | -4/Warlord | Spotted Striker 33370 | -4/Warlord | Destroyed Striker 33397 | -4/Warlord | Destroyed Executioner 33399 | -4/Warlord | Spotted Executioner 33417 | -4/Warlord | Spotted Executioner 33430 | -4/Warlord | Destroyed 34 combat bots 33452 | -4/Warlord | Destroyed Executioner 33473 | -4/Warlord | Spotted Striker 33474 | -4/Warlord | Destroyed 7 combat bots 33477 | -4/Warlord | Destroyed Striker 33478 | -4/Warlord | Destroyed Executioner 33536 | -4/Warlord | Spotted Striker 33554 | -4/Warlord | Destroyed Striker 33582 | -4/Warlord | Spotted Striker 33594 | -4/Warlord | Spotted B-90 Cyclops 33594 | -4/Warlord | Spotted B-86 Titan 33607 | -4/Warlord | Destroyed Striker 33614 | -4/Warlord | Spotted Executioner 33620 | -4/Warlord | Destroyed Executioner 33620 | -4/Warlord | Spotted Executioner 33648 | -4/Warlord | Destroyed Executioner 33666 | -4/Warlord | Destroyed B-86 Titan 33668 | -4/Warlord | Spotted Striker 33675 | -4/Warlord | Spotted Executioner 33681 | -4/Warlord | Destroyed Striker 33682 | -4/Warlord | Destroyed Executioner 33699 | -4/Warlord | Spotted Striker 33730 | -4/Warlord | Spotted Executioner 33739 | -4/Warlord | Destroyed Striker 33749 | -4/Warlord | Destroyed Executioner 33778 | -4/Warlord | Spotted B-90 Cyclops 33791 | -4/Warlord | Spotted B-86 Titan 33792 | -4/Warlord | Spotted Executioner 33794 | -4/Warlord | Spotted Striker 33803 | -4/Warlord | Destroyed 87 combat bots 33818 | -4/Warlord | Spotted Executioner 33820 | -4/Warlord | Spotted Striker 33826 | -4/Warlord | Destroyed Striker 33857 | -4/Warlord | Destroyed Striker 33892 | -4/Warlord | Core integrity fell below 20% 33896 | -4/Warlord | Identified exit to Proximity Caves 33898 | -4/Warlord | Entered Proximity Caves 33933 | -3/Proximity Caves | Destroyed 22 combat bots 34094 | -3/Proximity Caves | Attracted the attention of an 0b10 outpost 34178 | -3/Proximity Caves | Destroyed 9 combat bots 34244 | -3/Proximity Caves | Attracted the attention of an 0b10 checkpoint 34327 | -3/Proximity Caves | Reached level 31 34341 | -3/Proximity Caves | Upgraded with Propulsion slot (x1) 34695 | -3/Proximity Caves | Entered Research 34696 | -3/Research | Identified exit to Armory 34696 | -3/Research | Identified exit to Testing 34699 | -3/Research | Loaded intel: 73 trap records 34728 | -3/Research | Discovered new exit (range 23) 34732 | -3/Research | Identified Ghost Barrier 34842 | -3/Research | Destroyed 9 combat bots 34895 | -3/Research | Revision forces began assault on 0b10 35016 | -3/Research | Found Unknown Device 35016 | -3/Research | Identified Heavy Servo Lattice 35027 | -3/Research | Found Gamma Bomb Array+ 35029 | -3/Research | Found Gamma Bomb Array+ 35062 | -3/Research | Discovered new exit (range 16) 35183 | -3/Research | Central database locked down 35214 | -3/Research | Discovered new exit (range 7) 35216 | -3/Research | Identified exit to Research 35261 | -3/Research | Fabricated CPS Tube? 35292 | -3/Research | Lost 6 allies 35395 | -3/Research | Research terminal network offline 35429 | -3/Research | Found Prototype Launcher 35429 | -3/Research | Identified Smartbomb Launcher 36046 | -3/Research | Spotted Striker 36102 | -3/Research | Spotted Executioner 36110 | -3/Research | Destroyed Striker 36132 | -3/Research | Destroyed Executioner 36173 | -3/Research | Entered Testing 36175 | -3/Testing | Loaded intel: 15 trap records 36341 | -3/Testing | Protovariant out of control (PL-08G8U1ZZO5) 36341 | -3/Testing | Unleashed a protovariant (PL-08G8U1ZZO5) 36341 | -3/Testing | Protovariant out of control (PH-64RFGFWQC4) 36341 | -3/Testing | Unleashed a protovariant (PH-64RFGFWQC4) 36417 | -3/Testing | Unchained authorized (1B-0RG) 36423 | -3/Testing | First assault squad dispatched 36512 | -3/Testing | Found Prototype Energy Gun 36512 | -3/Testing | Identified Hyp. EM Gauss Rifle 36698 | -3/Testing | Spotted 1B-0RG 36806 | -3/Testing | Reached level 32 36815 | -3/Testing | Upgraded with Utility slot (x1) 36827 | -3/Testing | Destroyed 8 combat bots 37053 | -3/Testing | Core integrity fell below 50% 37085 | -3/Testing | Destroyed 1B-0RG 37092 | -3/Testing | Found Prototype Processor 37092 | -3/Testing | Identified Zeronet Interface 37124 | -3/Testing | Destroyed 13 combat bots 37240 | -3/Testing | Found Prototype Energy Cannon 37240 | -3/Testing | Identified Imp. Potential Cannon 37242 | -3/Testing | Found Prototype Energy Cannon 37242 | -3/Testing | Identified Potential Cannon 37304 | -3/Testing | Destroyed Investigator 37509 | -3/Testing | Central database locked down 37644 | -3/Testing | Learned Access stockpile data 37749 | -3/Testing | Learned 8 Access zone layouts 37788 | -3/Testing | Learned Quarantine stockpile data 37855 | -3/Testing | Destroyed 7 combat bots 38116 | -3/Testing | Destroyed 8 combat bots 38146 | -3/Testing | Fabricated Adv. System Restoration Module? 38198 | -3/Testing | Build established: Hauler-Scout 38231 | -3/Testing | Destroyed 7 combat bots 38485 | -3/Testing | Destroyed 13 combat bots 38721 | -3/Testing | Destroyed 15 combat bots 38834 | -3/Testing | Unchained authorized (DW-4LL) 39378 | -3/Testing | DW-4LL burst out of a wall 39378 | -3/Testing | Spotted DW-4LL 39409 | -3/Testing | Attached CPS modules to DW-4LL 39424 | -3/Testing | Destroyed DW-4LL 39435 | -3/Testing | Found Exp. Weapon Cycler 39439 | -3/Testing | Found DW-4LL's Slamshotty 39570 | -3/Testing | Sterilization system engaged 39570 | -3/Testing | Non-combat units ordered to evacuate 39582 | -3/Testing | Found DW-4LL's Griptreads 39585 | -3/Testing | Destroyed 13 combat bots 39587 | -3/Testing | Found DW-4LL's Griptreads 39670 | -3/Testing | Combat units ordered to evacuate 39689 | -3/Testing | Spotted Alpha 7 39694 | -3/Testing | Destroyed Alpha 7 39766 | -3/Testing | Entered Research 39767 | -2/Research | Identified exit to Quarantine 39768 | -2/Research | Reached level 33 39769 | -2/Research | Upgraded with Power slot (x1) 39926 | -2/Research | Discovered new exit (range 23) 40016 | -2/Research | First assault squad dispatched 40021 | -2/Research | Garrison activated, responded to threat 40081 | -2/Research | Build established: Scavenger-Skirmisher 40128 | -2/Research | Found Prototype Device 40128 | -2/Research | Identified Exp. Transmission Jammer 40160 | -2/Research | Found Prototype Launcher 40160 | -2/Research | Identified Tactical Quantum Warhead 40186 | -2/Research | Unchained authorized (6S-H0T) 40271 | -2/Research | Discovered exit to Quarantine (range 24) 40346 | -2/Research | Spotted B-90 Cyclops 40507 | -2/Research | Spotted 6S-H0T 40511 | -2/Research | Destroyed 6S-H0T 40530 | -2/Research | Found Prototype Ballistic Gun 40530 | -2/Research | Identified 6S-H0T's Six Shooter 40533 | -2/Research | Found 6S-H0T's SS Cartridge 40570 | -2/Research | Spotted B-90 Cyclops 40583 | -2/Research | High security lockdown imminent 40602 | -2/Research | Destroyed B-90 Cyclops 40623 | -2/Research | Destroyed 15 combat bots 40663 | -2/Research | High security lockdown engaged 40695 | -2/Research | Destroyed 16 combat bots 40716 | -2/Research | Spotted B-90 Cyclops 40727 | -2/Research | Destroyed B-90 Cyclops 40736 | -2/Research | Reached level 34 40756 | -2/Research | Core integrity fell below 50% 40780 | -2/Research | Destroyed 17 combat bots 40837 | -2/Research | Destroyed Striker 40944 | -2/Research | Destroyed 19 combat bots 40962 | -2/Research | Destroyed Investigator 40982 | -2/Research | Scanned by Researcher 40983 | -2/Research | Destroyed Investigator 40996 | -2/Research | Build established: Scavenger-Tank 41019 | -2/Research | Destroyed 19 combat bots 41091 | -2/Research | Destroyed Striker 41134 | -2/Research | Destroyed 17 combat bots 41158 | -2/Research | Destroyed Executioner 41174 | -2/Research | Sterilization system engaged 41174 | -2/Research | Non-combat units ordered to evacuate 41181 | -2/Research | Destroyed 8 combat bots 41213 | -2/Research | Destroyed Striker 41232 | -2/Research | Spotted Striker 41261 | -2/Research | Spotted Striker 41274 | -2/Research | Combat units ordered to evacuate 41285 | -2/Research | Destroyed Striker 41304 | -2/Research | Reached level 35 41304 | -2/Research | Destroyed Executioner 41304 | -2/Research | Spotted Executioner 41311 | -2/Research | Destroyed Executioner 41315 | -2/Research | Upgraded with Utility slot (x1) 41332 | -2/Research | Destroyed 27 combat bots 41338 | -2/Research | Found Adv. Kinecellerator 41474 | -2/Research | Ambient heat levels rising (+10) 41607 | -2/Research | Build established: Scavenger-Skirmisher 41624 | -2/Research | Ambient heat levels rising (+10) 41771 | -2/Research | Found Prototype Launcher 41771 | -2/Research | Identified Gui. Micro-nuke Launcher 41774 | -2/Research | Ambient heat levels rising (+10) 41876 | -2/Research | Found Unknown Device 41876 | -2/Research | Identified Adv. Force Booster 41924 | -2/Research | Ambient heat levels rising (+10) 42074 | -2/Research | Ambient heat levels rising (+10) 42178 | -2/Research | Discovered new exit (range 30) 42224 | -2/Research | Ambient heat levels rising (+10) 42263 | -2/Research | Identified exit to Access 42374 | -2/Research | Ambient heat levels rising (+10) 42400 | -2/Research | Discovered exit to Access (range 18) 42524 | -2/Research | Ambient heat levels rising (+10) 42674 | -2/Research | Ambient heat levels rising (+10) 42804 | -2/Research | Entered Quarantine 42986 | -2/Quarantine | Cryocooling Duct disabled 43001 | -2/Quarantine | Ambient heat levels rising (+20) 43001 | -2/Quarantine | Non-combat units ordered to evacuate 43037 | -2/Quarantine | Build established: Scavenger-Gunner 43051 | -2/Quarantine | Central database locked down 43054 | -2/Quarantine | First assault squad dispatched 43094 | -2/Quarantine | Unchained authorized (BL-1NK) 43158 | -2/Quarantine | Discovered exit to Access (range 30) 43354 | -2/Quarantine | Spotted BL-1NK 43494 | -2/Quarantine | Destroyed 26 combat bots 43512 | -2/Quarantine | Destroyed BL-1NK 43564 | -2/Quarantine | Found Alien Slashing Weapon 43564 | -2/Quarantine | Identified Sigix Broadsword 43620 | -2/Quarantine | Found Alien Energy Cannon 43620 | -2/Quarantine | Identified Core Cannon 43711 | -2/Quarantine | Found Alien Impact Weapon 43725 | -2/Quarantine | Destroyed 7 combat bots 43728 | -2/Quarantine | Identified Core Stripper 43781 | -2/Quarantine | Unchained authorized (CL-0N3) 43786 | -2/Quarantine | Spotted Fortress 43792 | -2/Quarantine | Destroyed Fortress 43794 | -2/Quarantine | Found Prototype Device 43794 | -2/Quarantine | Identified Exp. Force Field 43874 | -2/Quarantine | Build established: Hauler-Gladiator 43920 | -2/Quarantine | Found Alien Artifact 43995 | -2/Quarantine | Destroyed 9 combat bots 44123 | -2/Quarantine | Destroyed 40 combat bots 44205 | -2/Quarantine | P-80 Master assimilated allied Archangel 9a 44360 | -2/Quarantine | High security lockdown imminent 44367 | -2/Quarantine | P-80 Master reconstituted as S7 Guard 44378 | -2/Quarantine | Spotted S7 Guard 44380 | -2/Quarantine | Destroyed S7 Guard 44380 | -2/Quarantine | S7 Guard reconstituted as CL-0N3 44388 | -2/Quarantine | Spotted CL-0N3 44401 | -2/Quarantine | Destroyed 23 combat bots 44439 | -2/Quarantine | Crushed by falling debris 44440 | -2/Quarantine | High security lockdown engaged 44447 | -2/Quarantine | Destroyed 19 combat bots 44450 | -2/Quarantine | Sterilization system engaged 44450 | -2/Quarantine | Non-combat units ordered to evacuate 44516 | -2/Quarantine | Discovered new exit (range 6) 44516 | -2/Quarantine | Discovered new exit (range 6) 44519 | -2/Quarantine | Identified exit to Protoforge 44521 | -2/Quarantine | Entered Protoforge 44537 | -2/Protoforge | Superfortress began startup sequence 44604 | -2/Protoforge | Reached level 36 44636 | -2/Protoforge | Discovered exit to Access (range 21) 44771 | -2/Protoforge | First assault squad dispatched 44819 | -2/Protoforge | Spotted Overlord 44864 | -2/Protoforge | Destroyed 14 combat bots 44869 | -2/Protoforge | Found Prototype Device 44869 | -2/Protoforge | Identified Cep. Recoil Nullifier 44888 | -2/Protoforge | System corruption reached 10% 45178 | -2/Protoforge | Destroyed 14 combat bots 45360 | -2/Protoforge | Found Prototype Device 45360 | -2/Protoforge | Identified Exp. EM Disruption Field 45362 | -2/Protoforge | Found Prototype Device 45362 | -2/Protoforge | Identified Cep. Phase Shift Module 45365 | -2/Protoforge | Found Prototype Device 45365 | -2/Protoforge | Identified Exp. Remote Shield 45368 | -2/Protoforge | Found Prototype Device 45368 | -2/Protoforge | Identified Cep. Beam Splitter 45372 | -2/Protoforge | Found Prototype Processor 45372 | -2/Protoforge | Identified Cep. Projectile Intercept Suite 45413 | -2/Protoforge | Found Prototype Device 45414 | -2/Protoforge | Identified Crosscalibrator 45668 | -2/Protoforge | Spotted Decapitator 45668 | -2/Protoforge | Spotted Decapitator 45704 | -2/Protoforge | Destroyed 14 combat bots 45787 | -2/Protoforge | Spotted Immortal 45790 | -2/Protoforge | Identified Subatomic Replicator 45790 | -2/Protoforge | Used Subatomic Replicator to replicate DW-4LL's Griptreads 45804 | -2/Protoforge | Destroyed 8 combat bots 45804 | -2/Protoforge | Destroyed Decapitator 45807 | -2/Protoforge | Destroyed Decapitator 45841 | -2/Protoforge | Found Prototype Piercing Weapon 45841 | -2/Protoforge | Identified Exp. Jetlance 45844 | -2/Protoforge | Found Prototype Slashing Weapon 45844 | -2/Protoforge | Identified Exp. Terror Saw 45846 | -2/Protoforge | Found Prototype Energy Gun 45846 | -2/Protoforge | Identified Cep. Variable Chargecaster 45856 | -2/Protoforge | Found Prototype Energy Cannon 45856 | -2/Protoforge | Identified Cep. Plasma Driver 45863 | -2/Protoforge | Found Faulty Cep. Plasma Driver 45893 | -2/Protoforge | Found Exp. Jetlance 45982 | -2/Protoforge | Destroyed 17 combat bots 45990 | -2/Protoforge | Destroyed Immortal 46035 | -2/Protoforge | Forge Plexus network access discovered 46100 | -2/Protoforge | Spotted V453-n 46117 | -2/Protoforge | Found Cep. Chromion Battery 46120 | -2/Protoforge | Found Cep. Matter Streamer 46137 | -2/Protoforge | Spotted V015-v 46157 | -2/Protoforge | Spotted Decapitator 46157 | -2/Protoforge | Spotted Decapitator 46157 | -2/Protoforge | Spotted Decapitator 46162 | -2/Protoforge | Destroyed Decapitator 46167 | -2/Protoforge | Destroyed Decapitator 46170 | -2/Protoforge | Destroyed Decapitator 46196 | -2/Protoforge | Found Cep. Weapon Articulator 46212 | -2/Protoforge | Found Faulty Exp. Force Booster 46225 | -2/Protoforge | Found Faulty Exp. Force Booster 46231 | -2/Protoforge | Found Mni. Quantum Capacitor 46303 | -2/Protoforge | Spotted Immortal 46314 | -2/Protoforge | Spotted Immortal 46316 | -2/Protoforge | Destroyed Immortal 46335 | -2/Protoforge | Destroyed Immortal 46341 | -2/Protoforge | Spotted V990-l 46349 | -2/Protoforge | Spotted V120-l 46354 | -2/Protoforge | Destroyed V120-l 46364 | -2/Protoforge | Found Prototype Ballistic Gun 46364 | -2/Protoforge | Identified Multirail 46367 | -2/Protoforge | Found Prototype Device 46367 | -2/Protoforge | Identified Exp. Shield Generator 46374 | -2/Protoforge | Found Cep. Zero-point Core 46380 | -2/Protoforge | Found Faulty Cep. Zero-point Core 46427 | -2/Protoforge | System corruption reached 30% 46550 | -2/Protoforge | Found Faulty Cep. Arcsight Missile Launcher 46615 | -2/Protoforge | Found Faulty Cep. Arcsight Missile Launcher 46636 | -2/Protoforge | Spotted AP7-3 46636 | -2/Protoforge | Spotted AP7-3 46655 | -2/Protoforge | Destroyed AP7-3 46658 | -2/Protoforge | Destroyed AP7-3 46679 | -2/Protoforge | Found Prototype Device 46679 | -2/Protoforge | Identified Exp. ECM Suite 46690 | -2/Protoforge | Found Cep. Cloak Mesh 46819 | -2/Protoforge | Destroyed 16 combat bots 46890 | -2/Protoforge | Destroyed 9 combat bots 46955 | -2/Protoforge | Destroyed 23 combat bots 47102 | -2/Protoforge | Spotted Striker 47108 | -2/Protoforge | Destroyed Decapitator 47112 | -2/Protoforge | Spotted Striker 47135 | -2/Protoforge | Spotted Hotshot 47148 | -2/Protoforge | Spotted Immortal 47149 | -2/Protoforge | Warped through subspace 47168 | -2/Protoforge | Spotted Decapitator 47168 | -2/Protoforge | Spotted Decapitator 47168 | -2/Protoforge | Spotted V035-k 47169 | -2/Protoforge | Spotted Decapitator 47169 | -2/Protoforge | Spotted V815-a 47172 | -2/Protoforge | Destroyed Decapitator 47174 | -2/Protoforge | Destroyed Decapitator 47180 | -2/Protoforge | Core integrity fell below 20% 47181 | -2/Protoforge | Destroyed Decapitator 47187 | -2/Protoforge | Destroyed V815-a 47191 | -2/Protoforge | Destroyed V035-k 47333 | -2/Protoforge | Destroyed 28 combat bots 47346 | -2/Protoforge | Rewired Immortal 47363 | -2/Protoforge | Destroyed Hotshot 47432 | -2/Protoforge | Destroyed 23 combat bots 47511 | -2/Protoforge | Spotted Hotshot 47539 | -2/Protoforge | Spotted Executioner 47550 | -2/Protoforge | Reached level 37 47550 | -2/Protoforge | High security lockdown imminent 47550 | -2/Protoforge | Allies destroyed Superfortress 47560 | -2/Protoforge | Additional patrols dispatched to research labs 47568 | -2/Protoforge | Destroyed Executioner 47571 | -2/Protoforge | Destroyed Hotshot 47579 | -2/Protoforge | Found Exp. Core Analyzer 47619 | -2/Protoforge | Found Corrupted Cep. Antimissile System 47630 | -2/Protoforge | High security lockdown engaged 47708 | -2/Protoforge | Found Cep. Rapid Grenade Launcher 47773 | -2/Protoforge | Found Transdimensional Reconstructor 47779 | -2/Protoforge | Found Cep. Navigation Harness 47888 | -2/Protoforge | Spotted Investigator 47930 | -2/Protoforge | Destroyed 21 combat bots 47998 | -2/Protoforge | Entered Access 47999 | -1/Access | Identified exit to Surface 48031 | -1/Access | Found Prototype Device 48031 | -1/Access | Identified Exp. Actuator Array 48055 | -1/Access | Build established: Hauler-Assassin 48062 | -1/Access | Identified exit to Command 48228 | -1/Access | High security lockdown imminent 48278 | -1/Access | Garrison activated, responded to threat 48308 | -1/Access | High security lockdown engaged 48343 | -1/Access | Spotted B-99 Colossus 48368 | -1/Access | Spotted B-99 Colossus 48373 | -1/Access | Destroyed B-99 Colossus 48375 | -1/Access | Spotted B-99 Colossus 48394 | -1/Access | Destroyed 11 combat bots 48400 | -1/Access | Spotted Executioner 48400 | -1/Access | Destroyed Executioner 48400 | -1/Access | Garrison activated, responded to threat 48416 | -1/Access | Destroyed B-99 Colossus 48437 | -1/Access | Destroyed 8 combat bots 48587 | -1/Access | Build established: Scavenger-Assassin 48844 | -1/Access | Spotted Executioner 48845 | -1/Access | Spotted Executioner 48845 | -1/Access | Spotted Executioner 48859 | -1/Access | Destroyed Executioner 48859 | -1/Access | Destroyed Executioner 48865 | -1/Access | Destroyed Executioner 48894 | -1/Access | Destroyed 7 combat bots 48910 | -1/Access | Spotted Striker 48910 | -1/Access | Spotted Executioner 48910 | -1/Access | Destroyed Striker 48912 | -1/Access | Destroyed Executioner 48919 | -1/Access | Spotted Striker 48919 | -1/Access | Spotted Striker 48919 | -1/Access | Destroyed Striker 48922 | -1/Access | Destroyed Striker 48972 | -1/Access | Destroyed Investigator 48978 | -1/Access | Reached level 38 49014 | -1/Access | Spotted Executioner 49014 | -1/Access | Spotted Striker 49015 | -1/Access | Destroyed Striker 49017 | -1/Access | Destroyed Executioner 49039 | -1/Access | Destroyed 59 combat bots 49043 | -1/Access | Destroyed Executioner 49044 | -1/Access | Spotted Striker 49044 | -1/Access | Spotted Striker 49046 | -1/Access | Destroyed Striker 49052 | -1/Access | Destroyed Striker 49070 | -1/Access | Spotted Striker 49073 | -1/Access | Destroyed 8 combat bots 49080 | -1/Access | Destroyed Striker 49098 | -1/Access | Spotted Striker 49098 | -1/Access | Spotted Executioner 49100 | -1/Access | Spotted Executioner 49101 | -1/Access | Destroyed Executioner 49106 | -1/Access | Destroyed Striker 49108 | -1/Access | Destroyed Executioner 49116 | -1/Access | Spotted Striker 49122 | -1/Access | Destroyed Striker 49147 | -1/Access | Destroyed 15 combat bots 49149 | -1/Access | Spotted Executioner 49155 | -1/Access | Destroyed Executioner 49177 | -1/Access | Destroyed 13 combat bots 49203 | -1/Access | Spotted Executioner 49203 | -1/Access | Spotted Executioner 49203 | -1/Access | Spotted Executioner 49203 | -1/Access | Destroyed Executioner 49206 | -1/Access | Destroyed Executioner 49213 | -1/Access | Destroyed Executioner 49228 | -1/Access | Spotted Executioner 49228 | -1/Access | Spotted Striker 49232 | -1/Access | Destroyed Striker 49235 | -1/Access | Destroyed Executioner 49402 | -1/Access | Spotted Executioner 49407 | -1/Access | Destroyed Executioner 49452 | -1/Access | Spotted Executioner 49456 | -1/Access | Destroyed Executioner 49477 | -1/Access | Destroyed 22 combat bots 49495 | -1/Access | Spotted Striker 49495 | -1/Access | Spotted Striker 49496 | -1/Access | Destroyed Striker 49498 | -1/Access | Destroyed Striker 49510 | -1/Access | Spotted Striker 49512 | -1/Access | Destroyed Striker 49520 | -1/Access | Destroyed Striker 49541 | -1/Access | Destroyed 7 combat bots 49546 | -1/Access | Spotted Striker 49552 | -1/Access | Spotted Striker 49552 | -1/Access | Spotted Striker 49553 | -1/Access | Spotted Striker 49555 | -1/Access | Destroyed Striker 49555 | -1/Access | Destroyed Striker 49557 | -1/Access | Destroyed Striker 49561 | -1/Access | Destroyed Striker 49582 | -1/Access | Destroyed 8 combat bots 49583 | -1/Access | Found Exp. Core Analyzer 49768 | -1/Access | Spotted Executioner 49768 | -1/Access | Spotted Striker 49768 | -1/Access | Spotted Striker 49773 | -1/Access | Destroyed Executioner 49775 | -1/Access | Destroyed Striker 49781 | -1/Access | Spotted Striker 49786 | -1/Access | Spotted Investigator 49788 | -1/Access | Destroyed Investigator 49794 | -1/Access | Spotted Executioner 49794 | -1/Access | Destroyed Striker 49798 | -1/Access | Destroyed Executioner 49809 | -1/Access | Destroyed Striker 49816 | -1/Access | Spotted Executioner 49816 | -1/Access | Spotted Executioner 49816 | -1/Access | Spotted Executioner 49816 | -1/Access | Destroyed Executioner 49816 | -1/Access | Destroyed Executioner 49819 | -1/Access | Destroyed Executioner 49835 | -1/Access | Spotted Executioner 49837 | -1/Access | Spotted Executioner 49850 | -1/Access | Destroyed 45 combat bots 49855 | -1/Access | Destroyed Executioner 49861 | -1/Access | Destroyed Executioner 49880 | -1/Access | Found Exp. Targeting Computer 49889 | -1/Access | Destroyed 7 combat bots 49904 | -1/Access | Spotted Executioner 49904 | -1/Access | Spotted Executioner 49905 | -1/Access | Destroyed Executioner 49905 | -1/Access | Spotted Striker 49905 | -1/Access | Spotted Executioner 49905 | -1/Access | Spotted Executioner 49907 | -1/Access | Destroyed Striker 49907 | -1/Access | Reached level 39 49907 | -1/Access | Destroyed Executioner 49907 | -1/Access | Destroyed Executioner 49911 | -1/Access | Destroyed Executioner 49980 | -1/Access | Spotted Executioner 49980 | -1/Access | Spotted Executioner 49982 | -1/Access | Destroyed Executioner 49984 | -1/Access | Destroyed Executioner 50012 | -1/Access | Sterilization system engaged 50027 | -1/Access | Destroyed 9 combat bots 50031 | -1/Access | Spotted Striker 50033 | -1/Access | Destroyed Striker 50033 | -1/Access | Spotted Striker 50034 | -1/Access | Destroyed Striker 50058 | -1/Access | Destroyed B-99 Colossus 50060 | -1/Access | Spotted Striker 50060 | -1/Access | Spotted Striker 50064 | -1/Access | Destroyed Striker 50064 | -1/Access | Destroyed Striker 50081 | -1/Access | Energy Cycler disabled 50103 | -1/Access | Spotted Striker 50105 | -1/Access | Destroyed Striker 50124 | -1/Access | Spotted Executioner 50124 | -1/Access | Spotted Executioner 50126 | -1/Access | Destroyed Executioner 50127 | -1/Access | Destroyed Executioner 50149 | -1/Access | Spotted Striker 50150 | -1/Access | Destroyed 8 combat bots 50150 | -1/Access | Destroyed Striker 50151 | -1/Access | Spotted Executioner 50157 | -1/Access | Destroyed Executioner 50179 | -1/Access | Destroyed 7 combat bots 50286 | -1/Access | Destroyed 14 combat bots 50312 | -1/Access | Ambient heat levels rising (+10) 50462 | -1/Access | Ambient heat levels rising (+10) 50508 | -1/Access | Destroyed 14 combat bots 50551 | -1/Access | Found Prototype Device 50551 | -1/Access | Identified Thermal Barrier 50612 | -1/Access | Ambient heat levels rising (+10) 50762 | -1/Access | Ambient heat levels rising (+10) 50797 | -1/Access | Spotted B-99 Colossus 50802 | -1/Access | Destroyed B-99 Colossus 50912 | -1/Access | Ambient heat levels rising (+10) 51043 | -1/Access | Spotted B-99 Colossus 51062 | -1/Access | Ambient heat levels rising (+10) 51111 | -1/Access | Destroyed B-99 Colossus 51134 | -1/Access | Spotted B-99 Colossus 51153 | -1/Access | Destroyed B-99 Colossus 51212 | -1/Access | Ambient heat levels rising (+10) 51362 | -1/Access | Ambient heat levels rising (+10) 51512 | -1/Access | Ambient heat levels rising (+10) 51548 | -1/Access | Build established: Scavenger-Gladiator 51662 | -1/Access | Ambient heat levels rising (+10) 51732 | -1/Access | Entered Command 51798 | -1/Command | Phase Generator disabled 51872 | -1/Command | Disengaged cave seal 51982 | -1/Command | First assault squad dispatched 52024 | -1/Command | Disengaged cave seal 52030 | -1/Command | Build established: Hauler-Gladiator 52081 | -1/Command | High security lockdown imminent 52161 | -1/Command | High security lockdown engaged 52193 | -1/Command | Spotted Executioner 52193 | -1/Command | Spotted Executioner 52193 | -1/Command | Spotted Striker 52193 | -1/Command | Spotted Executioner 52193 | -1/Command | Spotted Executioner 52193 | -1/Command | Spotted Striker 52194 | -1/Command | Spotted Alpha 7 52196 | -1/Command | Spotted B-99 Colossus 52196 | -1/Command | Spotted Alpha 7 52197 | -1/Command | Destroyed Executioner 52198 | -1/Command | Destroyed Executioner 52207 | -1/Command | Spotted B-99 Colossus 52245 | -1/Command | Destroyed Striker 52245 | -1/Command | Destroyed Executioner 52247 | -1/Command | Destroyed Alpha 7 52248 | -1/Command | Destroyed Executioner 52248 | -1/Command | Destroyed Alpha 7 52255 | -1/Command | Destroyed B-99 Colossus 52262 | -1/Command | Destroyed B-99 Colossus 52283 | -1/Command | Destroyed 7 combat bots 52388 | -1/Command | Discovered exit to Surface (range 8) 52389 | -1/Command | Spotted Executioner 52395 | -1/Command | Destroyed Executioner 52396 | -1/Command | Destroyed Executioner 52408 | -1/Command | Spotted Investigator 52409 | -1/Command | Destroyed Investigator 52433 | -1/Command | Destroyed 22 combat bots 52457 | -1/Command | Build established: Scavenger-Assassin 52536 | -1/Command | Spotted Striker 52536 | -1/Command | Spotted Striker 52538 | -1/Command | Destroyed Striker 52539 | -1/Command | Destroyed Striker 52542 | -1/Command | Spotted Striker 52544 | -1/Command | Spotted Executioner 52544 | -1/Command | Destroyed Executioner 52550 | -1/Command | Spotted Executioner 52550 | -1/Command | Destroyed Striker 52552 | -1/Command | Destroyed Executioner 52565 | -1/Command | Destroyed Executioner 52599 | -1/Command | Destroyed 23 combat bots 52645 | -1/Command | Spotted Striker 52645 | -1/Command | Spotted Executioner 52650 | -1/Command | Destroyed Striker 52652 | -1/Command | Destroyed Executioner 52655 | -1/Command | Spotted Striker 52658 | -1/Command | Spotted Striker 52659 | -1/Command | Destroyed Striker 52660 | -1/Command | Destroyed Striker 52741 | -1/Command | Destroyed Executioner 52744 | -1/Command | Destroyed Investigator 52744 | -1/Command | Destroyed Executioner 52744 | -1/Command | Destroyed Executioner 52748 | -1/Command | Destroyed Striker 52750 | -1/Command | Destroyed Executioner 52751 | -1/Command | Destroyed Striker 52760 | -1/Command | Destroyed Executioner 52764 | -1/Command | Spotted Striker 52764 | -1/Command | Spotted Striker 52764 | -1/Command | Spotted Striker 52767 | -1/Command | Destroyed Striker 52767 | -1/Command | Destroyed Striker 52771 | -1/Command | Destroyed Striker 52794 | -1/Command | Destroyed 36 combat bots 52879 | -1/Command | Destroyed 7 combat bots 52982 | -1/Command | Destroyed Executioner 53000 | -1/Command | Spotted Striker 53008 | -1/Command | Spotted Striker 53008 | -1/Command | Spotted Executioner 53013 | -1/Command | Destroyed Executioner 53016 | -1/Command | Spotted Executioner 53020 | -1/Command | Destroyed Striker 53023 | -1/Command | Spotted Executioner 53026 | -1/Command | Destroyed Executioner 53026 | -1/Command | Destroyed Executioner 53050 | -1/Command | Destroyed 36 combat bots 53494 | -1/Command | Spotted B-99 Colossus 53496 | -1/Command | Destroyed 8 combat bots 53503 | -1/Command | Destroyed B-99 Colossus 53776 | -1/Command | Reached level 40 53784 | -1/Command | Upgraded with Utility slot (x1) 53846 | -1/Command | Destroyed 58 combat bots 53923 | -1/Command | Found Prototype Device 53923 | -1/Command | Identified Adv. EM Shield 54037 | -1/Command | Destroyed 52 combat bots 54080 | -1/Command | Destroyed 14 combat bots 54367 | -1/Command | Destroyed 9 combat bots 54426 | -1/Command | Destroyed 9 combat bots 54511 | -1/Command | Destroyed 21 combat bots 54847 | -1/Command | Destroyed 35 combat bots 55033 | -1/Command | Destroyed 44 combat bots 55145 | -1/Command | Destroyed 26 combat bots 55327 | -1/Command | Destroyed 32 combat bots 55373 | -1/Command | Spotted M Guard 55373 | -1/Command | Spotted M Guard 55373 | -1/Command | Spotted Combat Programmer 55374 | -1/Command | Spotted Combat Programmer 55407 | -1/Command | Destroyed Combat Programmer 55410 | -1/Command | Destroyed Combat Programmer 55445 | -1/Command | Destroyed M Guard 55572 | -1/Command | Found Prototype Energy Gun 55572 | -1/Command | Identified Enh. Gamma Rifle 55646 | -1/Command | Destroyed M Guard 55646 | -1/Command | All MAIN.C guards destroyed 55975 | -1/Command | Met MAIN.C 55981 | -1/Command | 0b10 Conduit disabled 55987 | -1/Command | System corruption reached 10% 55993 | -1/Command | Destroyed MAIN.C Shell 55995 | -1/Command | MAIN.C activated Command garrisons 56062 | -1/Command | Build established: Scavenger-Gladiator 56068 | -1/Command | Destroyed MAIN.C 56069 | -1/Command | Discovered exit to Surface (range 78) 56069 | -1/Command | Discovered exit to Surface (range 48) 56069 | -1/Command | Extracted map data and part IDs from MAIN.C's data core 56199 | -1/Command | Spotted Striker 56203 | -1/Command | Destroyed Striker 56364 | -1/Command | Found Exp. System Purifier 56423 | -1/Command | Build established: Hauler-Gladiator 56573 | -1/Command | Found Corrupted AEGIS Remote Shield 56620 | -1/Command | Found Singularity Reactor 56857 | -1/Command | Build established: Scavenger-Gladiator 57052 | -1/Command | Found Femtoactuators 57102 | -1/Command | Warped through subspace to slip node 57102 | -1/Command | Discovered new exit (range 5) 57115 | -1/Command | Entered Access_0 57116 | -1/Access_0 | Met Architect 57128 | -1/Access_0 | Destroyed A8 57161 | -1/Access_0 | Core integrity fell below 50% 57169 | -1/Access_0 | Architect warped through subspace 57217 | -1/Access_0 | Architect warped through subspace 57258 | -1/Access_0 | Architect warped through subspace 57302 | -1/Access_0 | Architect warped through subspace 57341 | -1/Access_0 | Subspace Access Node disabled 57346 | -1/Access_0 | Architect warped through subspace 57381 | -1/Access_0 | Found Hpw. Transdimensional Reconstructor 57399 | -1/Access_0 | Architect warped through subspace 57447 | -1/Access_0 | Architect warped through subspace 57451 | -1/Access_0 | A6 warped into view 57457 | -1/Access_0 | Destroyed A6 57477 | -1/Access_0 | Architect warped through subspace 57540 | -1/Access_0 | Architect warped through subspace 57563 | -1/Access_0 | Subspace Access Node disabled 57573 | -1/Access_0 | Architect warped through subspace 57601 | -1/Access_0 | Architect warped through subspace 57618 | -1/Access_0 | Subspace Access Node disabled 57632 | -1/Access_0 | Architect warped through subspace 57650 | -1/Access_0 | Architect warped through subspace 57673 | -1/Access_0 | Subspace Access Node disabled 57678 | -1/Access_0 | A5 warped into view 57683 | -1/Access_0 | Destroyed A5 57711 | -1/Access_0 | Destroyed A2 57714 | -1/Access_0 | Extracted Singularity Gate Test 138-C access codes from A2's data core 57722 | -1/Access_0 | Singularity Gate disabled 57731 | -1/Access_0 | Core integrity fell below 20% 57739 | -1/Access_0 | Reached level 41 57739 | -1/Access_0 | Destroyed Architect 57742 | -1/Access_0 | Extracted unknown sensor trigger ID from Architect's data core 57750 | -1/Access_0 | Found Alien Energy Gun 57752 | -1/Access_0 | Found Alien Energy Gun 57756 | -1/Access_0 | Identified Modified Sigix Sheargun (x2) 57779 | -1/Access_0 | Upgraded with Weapon slot (x1) 57967 | -1/Access_0 | A4 warped into view 57987 | -1/Access_0 | Destroyed A4 58254 | -1/Access_0 | Found Exp. Weapon Cycler 58261 | -1/Access_0 | Found Prototype Device 58261 | -1/Access_0 | Identified Desublimator 58275 | -1/Access_0 | Found Exp. Targeting Computer 58365 | -1/Access_0 | Found Integrated Dissipator 58365 | -1/Access_0 | Installed Integrated Dissipator, increased core heat dissipation (+20) 58392 | -1/Access_0 | Found Prototype Device 58392 | -1/Access_0 | Identified Thermal Barrier 58467 | -1/Access_0 | Found Sigix Corpse 58498 | -1/Access_0 | Found Core Regenerator 58498 | -1/Access_0 | Used Core Regenerator, restored core integrity (+500) 58521 | -1/Access_0 | Build established: Scavenger-Tank 58892 | -1/Access_0 | A3 warped into view 58906 | -1/Access_0 | Destroyed A3 59460 | -1/Access_0 | Found Sigix Broadsword 59588 | -1/Access_0 | Warped through subspace to slip node 59588 | -1/Access_0 | Discovered exit to Surface (range 8) 59596 | *** | Establishing 0b11! Last Messages --------------- 59453_ Dropped Gatling Beam. 59454_ Dropped Modified Sigix Sheargun. 59454_ Dropped Coolant Network. 59455_ Dropped Exp. Power Amplifier. 59455_ Dropped Exp. Weapon Cycler. 59456_ Dropped Modified Sigix Sheargun. 59460_ Acquired Sigix Broadsword. 59464_ Acquired Exp. Weapon Cycler. 59496_ Acquired 3 matter. 59497_ System corrupted: Matter fused (-7). 59499_ Acquired 44 matter. 59503_ Acquired Femtoactuators. 59505_ Acquired Exp. Actuator Array. 59507_ Acquired Exp. Force Booster. 59509_ Acquired Molecular Scythe. 59511_ Acquired Plasma Lance. 59517_ Acquired 50 matter. 59588_ Warped through subspace, drawn to slip node. 59588_ EXIT=FOUND: SURFACE Map ----- +----------------------------------------------------+ | | | | | | | | | | | | | | | | | | | | | | | | | | | | | | | | | ?##??#?????###???#??????????#?#?#??##??###?###?#?# | | ?#??#?#?##???#?#?###?####??##?????#???#???#???##?? | | #???#???????#?##?#?#??####??#?#?#?##??#?#???#??#?? | | ???#????##???##?#???#?#??##?#?##???##??#?#?#?##### | | ?#??##?###?##??####?????##?##???#####?#?######??#? | | ?????######??#???#?#???????###??#?##??????##?#??#? | | ####?#???##?###??#??#???###?#??#???###?###??#?#??? | | #???????#????#?#???###?## ###??#??###???####?????# | | ####????#?????###?##?### ###??##?###??#?#???#?## | | #??#?#?###????#####??#?# @ #?????#???###????#????? | | ###?#???#?##???####?#?## #?###?#?#??#?#?#?##???? | | ???#?#?#?##??#??#?##??# #??#?????#????#?#?#?#?# | | ????#?????????????#?#?# ####???????#?##?????#??? | | ?###?#?#####?????##??### #????#??##????#???#???# | | ???#?#?###?#?#??#?#??## ###?????#?#?####??????? | | #????##???##???#??##?## ######?#??##?##?#??##??# | | ??#??####?????#?????### < ####??#???#????????#??? | | ##???#?#???#??????#??## ###???#??#??####???##?#? | | ???##??##??#??##?##?#### #??####?##?#??#??#?##### | | #?##???#???#?#???#?????####???##??###????????#???? | | ?#???????####??##??####???###?#??######?#?##???#?? | | ##?###?################??????????#??#??#?????????# | | #???#####################?##?##?##??#????#???????# | | #############################??????##?????###?#?#? | | #############################????#?????####?#?##?? | | ###############################?????##?##?#??#???? | | ##########################?#########?#???##??##### | | ######################################????##?#???? | | #####################?#############???#?#???###?## | | #####################################????#?#?##### | | #####################################?#?####?????# | | ################################?########?#????##? | | ################################?######?##??##?##? | | ###############################?########???#?????? | +----------------------------------------------------+ Best States ------------- Heat Dissipation 233 Energy Generation 118 Energy Capacity 1700 Matter Stores 600 Matter Capacity 1000 Sight Range 20 Robot Scan Range 28 Terrain Scan Range 30 Terrain Scan Density 610 ECM Strength 3 Jamming Range 22 Cloak Strength 6 Power Amplification 40 Additional Mass Support 12 Armor Coverage 400 Resistance: KI 20 Resistance: TH 20 Resistance: EM 75 Point Defense Rating 480 Projectile Deflection 50 Weapon Cycling 30 Melee Speed Boost 50 Phase Shifting 25 Evasion (%) 93 Targeting Accuracy 30 Melee Accuracy 8 Launcher Accuracy 20 Core Analysis 12 Armor Integrity Analysis 40 Recoil Reduction 6 Energy Filtering 50 Particle Charging 30 Kinecelleration 50 Force Boost 50 Salvage Targeting 3 Offensive Hacking 35 Defensive Hacking 5 Relay Coupler Types 1 Relay Coupler Value 50 Authchip Count 1 Item Schematics ----------------- Adv. Terrain Scanner | -8/Storage | Hacked Hacking Suite | -8/Storage | Hacked Nanoactuators | -6/Factory | Hacked CPS Tube | -6/Factory | Scanalyzed Graviton Reactor | -6/Factory | Scanalyzed System Restoration Module | -6/Factory | Scanalyzed Adv. EMP Blaster | -6/Factory | Scanalyzed Imp. Force Booster | -5/Factory | Hacked Gamma Bomb Array | -5/Factory | Scanalyzed Adv. KE Penetrator | -5/Factory | Scanalyzed Adv. Launcher Guidance Computer | -5/Factory | Scanalyzed Assault Drone Bay | -5/Zhirov | Free Exp. Heat Sink | -5/Zhirov | Free Exp. Optical Array | -5/Zhirov | Free Imp. Arc Thrower | -5/Zhirov | Free Imp. Linear Gravjet | -4/Factory | Hacked Cmb. Linear Gravjet | -4/Factory | Hacked Adv. System Restoration Module | -4/Factory | Hacked Exp. Thermal Defense Suite | -4/Factory | Scanalyzed Prc. Energy Filter | -4/Factory | Scanalyzed Weapon Mount | -3/Research | Scanalyzed Adv. Power Amplifier | -3/Research | Extracted Adv. Drone Bay | -3/Research | Extracted Mass Driver | -3/Research | Extracted Exp. Thermal Generator | -3/Research | Extracted Exp. Targeting Computer | -3/Research | Extracted Imp. Matter Neutralizer | -3/Testing | Archive Vibroblade | -3/Testing | Archive Exp. Coolant Injector | -3/Testing | Archive Hds. Centrium Wheel | -3/Testing | Archive Imp. Matter Compressor | -3/Testing | Archive Lgt. Antimatter Cannon | -3/Testing | Archive Exp. Flexi-carbon Leg | -3/Testing | Archive Electron Diverter | -3/Testing | Archive Imp. Diametric Drive | -3/Testing | Archive Imp. Energy Well | -3/Testing | Archive Hvy. Tesla Rifle | -3/Testing | Archive Enh. Biometal Leg | -3/Testing | Archive Adv. Kinecellerator | -3/Testing | Archive Cld. Antimatter Reactor | -3/Testing | Archive Helical Railgun | -3/Testing | Archive Com. Particle Reactor | -3/Testing | Archive Enh. Armored Medium Treads | -3/Testing | Archive Hvy. Proton Cannon | -3/Testing | Archive Adv. Gravity Neutralizer | -3/Testing | Archive Cld. Nuclear Pulse Thruster | -3/Testing | Archive Adv. Energy Well | -3/Testing | Archive Exp. Focal Shield | -2/Protoforge | Archive Coolant Network | -2/Protoforge | Archive Exp. EM Shield | -2/Protoforge | Archive Stealth Drone Bay | -2/Protoforge | Archive Particle Accelerator | -2/Protoforge | Archive Centrium Heavy Armor Plating | -2/Protoforge | Archive Exp. Q-thruster | -2/Protoforge | Archive Gui. Micro-nuke Launcher | -2/Protoforge | Archive Exp. Thermal Shield | -2/Protoforge | Archive Exp. ECM Suite | -2/Protoforge | Archive Cld. Linear Gravjet | -2/Protoforge | Archive Adv. EM Disruption Field | -2/Protoforge | Archive Hvy. Gatling Laser | -2/Protoforge | Archive Robot Schematics ------------------ A-15 Conveyor | -3/Testing | Archive A-27 Freighter | -3/Testing | Archive B-74 Champion | -3/Testing | Archive T-07 Excavator | -3/Testing | Archive M-36 Artificer | -3/Testing | Archive R-10 Processor | -2/Protoforge | Archive C-55 Analyst | -2/Protoforge | Archive Fabricated ------------ Adv. EMP Blaster | x1 | -6/Factory | Authchip Gamma Bomb Array | x1 | -5/Factory System Restoration Module | x2 | -5/Factory Gamma Bomb Array | x1 | -5/Factory CPS Tube | x1 | -4/Factory Adv. System Restoration Module | x2 | -4/Factory CPS Tube | x1 | -3/Research Adv. System Restoration Module | x2 | -3/Testing Repaired ---------- Prc. Energy Filter | 99% | -4/Factory | Broken Studied --------- Hvy. Flail | -8/Materials | Hacked Missile Launcher | -8/Materials | Hacked Lgt. Nuclear Core | -8/Materials | Hacked Airjet | -6/Factory | Hacked Antigrav Array | -5/Factory | Hacked Mic. Antimatter Reactor | -5/Factory | Hacked Gamma Bomb Array | -5/Factory | Hacked Hyp. Gauss Cannon | -5/Factory | Hacked Hyb. Antimatter Reactor | -4/Factory | Hacked Imp. Linear Gravjet | -3/Research | Hacked Adv. Remote Datajack | -3/Testing | Hacked Adv. Heavy Siege Treads | -1/Access | Hacked Alien Tech Used ----------------- Integrated Dissipator Sigix Broadsword Core Cannon Core Stripper Subatomic Replicator Transdimensional Reconstructor Modified Sigix Sheargun Core Regenerator High-powered Transdimensional Reconstructor Achievements -------------- None Challenges ------------ None RPGLIKE | -11 -10 -10 -10 -9 -8 -8 -8 -8 -6 -6 -6 -6 -6 -5 -5 -5 -5 -5 -5 -5 -5 -4 -4 -4 -4 -4 -4 -4 -3 -3 -3 -2 -2 -2 -1 -1 -1 --------- Run | Yrd Mat Min Exi Min Mat Sto Rec Scr Fac Ext Cet Arc Hub Fac Was Fac Gar Fac Upp Upp Zhi Pro Fac Was Fac Upp Upp War Pro Res Tes Res Qua Frg Acc Com Ac0 Levels Raised 40 | . 2 . . 2 6 1 1 . 9 2 . . . . . 1 . 1 . 1 . . 1 . 1 . . 1 1 . 1 3 . 2 2 1 1 XP Earned 63146 | 3000 3166 850 350 2225 8759 2608 763 175 12832 2813 107 61 843 363 32 779 277 1650 203 153 34 698 990 22 1995 155 112 1453 614 791 1829 3339 1270 1793 3306 2145 591 XP Spent 62840 | 3000 3000 . . 2920 8990 1490 1570 . 13430 1400 1250 . . . . 1910 . . 1425 1520 . . 725 . 2250 . . 550 1950 . 2000 4270 . 2895 1920 2975 1400 Upgrades 134 | 5 13 . . 9 31 7 5 . 20 1 2 . . . . 2 . . 5 5 . . 2 . 1 . . 1 2 . 1 5 . 9 5 2 1 Power Slot 2 | . . . . . . . . . 1 . . . . . . . . . . . . . . . . . . . . . . 1 . . . . . Propulsion Slot 5 | . . . . 2 . . . . 1 1 . . . . . . . . . . . . . . . . . . 1 . . . . . . . . Utility Slot 8 | . . . . 1 2 . . . 1 . . . . . . 1 . . . . . . . . . . . . . . 1 1 . . . 1 . Weapon Slot 4 | 1 2 . . . . . . . . . . . . . . . . . . . . . . . . . . . . . . . . . . . 1 Core Integrity 28 | . 10 . . . 2 . . . 2 . . . . . . . . . . 4 . . . . . . . . . . . 2 . 4 4 . . Heat Dissipation 13 | . . . . 2 3 . 2 . 4 . . . . . . . . . . . . . . . . . . . . . . . . 2 . . . Energy Generation 3 | . . . . 1 . . 1 . . . . . . . . . . . . 1 . . . . . . . . . . . . . . . . . Energy Storage 8 | . . . . 1 4 . . . . . . . . . . . . . 2 . . . . . . . . . . . . . . . . 1 . Matter Storage 6 | . . . . . . 1 . . . . . . . . . . . . 3 . . . . . . . . . . . . . . 2 . . . Mass Support 2 | . . . . . 1 . . . 1 . . . . . . . . . . . . . . . . . . . . . . . . . . . . Inventory Capacity 9 | 4 . . . . 1 . . . 3 . . . . . . . . . . . . . . . 1 . . . . . . . . . . . . Sight Range 4 | . . . . . 2 . . . 2 . . . . . . . . . . . . . . . . . . . . . . . . . . . . Sensor Range 14 | . . . . . 8 4 . . . . . . . . . . . . . . . . 2 . . . . . . . . . . . . . . Terrain Scan Density 6 | . . . . . . 2 . . 2 . . . . . . 1 . . . . . . . . . . . . 1 . . . . . . . . Ranged Accuracy 5 | . 1 . . . 1 . . . 1 . 1 . . . . . . . . . . . . . . . . . . . . . . . 1 . . Melee Accuracy 4 | . . . . 2 1 . . . 1 . . . . . . . . . . . . . . . . . . . . . . . . . . . . Hack Attack % 4 | . . . . . 3 . . . 1 . . . . . . . . . . . . . . . . . . . . . . . . . . . . Hack Defense % 1 | . . . . . 1 . . . . . . . . . . . . . . . . . . . . . . . . . . . . . . . . KI Resistance % 4 | . . . . . 1 . 1 . . . 1 . . . . . . . . . . . . . . . . . . . . . . 1 . . . TH Resistance % 4 | . . . . . 1 . 1 . . . . . . . . . . . . . . . . . . . . 1 . . . 1 . . . . . Protomatter Created 47135 | . 298 . 122 93 592 667 . 2026 888 2426 120 . 2356 . 207 362 236 2724 817 248 141 479 378 56 1895 551 64 5913 527 380 2454 1981 2916 5156 3791 5439 832 Integrity Restored 51077 | . 465 . 327 279 1302 1423 . 1672 1480 714 615 204 3885 . 405 740 142 2614 1030 186 . 979 513 79 2411 621 34 2523 1534 702 2710 2482 2479 4849 4022 4463 3193 Core 41464 | . 465 . 327 279 1302 1173 . 1519 1068 559 615 204 3885 . 405 154 21 2096 641 97 . 875 278 39 1766 355 27 2088 1426 168 2202 2130 1783 4217 2984 3286 3030 Parts 9613 | . . . . . . 250 . 153 412 155 . . . . . 586 121 518 389 89 . 104 235 40 645 266 7 435 108 534 508 352 696 632 1038 1177 163 Protomatter Decayed 19680 | . 66 . 8 . . 227 . 471 1481 413 . . 241 . . 267 185 744 420 214 191 79 176 29 903 350 52 2384 19 3954 321 229 376 1214 1994 2672 . Game ------ Seed NuclearGunGenerator Manual? 0 Play Time 14:33:27 Cumulative 942.4 hours Start 2026.06.28 @ 23:58:53 End 2026.06.30 @ 22:27:58 Sessions 7 Manual Loads 0 Difficulty Rogue Special Mode Winter2019/RPGLIKE Game No. 261 Rogue 261 Adventurer 0 Explorer 0 Win Type 1 Total 39 Types 12/8/9/1/2/0/3/1/1/2 Lore% 96 Gallery% 90 Achievement% 86 Wizard Run 0 Options --------- Layout 1 ASCII 0 Keyboard 0 Movement Mouse Keybinds 0 Fullscreen 2 Font 32/SmallcapsGlow Map View 50x35 Zoom Use 0% Tactical HUD 1 Map Filters NONE Filters NONE Steam 1 RUN: 976d90b7-f917-4e21-932f-fe1ba5eb11fa